 Dungeon Crawl Stone Soup version 0.30-a0-170-g85af917532 (webtiles) character file.

Game seed: 9676032683148915504

941759 qw the Demon Slayer (level 27, -28/159 HPs)
             Began as a Gargoyle Fighter on Oct 1, 2022.
             Was a High Priest of the Shining One.
             Killed from afar by Asmodeus (46 damage)
             ... with damnation
             ... on level 7 of Gehenna.
             The game lasted 00:50:24 (74991 turns).

qw the Demon Slayer (Gargoyle Fighter)             Turns: 74991, Time: 00:50:25

Health: -28/159    AC: 81    Str: 52    XL:     27
Magic:  14/32      EV: 11    Int:  6    God:    the Shining One [*****.]
Gold:   8179       SH: 28    Dex:  6    Spells: 26/26 levels left

rFire   + + .      SeeInvis .    w - +6 broad axe "Hesaeste" {protect, rPois Str+6 Dex-3}
rCold   + + .      Faith    .    r - +2 tower shield {AC+3}
rNeg    + + +      Spirit   .    g - +11 crystal plate armour of Gehenna {Regen+}
rPois   inf        Reflect  +    p - +2 hat of Complete Protection {rF+ Regen+ Str+4}
rElec   +          Harm     .    H - +4 dragonskin cloak
rCorr   +          Rampage  .    e - +2 pair of gloves
Will    ++...                    L - +1 pair of boots of Modesty {Regen+}
Stlth   ..........               n - amulet of reflection
HPRegen 0.00/turn                j - ring "Busmotus" {rCorr Str+9 Dex+4}
MPRegen 0.23/turn                K - ring of Enearoes {rElec rF+ rC++ rN+ Int-2}

@: mighty, under a protective aura, flying, inhibited regen, hasted, glowing,
unable to read, unable to drink, very quick
A: sickness immunity, AC +20, big wings, negative energy resistance 1,
electricity resistance, torment resistance 1, petrification resistance, clumsy
2, deformed body, deterioration 1, dopey 1, frail 2, low MP 2, screaming 2,
inhibited regeneration, subdued magic 1, inability to drink after injury 1,
MP-powered wands
}: 10/15 runes: decaying, serpentine, slimy, silver, golden, demonic, glowing,
magical, fiery, dark
a: Renounce Religion, Divine Shield, Cleansing Flame, Summon Divine Warrior


You were on level 7 of Gehenna.
You worshipped the Shining One.
The Shining One was extremely pleased with you.
You visited 14 branches of the dungeon, and saw 63 of its levels.
You visited Pandemonium 1 time, and saw 17 of its levels.
You visited the Abyss 1 time.
You also visited: Sewer.

You collected 12174 gold pieces.
You spent 3995 gold pieces at shops.


Innate Abilities, Weirdness & Mutations

You are immune to sickness and miasma.
Your stone body is resilient. (AC +20)
You are immune to poison.
Your large and strong wings let you fly.
You resist negative energy. (rN+)
You are resistant to electric shocks. (rElec)
You are resistant to unholy torment.
You are immune to petrification.
You are very clumsy. (Dex -4)
Armour fits poorly on your strangely shaped body.
Your body sometimes deteriorates upon taking damage.
You are dopey. (Int -2)
You are very frail. (-20% HP)
Your magical capacity is very low. (-20% MP)
You frequently scream uncontrollably at your foes.
You do not regenerate when monsters are visible.
Your spells are a little easier to cast, but a little less powerful.
You occasionally lose the ability to drink potions when taking damage.
You expend magic power (3 MP) to strengthen your wands.


   Skills:
 O Level 27 Fighting
 - Level 8.0 Short Blades
 + Level 21.8 Axes
 - Level 15.2 Throwing
 O Level 27 Armour
 - Level 10.0 Dodging
 - Level 25.0 Shields
 O Level 27 Invocations


You had 26 spell levels left.
You didn't know any spells.
Your spell library was empty.

Inventory:

Hand Weapons
 w - the +6 broad axe "Hesaeste" (weapon) {protect, rPois Str+6 Dex-3}
   (Okawaru gifted it to you on level 4 of the Vaults)

   It grants its wielder temporary protection when it strikes (+7 to AC).
   Str:       It affects your strength (+6).
   Dex:       It affects your dexterity (-3).
   rPois:     It protects you from poison.
Missiles
 f - 8 boomerangs
 E - 5 silver boomerangs (quivered)
Armour
 e - a +2 pair of gloves (worn)
 g - the +11 crystal plate armour of Gehenna (worn) {Regen+}
   (Okawaru gifted it to you on level 1 of the Vaults)

   Regen:     It increases your rate of health regeneration.
 k - the +1 cloak of the Spider Nest {rC+}
   (You found it in Pandemonium)

   rC:        It protects you from cold.
 p - the +2 hat of Complete Protection (worn) {rF+ Regen+ Str+4}
   (Okawaru gifted it to you on level 3 of the Realm of Zot)

   Str:       It affects your strength (+4).
   rF:        It protects you from fire.
   Regen:     It increases your rate of health regeneration.
 r - a +2 tower shield of protection (worn)
 H - the +4 dragonskin cloak (worn)
   (You took it off Tiamat on level 2 of the Realm of Zot)

   It grants the wearer a chance to resist fire, cold, poison, electricity,
   acid, and negative energy.
 L - the +1 pair of boots of Modesty (worn) {Regen+}
   (You bought it in a shop on level 1 of the Snake Pit)

   Regen:     It increases your rate of health regeneration.
Jewellery
 j - the ring "Busmotus" (left hand) {rCorr Str+9 Dex+4}
   (You took it off an efreet in Pandemonium)

   [ring of resist corrosion]

   Str:       It affects your strength (+9).
   Dex:       It affects your dexterity (+4).
   rCorr:     It protects you from acid and corrosion.
 n - an amulet of reflection (around neck)
 z - a +4 ring of protection
 D - the ring of the Augurer {Wiz rElec rF+ Str+4}
   (You took it off a fire giant on level 5 of the Vaults)

   [ring of wizardry]

   It improves your spell success rate.
   Str:       It affects your strength (+4).
   rF:        It protects you from fire.
   rElec:     It insulates you from electricity.
 I - the ring "Xuokyuh" {Ice rPois rCorr Int+2}
   (You took it off Josephina on level 2 of the Realm of Zot)

   [ring of ice]

   It enhances your ice magic.
   Int:       It affects your intelligence (+2).
   rF:        It makes you vulnerable to fire.
   rC:        It protects you from cold.
   rPois:     It protects you from poison.
   rCorr:     It protects you from acid and corrosion.
 K - the ring of Enearoes (right hand) {rElec rF+ rC++ rN+ Int-2}
   (You found it on level 3 of the Tomb of the Ancients)

   [ring of protection from fire]

   Int:       It affects your intelligence (-2).
   rF:        It protects you from fire.
   rC:        It greatly protects you from cold.
   rElec:     It insulates you from electricity.
   rN:        It protects you from negative energy.
 M - the amulet "Kiloadd" {Spirit Fragile Will+ Str+7}
   (You found it on level 3 of the Tomb of the Ancients)

   [amulet of guardian spirit]

   It causes incoming damage to be divided between your reserves of health and
   magic.
   Str:       It affects your strength (+7).
   Fragile:   It will be destroyed if unequipped.
   Will:      It increases your willpower.
 Y - the ring of Yendor {Fly rN+ Will++ Int-3 Dex+3}
   (You found it on level 3 of the Crypt)

   [ring of positive energy]

   Int:       It affects your intelligence (-3).
   Dex:       It affects your dexterity (+3).
   rN:        It protects you from negative energy.
   Fly:       It grants you flight.
   Will:      It greatly increases your willpower.
Scrolls
 c - 15 scrolls of teleportation
 h - 12 scrolls of identify
 o - 7 scrolls of enchant armour
 y - 7 scrolls of enchant weapon
 A - 2 scrolls of brand weapon
Potions
 a - 25 potions of curing
 b - 3 potions of resistance
 d - 14 potions of might
 i - 12 potions of lignification
 m - 20 potions of heal wounds
 q - 3 potions of cancellation
 s - 3 potions of attraction
 t - 3 potions of haste
 v - 2 potions of magic

Dungeon Overview and Level Annotations

Branches:
Dungeon (15/15)            Temple (1/1) D:4            Lair (5/5) D:10
  Swamp (4/4) Lair:3        Snake (4/4) Lair:3        Slime (5/5) Lair:5
    Orc (2/2) D:11            Elf (0/3) Orc:2        Vaults (5/5) D:14
  Crypt (3/3) Vaults:2       Tomb (3/3) Crypt:3      Depths (4/4) D:15
   Hell (visited)             Dis (0/7) Hell            Geh (7/7) Hell
    Coc (0/7) Hell            Tar (0/7) Hell            Zot (4/5) Depths:4
  Sewer (visited)

Altars:
Ashenzari
Cheibriados
Dithmenos
Elyvilon
Fedhas
Gozag
Hepliaklqana
Kikubaaqudgha
Makhleb
Nemelex Xobeh
Okawaru
Qazlal
Ru
Sif Muna
Trog
Uskayaw
Vehumet
Wu Jian
Xom
Yredelemnul
Zin
The Shining One
Jiyva
Lugonu

Shops:
D:4 [?   D:7 !   D:9 *   D:12 =   Orc:2 [:[?(?   Snake:1 [(*(   Snake:2 :!(:
Snake:3 *   Snake:4 [   Vaults:3 ?   Depths:1 ?*   Depths:2 ([   Depths:3 **

Portals:
Hell: Depths:1 Depths:2 Depths:3 Depths:4
Abyss: Depths:2 Depths:3 Depths:4
Pandemonium: Depths:1 Depths:2
Ziggurat: Depths:3
Trove: D:13 (give 16 scrolls of teleportation)

Annotations:
D:2 1 runed translucent door, Crazy Yiuf
D:10 1 runed translucent door, Arctirus's ghost, journeyman OpHW
D:14 3 runed translucent doors, qw's ghost, journeyman GrFi
Lair:2 1 runed translucent door, Huxoxzufuz's ghost, journeyman GnFi
Swamp:4 1 runed translucent door
Geh:7 Asmodeus


Message History

You slash Asmodeus!
Asmodeus is heavily wounded.
You are engulfed in blazing flames.
You resist.
Your angel is engulfed in blazing flames.
Your angel hits Asmodeus with a +1 sacred scourge of holy wrath!!
Asmodeus convulses!!
Your angel hits Asmodeus with a +1 sacred scourge of holy wrath.
Asmodeus convulses.
You slice Asmodeus!!
Asmodeus is severely wounded.
You are engulfed in blazing flames.
You resist.
You hit Asmodeus.
Asmodeus is severely wounded.
You are engulfed in blazing flames.
You resist.
Your angel is engulfed in blazing flames.
Your angel gestures.
Your angel is healed somewhat.
You block Asmodeus's attack.
You slice Asmodeus!!
Asmodeus is severely wounded.
You are engulfed in blazing flames.
You resist.
Your angel is engulfed in blazing flames.
Your angel hits Asmodeus but does no damage.
Your angel barely misses Asmodeus.
Asmodeus gestures at you. The bolt of fire hits you! You resist.
You hit Asmodeus.
Asmodeus is severely wounded.
Your angel gestures.
Your angel is healed somewhat.
You barely miss Asmodeus.
Asmodeus is severely wounded.
Your angel is engulfed in blazing flames.
Your angel hits Asmodeus with a +1 sacred scourge of holy wrath!
Asmodeus convulses!!
Your angel hits Asmodeus but does no damage.
Asmodeus gestures at your angel.
The sphere of damnation explodes!
The damnation engulfs your angel!!! The damnation engulfs you!!!
You die...

#.''...##.'''# ''.##...)
..''...####).# .$$.# '####...'
..###### #.)# ....# .# #####
..###### #.=# ..$.# .# #####
..''...####'.# ....# +# #...'
#.)'...##.'''# .... #...'
####...##..'## 0'# #...# #
#...##...#####&0## #...# ##
#...##.^..##'@A0.+ #...# .#
##..##..^..'''..++ #..## .#
##'.##.8....'#### #.'## .#
#'''##.......# #'''# .#
#.'########### ##%.# .#
#..########################..#
.#
#...##'................'##...#
.#
#....'''..............'''....#
.#
#.....'##............##'.....#


You could see Asmodeus (clouds, distracted, ally target) and a friendly angel
(summoned).

Vanquished Creatures
  the Royal Jelly (Slime:5)
  Lom Lobon (Pan)
  Mnoleg (Pan)
  5 dread liches
  Tiamat (Zot:2)
  Mara (Snake:3)
  An ancient lich (Geh:6)
  Mennas (Pan)
  3 juggernauts
  Sojobo (Depths:2)
  20 royal mummies
  Josephina (Zot:2)
  A Killer Klown (Zot:3)
  Frederick (Depths:3)
  Saint Roka (Vaults:1)
  6 caustic shrikes (Depths:3)
  2 curse toes
  Jory (Vaults:5)
  9 golden dragons
  Geryon (Hell)
  4 bone dragons
  2 Tzitzimimeh (Pan)
  An electric golem (Zot:3)
  11 Brimstone Fiends
  10 hellephants
  10 tentacled monstrosities
  2 Ice Fiends (Pan)
  Zenata (Crypt:3)
  A Hell Sentinel (Pan)
  2 walking earthen tomes (Depths:3)
  22 titans
  Rupert (D:13)
  A walking divine tome (Depths:3)
  6 deep elf blademasters
  10 searing wretches
  5 liches
  9 quicksilver dragons
  10 ancient champions
  4 deep elf master archers (Tomb:1)
  18 acid blobs
  4 pandemonium lords (Pan)
  22 Executioners
  5 death cobs
  14 sphinxes
  A tentacled starspawn (Abyss:3)
  12 tengu reavers
  Roxanne (D:15)
  11 storm dragons
  9 draconian monks
  2 nagarajas
  5 thorn hunters (Swamp:4)
  9 rockslimes
  10 azure jellies
  12 shadow dragons
  3 daevas
  11 demonspawn warmongers (Pan)
  5 draconian knights
  3 fenstrider witches (Swamp:4)
  17 fire giants
  31 frost giants
  A deep elf sorcerer (Vaults:5)
  15 vault wardens
  18 cacodemons
  36 balrugs
  5 spectral caustic shrikes (Depths:3)
  4 draconian scorchers
  7 ghouls
  4 orc warlords
  2 ophanim (Pan)
  8 curse skulls
  37 very ugly things
  3 draconian stormcallers
  21 ironbound preservers
  An angel (Pan)
  3 draconian annihilators
  11 ironbound thunderhulks
  6 draconian shifters
  6 demonspawn corrupters (Pan)
  16 reapers
  6 quicksilver oozes
  3 war gargoyles
  A broodmother (Vaults:4)
  2 demonspawn blood saints (Pan)
  A juggernaut skeleton (Pan)
  30 stone giants
  7 bennus
  4 apis (Pan)
  2 demonspawn black suns (Pan)
  4 lorocyprocas
  Nessos (Orc:2)
  8 vampire knights
  12 black draconians
  8 purple draconians
  6 green draconians
  4 deep elf demonologists
  15 white draconians
  8 dire elephants
  Azrael (D:13)
  19 yellow draconians
  A deep elf annihilator (Vaults:5)
  4 bunyips
  5 eleionomae
  12 spark wasps
  8 red draconians
  5 blizzard demons
  8 eidola
  A crystal guardian (Vaults:4)
  2 shambling mangroves
  4 jiangshi (Crypt:2)
  11 ettins
  5 deep elf death magi
  8 green deaths (Pan)
  14 mummy priests
  2 entropy weavers
  10 fire dragons
  14 great orbs of eyes
  15 yaktaur captains
  41 vault guards
  10 ice dragons
  14 salamander tyrants
  Erolcha (Orc:2)
  An ice dragon (shapeshifter) (Depths:2)
  3 peacekeepers (Vaults:4)
  A caustic shrike simulacrum (Depths:1)
  13 rakshasas
  2 ghost crabs
  7 hydras
  6 spriggan air magi
  4 hell beasts
  9 ironbound frosthearts
  An ogre mage (Orc:1)
  15 anacondas
  A centaur warrior (D:14)
  4 boulder beetles
  4 stokers
  5 alligators
  5 tengu warriors
  A catoblepas (D:15)
  4 death knights
  11 two-headed ogres
  58 death scarabs
  9 deep troll shamans
  13 naga sharpshooters
  20 naga warriors
  A bennu skeleton (Crypt:2)
  45 hell hogs
  An orc high priest (Orc:2)
  3 spriggan berserkers (Depths:3)
  A thrashing horror (Abyss:3)
  5 vampire magi
  23 hell knights
  7 deep troll earth magi
  A titan zombie (Hell)
  13 shock serpents
  53 sun demons
  9 deep elf knights
  10 soul eaters
  10 salamander mystics
  A wretched star (Abyss:3)
  5 goliath frogs
  8 shadow wraiths
  A cherub (Pan)
  A fire crab (Lair:5)
  A quicksilver dragon simulacrum (Zot:2)
  13 skeletal warriors
  2 storm dragon skeletons
  12 iron trolls
  19 sixfirhies
  6 spriggan druids
  65 deep trolls
  5 flayed ghosts
  7 shadow demons (Pan)
  8 glowing orange brains
  A sea snake (Snake:1)
  3 spark wasp zombies (Hell)
  2 death drakes
  10 swamp dragons
  An anaconda zombie (Hell)
  10 bog bodies
  4 spectral hydras (Swamp:4)
  5 deep elf archers
  25 ironbound convokers
  15 lindwurms
  3 naga ritualists
  18 phantasmal warriors
  17 wizards
  6 harpies (Vaults:1)
  An anaconda skeleton (Hell)
  A lindwurm (shapeshifter) (Depths:3)
  A mana viper (shapeshifter) (Vaults:4)
  9 orc knights
  Pikel (D:6)
  2 deep elf zephyrmancers (Tomb:1)
  11 mana vipers
  2 frost giant zombies
  10 deep elf pyromancers
  12 necromancers
  A stone giant zombie (Hell)
  2 manticores
  8 shining eyes
  4 cyclopes
  50 ugly things
  6 orc sorcerers
  26 salamanders
  7 will-o-the-wisps
  3 oklob plants (Swamp:4)
  A faun (shapeshifter) (Vaults:5)
  An iron dragon zombie (Vaults:5)
  20 moths of wrath
  12 elephants
  An ice statue (D:13)
  A fire giant skeleton (Depths:1)
  29 black mambas
  9 rust devils
  4 stone giant skeletons
  2 iron dragon skeletons
  A centaur zombie (Tomb:3)
  An elephant (shapeshifter) (Depths:3)
  Joseph (D:7)
  14 guardian serpents
  2 worldbinders (Abyss:3)
  22 naga magi
  A sphinx skeleton (Crypt:3)
  An apocalypse crab (Abyss:3)
  43 smoke demons
  10 molten gargoyles
  25 vault sentinels
  19 cane toads
  2 gargoyles
  A storm dragon simulacrum (Zot:2)
  4 eyes of devastation
  A dire elephant skeleton (Pan)
  A purple draconian zombie (Crypt:2)
  20 orange demons (Pan)
  4 freezing wraiths
  An ice devil (Pan)
  12 tormentors
  A sea snake zombie (Hell)
  16 yaktaurs
  9 komodo dragons
  17 hellions
  5 rime drakes (Lair:5)
  2 torpor snails (Lair:5)
  A tengu conjurer (Depths:3)
  5 efreet (Pan)
  11 demonic crawlers (Pan)
  A kobold demonologist (D:12)
  An alligator snapping turtle skeleton (Hell)
  3 ancient zymes (Abyss:3)
  17 hellwings
  3 red devils (Pan)
  A death drake zombie (Swamp:4)
  47 guardian mummies
  A bloated husk (Swamp:3)
  6 trolls
  11 tyrant leeches
  5 hydra zombies
  26 large abominations (Pan)
  A mana viper skeleton (Crypt:3)
  Prince Ribbit (D:5)
  3 meliai (D:14)
  3 hornets
  104 slime creatures
  Grinder (D:3)
  5 raiju (Abyss:3)
  5 saltlings (Orc:2)
  16 blink frogs
  A blink frog (shapeshifter) (D:14)
  4 hydra skeletons
  A draconian simulacrum (Zot:2)
  5 spriggan zombies (Hell)
  A vampire (D:10)
  Sigmund (D:4)
  55 flying skulls
  3 spriggan skeletons
  16 ynoxinuls
  12 spriggans
  2 water elementals (Hell)
  6 shadows
  22 starcursed masses (Abyss:3)
  6 wyverns
  3 centaur simulacra
  8 ushabtiu
  4 wraiths
  A black mamba skeleton (Pan)
  A basilisk (shapeshifter) (Vaults:3)
  51 yaks
  13 fire bats
  15 golden eyes
  A fire elemental (D:13)
  16 humans (D:14)
  3 basilisks
  23 neqoxecs
  2 steam dragons (D:8)
  3 redbacks (Vaults:2)
  10 chaos spawn
  7 vampire mosquitoes
  Menkaure (D:6)
  A warg (Orc:2)
  58 nagas
  13 swamp worms
  A water nymph zombie (Crypt:1)
  16 water moccasins
  A glowing shapeshifter zombie (Hell)
  3 hell hounds (D:13)
  Duvessa (D:7)
  3 hydra simulacra
  Edmund (D:6)
  A fire bat skeleton (Crypt:2)
  A floating eye (Depths:1)
  10 swamp drakes
  Pargi (Sewer)
  3 ice beasts
  A water nymph skeleton (Crypt:3)
  22 orc warriors
  5 black bears
  A sky beast (D:8)
  A human zombie (Vaults:5)
  5 swamp dragon zombies (Swamp:4)
  A boggart (Vaults:1)
  11 ogres
  16 wolves
  9 centaurs
  3 lemures (D:6)
  3 small abominations (Abyss:3)
  A lindwurm skeleton (Crypt:2)
  A swamp dragon skeleton (Crypt:2)
  2 rime drake zombies
  2 kobold brigands
  A phantom (D:6)
  16 bullfrogs
  2 gnoll sergeants
  A yaktaur skeleton (Crypt:1)
  2 scorpions
  5 necrophages
  A yak zombie (Crypt:3)
  A warg zombie (Crypt:1)
  13 wights
  Dowan (D:7)
  10 killer bees
  A warg skeleton (Crypt:1)
  5 howler monkeys
  3 electric eels
  4 hounds
  4 jellies
  2 gnoll boudas
  Ijyb (D:3)
  10 orc priests
  5 iguanas
  Terence (D:3)
  2 black bear skeletons
  12 orc wizards
  A scorpion zombie (Crypt:1)
  6 ogre zombies (D:11)
  A naga skeleton (Crypt:2)
  2 tengu zombies
  An acid dragon skeleton (Crypt:2)
  A tengu skeleton (Crypt:3)
  32 mummies
  A howler monkey skeleton (Crypt:3)
  4 adders
  24 gnolls
  A shadow imp (D:5)
  2 white imps
  2 ufetubi
  A worm (D:2)
  2 dart slugs
  52 orcs
  10 endoplasms
  A giant cockroach (D:6)
  3 goblins (D:1)
  3 hobgoblins
  6 jackals
  18 kobolds
  4 quokkas
  2 ball pythons
  A bat (D:1)
  5 frilled lizards
  A goblin skeleton (D:11)
  2 hobgoblin zombies (D:11)
  An orc skeleton (D:11)
  16 orc zombies
  5 rats
  A rat zombie (Crypt:3)
  6 ball lightnings (Pan)
  A bush (Lair:5)
  7 creeping infernos
  38 fire vortices
  A lurking horror (Abyss:3)
  A pillar of salt (Orc:2)
  A starspawn tentacle (Abyss:3)
3186 creatures vanquished.

Vanquished Creatures (collateral kills)
  Gloorx Vloq (Pan)
  A dread lich (Crypt:3)
  An ancient lich (Crypt:3)
  6 royal mummies
  A pandemonium lord (Pan)
  2 Brimstone Fiends (Geh:7)
  A shard shrike zombie (Tomb:3)
  An Ice Fiend (Pan)
  3 searing wretches
  3 liches
  2 titans (Tomb:1)
  2 ancient champions
  3 acid blobs (Slime:5)
  2 revenants
  3 demonspawn warmongers (Pan)
  4 azure jellies (Slime:5)
  2 frost giants (Tomb:1)
  2 rockslimes (Slime:5)
  A fire giant (Geh:7)
  4 cacodemons (Pan)
  7 balrugs
  A ghoul (Crypt:3)
  4 reapers (Pan)
  2 demonspawn corrupters (Pan)
  3 very ugly things (Pan)
  3 stone giants
  A demonspawn blood saint (Pan)
  3 quicksilver oozes (Slime:5)
  3 bennus
  A demonspawn black sun (Pan)
  A blizzard demon (Pan)
  5 mummy priests
  3 green deaths (Pan)
  A great orb of eyes (Slime:3)
  20 death scarabs
  A hell hog (Pan)
  A vampire mage (Crypt:3)
  A wretched star (Abyss:3)
  5 sun demons (Pan)
  A deep elf knight (Tomb:1)
  3 skeletal warriors
  2 sixfirhies (Pan)
  A deep elf zephyrmancer (Tomb:1)
  An ugly thing (Pan)
  4 slime creatures (Slime:3)
  A shining eye (Slime:5)
  7 smoke demons (Pan)
  2 hellions
  3 orange demons (Pan)
  An ice devil (Pan)
  3 demonic crawlers (Pan)
  14 guardian mummies
  A red devil (Pan)
  4 flying skulls
  2 ushabtiu
  A ynoxinul (Pan)
  A neqoxec (Pan)
  A chaos spawn (Pan)
  A hound zombie (Crypt:3)
  17 mummies
  A creeping inferno (Geh:6)
  4 fire vortices
187 creatures vanquished.

Vanquished Creatures (others)
  Cerebov (Pan)
  A dread lich (Vaults:5)
  Bai Suzhen (Crypt:1)
  An eldritch tentacle (Pan)
  A fire giant (Geh:1)
  2 demonspawn blood saints (Pan)
  A green death (Pan)
  A rakshasa (Pan)
  2 spriggan air magi
  2 stokers
  A deep troll (Depths:1)
  An ugly thing (Pan)
  A moth of wrath (Zot:3)
  A bloated husk (Swamp:1)
  A ynoxinul (Pan)
  A purple draconian simulacrum (Zot:2)
  A small abomination (Abyss:3)
  A swamp drake (Swamp:4)
  An orc wizard (Orc:1)
  6 ball lightnings (Pan)
  A block of ice (Pan)
  3 briar patches (Swamp:4)
  A creeping inferno (Geh:7)
  A fire vortex (Geh:6)
  44 foxfires
  70 fungi
  156 plants
  4 starspawn tentacles (Abyss:3)
  2 withered plants (Lair:2)
310 creatures vanquished.

Grand Total: 3683 creatures vanquished

Notes
Turn   | Place    | Note
-------+----------+-------------------------------------------
     0 | D:1      | qw the Gargoyle Fighter began the quest for the Orb.
     0 | D:1      | Reached XP level 1. HP: 14/14 MP: 1/1
     0 | D:1      | 0 ||| qw: Version: 0.2-a-13-gfc7b4b4
     0 | D:1      | 0 ||| qw: Game counter: 1745
     0 | D:1      | 0 ||| qw: Always use a shield: true
     0 | D:1      | 0 ||| qw: God list: Okawaru
     0 | D:1      | 0 ||| qw: Allow faded altars: false
     0 | D:1      | 0 ||| qw: Do Orc after D:15 true
     0 | D:1      | 0 ||| qw: Do second Lair branch before Depths: true
     0 | D:1      | 0 ||| qw: Lair rune preference: random
     0 | D:1      | 0 ||| qw: Plans: Normal, Zot:1-4, God:TSO, Crypt, Tomb,
                  | Pan, Slime:5, Hells, Abyss, Orb
     0 | D:1      | 0 ||| PLANNING D:1-11
   158 | D:1      | Reached XP level 2. HP: 19/19 MP: 2/2
   473 | D:1      | 473 ||| DROPPING +0 club.
   490 | D:1      | Found a faded altar of an unknown god.
   606 | D:1      | 606 ||| READING 2 scrolls labelled TUYWKI UPNOKIA.
   607 | D:1      | 607 ||| READING scroll labelled GEVOEMNUNT.
   608 | D:1      | 608 ||| READING 3 scrolls labelled ANACUI CUZIABOIBOH.
   609 | D:1      | 609 ||| READING scroll labelled ZUAMOALAORR.
   610 | D:1      | 610 ||| READING scroll labelled KOANWE CYKLIHI.
   614 | D:1      | 614 ||| READING scroll labelled CEELIC LACVORPH.
   615 | D:1      | 615 ||| READING 2 scrolls of identify.
   615 | D:1      | 615 ||| IDENTIFYING blue potion
   616 | D:1      | 616 ||| DROPPING scroll of vulnerability.
   617 | D:1      | 617 ||| DROPPING potion of brilliance.
   645 | D:2      | 645 ||| STAIRDANCE
   668 | D:2      | 668 ||| STAIRDANCE
   674 | D:2      | 674 ||| STAIRDANCE
   680 | D:2      | 680 ||| STAIRDANCE
   683 | D:1      | Reached skill level 3 in Axes
   711 | D:2      | 711 ||| STAIRDANCE
   714 | D:1      | Reached XP level 3. HP: 16/23 MP: 3/3
   849 | D:2      | HP: 4/23 [kobold/+0 short sword of venom (4)]
   850 | D:2      | 850 ||| READING scroll of teleportation.
   854 | D:2      | Reached XP level 4. HP: 4/28 MP: 4/4
  1144 | D:2      | Identified the +1 leather armour "Ylupn" {Str+2}
  1424 | D:2      | Found a runed translucent door.
  1425 | D:2      | Noticed Crazy Yiuf
  1476 | D:2      | 1476 ||| DROPPING +0 mace.
  1616 | D:2      | 1616 ||| DROPPING +1 leather armour "Ylupn" {Str+2}.
  1617 | D:2      | 1617 ||| UPGRADING to +2 pair of gloves.
  1622 | D:2      | 1622 ||| UPGRADING to ring of positive energy.
  1647 | D:3      | Noticed Grinder
  1648 | D:3      | 1648 ||| Stepping ~*~*~tactically~*~*~ (hiding).
  1668 | D:3      | 1668 ||| STAIRDANCE
  1755 | D:3      | Killed Grinder
  1756 | D:3      | Reached XP level 5. HP: 28/32 MP: 5/5
  1756 | D:3      | Reached XP level 6. HP: 32/37 MP: 6/6
  1866 | D:3      | Noticed Ijyb
  1868 | D:3      | 1868 ||| Stepping ~*~*~tactically~*~*~ (hiding).
  1876 | D:3      | Paralysed by Ijyb for 3 turns
  1884 | D:3      | Paralysed by Ijyb for 4 turns
  1892 | D:3      | Killed Ijyb
  1959 | D:3      | Found an ancient bone altar of Kikubaaqudgha.
  2195 | D:3      | Noticed Terence
  2207 | D:3      | Killed Terence
  2367 | D:3      | Found a blossoming altar of Fedhas.
  2511 | D:3      | Noticed a +0 hand axe
  2511 | D:3      | Noticed a +0 dagger
  2512 | D:3      | Found a hide-covered altar of Uskayaw.
  2840 | D:3      | 2840 ||| UPGRADING to +0 chain mail.
  2850 | D:3      | 2850 ||| DROPPING +0 scale mail.
  2851 | D:3      | 2851 ||| UPGRADING to +2 helmet.
  2914 | D:4      | Found a staircase to the Ecumenical Temple.
  2915 | D:4      | 2915 ||| PLANNING TEMPLE
  2915 | D:4      | 2915 ||| DRINKING 2 puce potions.
  2916 | D:4      | 2916 ||| DROPPING potion of flight.
  2923 | Temple   | Entered the Ecumenical Temple
  2925 | Temple   | 2925 ||| PLANNING OKAWARU WORSHIP
  2962 | Temple   | Became a worshipper of Warmaster Okawaru
  2963 | Temple   | 2963 ||| PLANNING D:1-11
  3085 | D:4      | 3085 ||| Stepping ~*~*~tactically~*~*~ (stealth).
  3181 | D:4      | Noticed Sigmund
  3193 | D:4      | Killed Sigmund
  3194 | D:4      | Reached skill level 6 in Axes
  3194 | D:4      | Reached XP level 7. HP: 34/43 MP: 7/7
  3362 | D:4      | Found Pafiulam's Magic Scroll Emporium.
  3371 | D:4      | 3371 ||| BUYING scroll of identify (22 gold).
  3371 | D:4      | Bought a scroll of identify for 22 gold pieces
  3371 | D:4      | 3371 ||| BUYING scroll of identify (22 gold).
  3371 | D:4      | Bought a scroll of identify for 22 gold pieces
  3371 | D:4      | 3371 ||| BUYING scroll of identify (22 gold).
  3371 | D:4      | Bought a scroll of identify for 22 gold pieces
  3371 | D:4      | 3371 ||| BUYING scroll of teleportation (33 gold).
  3371 | D:4      | Bought a scroll of teleportation for 33 gold pieces
  3470 | D:4      | Found Uweam's Antique Armour Boutique.
  3479 | D:4      | Reached skill level 1 in Dodging
  3486 | D:4      | 3486 ||| BUYING cloak (90 gold).
  3486 | D:4      | Bought a cloak for 90 gold pieces
  3847 | D:4      | 3847 ||| UPGRADING to +0 cloak.
  3852 | D:4      | 3852 ||| UPGRADING to +0 kite shield.
  3862 | D:4      | 3862 ||| DROPPING +0 buckler.
  3863 | D:4      | 3863 ||| READING scroll labelled OHOEMUHYMNO.
  3864 | D:4      | 3864 ||| READING scroll labelled QETZOA SELE.
  3965 | D:4      | 3965 ||| DRINKING 2 green potions.
  3965 | D:4      | Gained mutation: You expend magic power (3 MP) to
                  | strengthen your wands. [potion of mutation]
  3965 | D:4      | Gained mutation: You have a pair of small antennae on your
                  | head. [potion of mutation]
  3966 | D:4      | 3966 ||| DROPPING +2 helmet.
  3967 | D:4      | 3967 ||| READING 5 scrolls of identify.
  3967 | D:4      | 3967 ||| IDENTIFYING fizzy golden potion
  3968 | D:4      | 3968 ||| READING 4 scrolls of identify.
  3968 | D:4      | 3968 ||| IDENTIFYING orange potion
  3969 | D:4      | 3969 ||| READING 3 scrolls of identify.
  3969 | D:4      | 3969 ||| IDENTIFYING white potion
  3970 | D:4      | 3970 ||| READING 2 scrolls of identify.
  3970 | D:4      | 3970 ||| IDENTIFYING sedimented cyan potion
  3971 | D:4      | 3971 ||| DROPPING potion of berserk rage.
  3972 | D:4      | 3972 ||| DROPPING potion of degeneration.
  3996 | D:5      | Entered Level 5 of the Dungeon
  3999 | D:5      | 3999 ||| STAIRDANCE
  4003 | D:5      | 4003 ||| STAIRDANCE
  4007 | D:5      | 4007 ||| STAIRDANCE
  4018 | D:5      | 4018 ||| STAIRDANCE
  4167 | D:5      | Noticed Prince Ribbit
  4186 | D:5      | Reached * piety under Okawaru
  4187 | D:5      | 4187 ||| INVOKING Heroism.
  4194 | D:5      | HP: 8/43 [ogre/+0 giant club (24)]
  4195 | D:5      | 4195 ||| READING scroll of teleportation.
  4197 | D:5      | 4197 ||| INVOKING Heroism.
  4197 | D:5      | HP: 3/43 [ogre/+0 giant club (5)]
  4488 | D:5      | 4488 ||| Stepping ~*~*~tactically~*~*~ (hiding).
  4489 | D:5      | 4489 ||| Stepping ~*~*~tactically~*~*~ (hiding).
  4491 | D:5      | 4491 ||| INVOKING Heroism.
  4497 | D:5      | Reached skill level 1 in Throwing
  4497 | D:5      | Reached skill level 1 in Invocations
  4497 | D:5      | Reached XP level 8. HP: 32/48 MP: 5/8
  4503 | D:5      | 4503 ||| INVOKING Heroism.
  4640 | D:5      | 4640 ||| Stepping ~*~*~tactically~*~*~ (stealth).
  4645 | D:5      | 4645 ||| Stepping ~*~*~tactically~*~*~ (stealth).
  4649 | D:5      | 4649 ||| Stepping ~*~*~tactically~*~*~ (stealth).
  4651 | D:5      | 4651 ||| Stepping ~*~*~tactically~*~*~ (stealth).
  4673 | D:5      | 4673 ||| INVOKING Heroism.
  4791 | D:5      | 4791 ||| INVOKING Heroism.
  4792 | D:5      | HP: 7/48 [gnoll/+0 flail (9)]
  4795 | D:5      | Reached skill level 3 in Invocations
  4801 | D:5      | Reached skill level 6 in Shields
  4874 | D:5      | 4874 ||| Stepping ~*~*~tactically~*~*~ (stealth).
  4899 | D:5      | 4899 ||| Stepping ~*~*~tactically~*~*~ (stealth).
  4902 | D:5      | 4902 ||| Stepping ~*~*~tactically~*~*~ (stealth).
  4943 | D:5      | 4943 ||| INVOKING Heroism.
  5359 | D:5      | 5359 ||| INVOKING Heroism.
  5436 | D:5      | Found a broken altar of Ashenzari.
  5450 | D:5      | 5450 ||| INVOKING Heroism.
  5463 | D:5      | Killed Prince Ribbit
  5566 | D:5      | 5566 ||| UPGRADING to amulet of reflection.
  5571 | D:5      | 5571 ||| READING scroll labelled PARIN DIKHLOE.
  5572 | D:5      | 5572 ||| READING scroll labelled BOLUNK LAUR.
  5606 | D:6      | Found a glowing drain.
  5607 | D:6      | 5607 ||| PLANNING SEWER
  5607 | D:6      | 5607 ||| STAIRDANCE
  5611 | D:6      | 5611 ||| STAIRDANCE
  5628 | D:6      | 5628 ||| INVOKING Heroism.
  5629 | D:6      | 5629 ||| STAIRDANCE
  5647 | D:6      | 5647 ||| STAIRDANCE
  5654 | D:6      | 5654 ||| STAIRDANCE
  5661 | D:6      | 5661 ||| STAIRDANCE
  5663 | D:6      | 5663 ||| STAIRDANCE
  5676 | D:6      | 5676 ||| FLEEEEING.
  5677 | D:6      | 5677 ||| STAIRDANCE
  5746 | D:6      | 5746 ||| STAIRDANCE
  5750 | D:6      | 5750 ||| STAIRDANCE
  5776 | D:6      | 5776 ||| FLEEEEING.
  5777 | D:6      | 5777 ||| STAIRDANCE
  5781 | D:6      | 5781 ||| STAIRDANCE
  5785 | D:6      | 5785 ||| STAIRDANCE
  5789 | D:6      | 5789 ||| STAIRDANCE
  5793 | D:6      | 5793 ||| STAIRDANCE
  5803 | D:6      | 5803 ||| STAIRDANCE
  5807 | D:6      | 5807 ||| STAIRDANCE
  5811 | D:6      | 5811 ||| STAIRDANCE
  5821 | D:6      | 5821 ||| STAIRDANCE
  5825 | D:6      | 5825 ||| STAIRDANCE
  5834 | D:6      | 5834 ||| FLEEEEING.
  5835 | D:6      | 5835 ||| FLEEEEING.
  5844 | D:6      | 5844 ||| INVOKING Heroism.
  5858 | D:6      | Reached XP level 9. HP: 54/54 MP: 10/12
  5860 | D:6      | 5860 ||| Stepping ~*~*~tactically~*~*~ (water).
  5867 | Sewer    | Entered a sewer
  5873 | Sewer    | 5873 ||| Stepping ~*~*~tactically~*~*~ (water).
  5925 | Sewer    | Noticed Pargi
  5942 | Sewer    | Killed Pargi
  6038 | Sewer    | 6038 ||| DROPPING +6 ring of intelligence.
  6039 | Sewer    | 6039 ||| READING scroll labelled BIUTEPH KATUYC.
  6069 | D:6      | 6069 ||| PLANNING D:1-11
  6134 | D:6      | 6134 ||| INVOKING Heroism.
  6192 | D:6      | 6192 ||| INVOKING Heroism.
  6266 | D:6      | 6266 ||| FLEEEEING.
  6267 | D:6      | 6267 ||| FLEEEEING.
  6268 | D:6      | 6268 ||| FLEEEEING.
  6269 | D:6      | 6269 ||| FLEEEEING.
  6270 | D:6      | 6270 ||| FLEEEEING.
  6276 | D:6      | 6276 ||| Stepping ~*~*~tactically~*~*~ (stealth).
  6278 | D:6      | 6278 ||| Stepping ~*~*~tactically~*~*~ (stealth).
  6280 | D:6      | 6280 ||| FLEEEEING.
  6359 | D:6      | 6359 ||| INVOKING Heroism.
  6512 | D:6      | Reached skill level 6 in Fighting
  6516 | D:6      | Noticed Pikel
  6517 | D:6      | 6517 ||| INVOKING Heroism.
  6530 | D:6      | Killed Pikel
  6530 | D:6      | Reached ** piety under Okawaru
  6604 | D:6      | Noticed Menkaure
  6605 | D:6      | 6605 ||| Stepping ~*~*~tactically~*~*~ (stealth).
  6609 | D:6      | 6609 ||| Stepping ~*~*~tactically~*~*~ (stealth).
  6611 | D:6      | 6611 ||| INVOKING Heroism.
  6613 | D:6      | Killed Menkaure
  6692 | D:6      | 6692 ||| Stepping ~*~*~tactically~*~*~ (stealth).
  6752 | D:6      | Noticed Edmund
  6753 | D:6      | 6753 ||| Stepping ~*~*~tactically~*~*~ (stealth).
  6759 | D:6      | 6759 ||| INVOKING Heroism.
  6768 | D:6      | Killed Edmund
  6773 | D:6      | 6773 ||| INVOKING Heroism.
  6776 | D:6      | Reached XP level 10. HP: 30/60 MP: 10/13
  6778 | D:6      | Reached skill level 9 in Axes
  6890 | D:6      | 6890 ||| Stepping ~*~*~tactically~*~*~ (stealth).
  6891 | D:6      | 6891 ||| Stepping ~*~*~tactically~*~*~ (stealth).
  6971 | D:6      | 6971 ||| INVOKING Heroism.
  7264 | D:6      | 7264 ||| UPGRADING to +0 chain mail of cold resistance.
  7274 | D:6      | 7274 ||| DROPPING +0 chain mail.
  7275 | D:6      | 7275 ||| READING 2 scrolls of identify.
  7275 | D:6      | 7275 ||| IDENTIFYING pink potion
  7324 | D:7      | Noticed Dowan
  7325 | D:7      | 7325 ||| Stepping ~*~*~tactically~*~*~ (hiding).
  7329 | D:7      | 7329 ||| Stepping ~*~*~tactically~*~*~ (hiding).
  7334 | D:7      | 7334 ||| Stepping ~*~*~tactically~*~*~ (hiding).
  7338 | D:7      | Killed Dowan
  7352 | D:7      | Noticed Duvessa
  7353 | D:7      | 7353 ||| Stepping ~*~*~tactically~*~*~ (stealth).
  7355 | D:7      | 7355 ||| INVOKING Heroism.
  7367 | D:7      | Killed Duvessa
  7589 | D:7      | 7589 ||| Stepping ~*~*~tactically~*~*~ (stealth).
  7592 | D:7      | 7592 ||| Stepping ~*~*~tactically~*~*~ (stealth).
  7652 | D:7      | Found Ucwoer's Distillery.
  7658 | D:7      | 7658 ||| BUYING potion of attraction (36 gold).
  7658 | D:7      | Bought a potion of attraction for 36 gold pieces
  7658 | D:7      | 7658 ||| BUYING potion of haste (120 gold).
  7658 | D:7      | Bought a potion of haste for 120 gold pieces
  7658 | D:7      | 7658 ||| BUYING potion of might (48 gold).
  7658 | D:7      | Bought a potion of might for 48 gold pieces
  7760 | D:7      | Identified the +5 falchion of the Fray {vorpal, Int+6}
  7802 | D:7      | 7802 ||| Stepping ~*~*~tactically~*~*~ (hiding).
  7806 | D:7      | 7806 ||| INVOKING Heroism.
  7830 | D:7      | 7830 ||| INVOKING Heroism.
  7875 | D:7      | 7875 ||| READING scroll of enchant armour.
  7875 | D:7      | 7875 ||| ENCHANTING +0 cloak.
  7887 | D:7      | Noticed Joseph
  7888 | D:7      | 7888 ||| Stepping ~*~*~tactically~*~*~ (hiding).
  7906 | D:7      | Killed Joseph
  7906 | D:7      | Reached *** piety under Okawaru
  8468 | D:7      | 8468 ||| DROPPING amulet of faith.
  8469 | D:7      | 8469 ||| UPGRADING to +4 ring of evasion.
  8470 | D:7      | 8470 ||| READING scroll labelled QUMNE JUMEAPLI.
  8471 | D:7      | 8471 ||| READING 2 scrolls of identify.
  8471 | D:7      | 8471 ||| IDENTIFYING fizzy black potion
  8496 | D:8      | 8496 ||| PLANNING OSSUARY
  8506 | D:8      | 8506 ||| INVOKING Heroism.
  8557 | D:8      | 8557 ||| Stepping ~*~*~tactically~*~*~ (stealth).
  8558 | D:8      | 8558 ||| INVOKING Heroism.
  8560 | D:8      | 8560 ||| Stepping ~*~*~tactically~*~*~ (stealth).
  8678 | D:8      | 8678 ||| FLEEEEING.
  8733 | D:8      | 8733 ||| INVOKING Heroism.
  8746 | D:8      | Reached skill level 9 in Shields
  8863 | D:8      | 8863 ||| INVOKING Heroism.
  8923 | D:8      | 8923 ||| INVOKING Heroism.
  8976 | D:8      | 8976 ||| INVOKING Heroism.
  9031 | D:8      | 9031 ||| INVOKING Heroism.
  9232 | D:8      | 9232 ||| RIP OSSUARY
  9234 | D:8      | 9234 ||| PLANNING D:1-11
  9665 | D:8      | 9665 ||| READING 3 scrolls of identify.
  9665 | D:8      | 9665 ||| IDENTIFYING golden potion
  9709 | D:9      | 9709 ||| INVOKING Heroism.
  9710 | D:9      | 9710 ||| STAIRDANCE
  9714 | D:9      | 9714 ||| STAIRDANCE
  9786 | D:9      | 9786 ||| INVOKING Heroism.
  9803 | D:9      | Reached skill level 6 in Armour
  9805 | D:9      | Reached **** piety under Okawaru
  9869 | D:9      | Reached XP level 11. HP: 68/68 MP: 14/14
 10035 | D:9      | 10035 ||| Stepping ~*~*~tactically~*~*~ (stealth).
 10036 | D:9      | 10036 ||| Stepping ~*~*~tactically~*~*~ (stealth).
 10041 | D:9      | 10041 ||| INVOKING Heroism.
 10290 | D:9      | Found Biatakk's Island Escapes.
 10365 | D:9      | 10365 ||| INVOKING Heroism.
 10375 | D:9      | Reached skill level 6 in Invocations
 10506 | D:9      | Found a sparkling altar of Nemelex Xobeh.
 10853 | D:9      | 10853 ||| READING scroll labelled WUEDER QAHEPLAX.
 10854 | D:9      | 10854 ||| DRINKING 2 purple potions.
 10955 | D:9      | 10955 ||| READING 3 scrolls of identify.
 10955 | D:9      | 10955 ||| IDENTIFYING yellow potion
 10956 | D:9      | 10956 ||| DROPPING potion of invisibility.
 10957 | D:9      | 10957 ||| DROPPING potion of ambrosia.
 11008 | D:10     | Entered Level 10 of the Dungeon
 11011 | D:10     | 11011 ||| Stepping ~*~*~tactically~*~*~ (stealth).
 11061 | D:10     | 11061 ||| INVOKING Heroism.
 11166 | D:10     | 11166 ||| INVOKING Heroism.
 11194 | D:10     | Reached ***** piety under Okawaru
 11228 | D:10     | 11228 ||| FLEEEEING.
 11329 | D:10     | Found a staircase to the Lair.
 11337 | D:10     | 11337 ||| INVOKING Heroism.
 11555 | D:10     | Noticed a purple ugly thing
 11575 | D:10     | Killed a purple ugly thing
 11659 | D:10     | Found a burning altar of Makhleb.
 11662 | D:10     | Found a stormy altar of Qazlal.
 11666 | D:10     | Found an ornate altar of the Wu Jian Council.
 11666 | D:10     | Found a basalt altar of Yredelemnul.
 11667 | D:10     | Found a shimmering altar of Xom.
 11768 | D:10     | Found a runed translucent door.
 11768 | D:10     | Found the ring of the Tortoise {AC+8}
 11768 | D:10     | Noticed Arctirus's ghost (journeyman OpHW)
 12140 | D:10     | 12140 ||| Stepping ~*~*~tactically~*~*~ (hiding).
 12142 | D:10     | Found a hazy altar of Hepliaklqana.
 12143 | D:10     | 12143 ||| INVOKING Heroism.
 12145 | D:10     | Paralysed by a spriggan for 4 turns
 12219 | D:10     | Found a faded altar of an unknown god.
 12280 | D:10     | 12280 ||| INVOKING Heroism.
 12344 | D:10     | 12344 ||| PLANNING LAIR
 12344 | D:10     | 12344 ||| READING 2 scrolls of identify.
 12344 | D:10     | 12344 ||| IDENTIFYING ruby potion
 12362 | Lair:1   | Entered Level 1 of the Lair of Beasts
 12395 | Lair:1   | 12395 ||| Stepping ~*~*~tactically~*~*~ (stealth).
 12398 | Lair:1   | 12398 ||| Stepping ~*~*~tactically~*~*~ (stealth).
 12400 | Lair:1   | 12400 ||| Stepping ~*~*~tactically~*~*~ (stealth).
 12458 | Lair:1   | 12458 ||| INVOKING Heroism.
 12594 | Lair:1   | Identified the +5 hand axe of the Usurping Big Fish {venom,
                  | rCorr Str+4 Int+3 Dex+2}
 12647 | Lair:1   | 12647 ||| INVOKING Heroism.
 12655 | Lair:1   | Reached skill level 9 in Invocations
 12655 | Lair:1   | Reached XP level 12. HP: 75/75 MP: 16/18
 12776 | Lair:1   | 12776 ||| Stepping ~*~*~tactically~*~*~ (stealth).
 12778 | Lair:1   | 12778 ||| Stepping ~*~*~tactically~*~*~ (stealth).
 12779 | Lair:1   | 12779 ||| Stepping ~*~*~tactically~*~*~ (stealth).
 12782 | Lair:1   | 12782 ||| INVOKING Heroism.
 12812 | Lair:1   | Reached skill level 9 in Fighting
 12814 | Lair:1   | Identified the +7 mace of Hyeroaz {freeze, rN+} (Okawaru
                  | gifted it to you on level 1 of the Lair of Beasts)
 12814 | Lair:1   | Received a gift from Okawaru
 12846 | Lair:1   | 12846 ||| INVOKING Heroism.
 13028 | Lair:1   | 13028 ||| INVOKING Heroism.
 13130 | Lair:1   | 13130 ||| READING scroll labelled PIKHAF BU CEC.
 13131 | Lair:1   | 13131 ||| READING scroll labelled UWEEDESS YRUL.
 13267 | Lair:2   | 13267 ||| Stepping ~*~*~tactically~*~*~ (stealth).
 13273 | Lair:2   | 13273 ||| INVOKING Heroism.
 13386 | Lair:2   | Identified the ring of Untruth {rPois rF+}
 13422 | Lair:2   | Found a runed translucent door.
 13451 | Lair:2   | 13451 ||| INVOKING Heroism.
 13478 | Lair:2   | Reached skill level 12 in Axes
 13796 | Lair:2   | Identified the +8 scale mail of the Tundras {Harm Int-5
                  | SInv}
 13861 | Lair:2   | Noticed a five-headed hydra
 13862 | Lair:2   | 13862 ||| INVOKING Heroism.
 13863 | Lair:2   | 13863 ||| SWAPPING to +0 morningstar.
 13864 | Lair:2   | 13864 ||| INVOKING Finesse.
 13869 | Lair:2   | Killed a five-headed hydra
 13870 | Lair:2   | 13870 ||| SWAPPING to +1 war axe.
 14060 | Lair:2   | Reached ****** piety under Okawaru
 14278 | Lair:2   | 14278 ||| Stepping ~*~*~tactically~*~*~ (stealth).
 14281 | Lair:2   | 14281 ||| INVOKING Heroism.
 14322 | Lair:2   | 14322 ||| READING scroll of enchant armour.
 14322 | Lair:2   | 14322 ||| ENCHANTING +1 cloak.
 14357 | Lair:2   | Noticed a four-headed hydra
 14358 | Lair:2   | 14358 ||| Stepping ~*~*~tactically~*~*~ (stealth).
 14380 | Lair:2   | 14380 ||| FLEEEEING.
 14381 | Lair:2   | 14381 ||| INVOKING Heroism.
 14382 | Lair:2   | 14382 ||| SWAPPING to +0 morningstar.
 14383 | Lair:2   | 14383 ||| INVOKING Finesse.
 14390 | Lair:2   | Killed a four-headed hydra
 14391 | Lair:2   | 14391 ||| SWAPPING to +1 war axe.
 14520 | Lair:2   | Noticed Huxoxzufuz's ghost (journeyman GnFi)
 14742 | Lair:2   | 14742 ||| UPGRADING to ring of Untruth {rPois rF+}.
 14780 | Lair:3   | Identified the ring "Cumennor" {Ice SInv}
 14786 | Lair:3   | Found a staircase to the Swamp.
 14787 | Lair:3   | 14787 ||| Stepping ~*~*~tactically~*~*~ (hiding).
 14791 | Lair:3   | 14791 ||| Stepping ~*~*~tactically~*~*~ (hiding).
 14860 | Lair:3   | Reached XP level 13. HP: 81/82 MP: 20/20
 14896 | Lair:3   | 14896 ||| INVOKING Heroism.
 15002 | Lair:3   | Found a staircase to the Snake Pit.
 15003 | Lair:3   | 15003 ||| Stepping ~*~*~tactically~*~*~ (hiding).
 15027 | Lair:3   | 15027 ||| FLEEEEING.
 15037 | Lair:3   | 15037 ||| STAIRDANCE
 15214 | Lair:3   | 15214 ||| INVOKING Heroism.
 15215 | Lair:3   | 15215 ||| SWAPPING to +0 morningstar.
 15216 | Lair:3   | 15216 ||| INVOKING Finesse.
 15222 | Lair:3   | Received a gift from Okawaru
 15223 | Lair:3   | 15223 ||| SWAPPING to +1 war axe.
 15280 | Lair:3   | 15280 ||| DROPPING +4 hand axe of freezing.
 15307 | Lair:3   | 15307 ||| INVOKING Heroism.
 15379 | Lair:3   | 15379 ||| Stepping ~*~*~tactically~*~*~ (stealth).
 15385 | Lair:3   | 15385 ||| INVOKING Heroism.
 15419 | Lair:3   | 15419 ||| Stepping ~*~*~tactically~*~*~ (stealth).
 15426 | Lair:3   | 15426 ||| INVOKING Heroism.
 15878 | Lair:3   | 15878 ||| UPGRADING to +6 ring of strength.
 15880 | Lair:3   | 15880 ||| DROPPING ring of positive energy.
 15935 | Lair:4   | 15935 ||| Stepping ~*~*~tactically~*~*~ (stealth).
 15946 | Lair:4   | 15946 ||| Stepping ~*~*~tactically~*~*~ (stealth).
 15947 | Lair:4   | 15947 ||| Stepping ~*~*~tactically~*~*~ (stealth).
 15948 | Lair:4   | 15948 ||| Stepping ~*~*~tactically~*~*~ (stealth).
 16002 | Lair:4   | 16002 ||| DRINKING potion of experience.
 16002 | Lair:4   | Gained mutation: Your large and strong wings let you fly.
                  | [Gargoyle growth]
 16002 | Lair:4   | Reached XP level 14. HP: 88/88 MP: 21/21
 16073 | Lair:4   | Identified the +5 war axe "Zelics" {freeze, Will+ Int+4}
 16075 | Lair:4   | 16075 ||| SWAPPING to +5 war axe "Zelics" {freeze, Will+
                  | Int+4}.
 16083 | Lair:4   | 16083 ||| DROPPING +1 war axe.
 16198 | Lair:4   | Identified the +5 ring mail "Xocs" {Str+5}
 16243 | Lair:4   | 16243 ||| Stepping ~*~*~tactically~*~*~ (hiding).
 16519 | Lair:4   | 16519 ||| Stepping ~*~*~tactically~*~*~ (stealth).
 16521 | Lair:4   | 16521 ||| Stepping ~*~*~tactically~*~*~ (stealth).
 17039 | Lair:5   | Entered Level 5 of the Lair of Beasts
 17147 | Lair:5   | 17147 ||| Stepping ~*~*~tactically~*~*~ (hiding).
 17151 | Lair:5   | 17151 ||| Stepping ~*~*~tactically~*~*~ (hiding).
 17160 | Lair:5   | 17160 ||| Stepping randomly (cloudy).
 17161 | Lair:5   | 17161 ||| Stepping ~*~*~tactically~*~*~ (cloud).
 17162 | Lair:5   | 17162 ||| Stepping ~*~*~tactically~*~*~ (cloud).
 17164 | Lair:5   | 17164 ||| Stepping ~*~*~tactically~*~*~ (cloud).
 17172 | Lair:5   | 17172 ||| INVOKING Heroism.
 17174 | Lair:5   | 17174 ||| Stepping ~*~*~tactically~*~*~ (cloud).
 17175 | Lair:5   | 17175 ||| Stepping ~*~*~tactically~*~*~ (cloud).
 17176 | Lair:5   | 17176 ||| Stepping ~*~*~tactically~*~*~ (cloud).
 17177 | Lair:5   | 17177 ||| Stepping ~*~*~tactically~*~*~ (cloud).
 17178 | Lair:5   | 17178 ||| Stepping ~*~*~tactically~*~*~ (cloud).
 17179 | Lair:5   | 17179 ||| Stepping ~*~*~tactically~*~*~ (cloud).
 17425 | Lair:5   | 17425 ||| INVOKING Heroism.
 17426 | Lair:5   | 17426 ||| INVOKING Finesse.
 17428 | Lair:5   | 17428 ||| Stepping ~*~*~tactically~*~*~ (stealth).
 17433 | Lair:5   | 17433 ||| SWAPPING to +0 morningstar.
 17440 | Lair:5   | 17440 ||| Stepping ~*~*~tactically~*~*~ (stealth).
 17441 | Lair:5   | Identified the +2 animal skin of Sin {*Corrode Regen+
                  | Slay+5} (Okawaru gifted it to you on level 5 of the Lair of
                  | Beasts)
 17441 | Lair:5   | Received a gift from Okawaru
 17442 | Lair:5   | 17442 ||| SWAPPING to +5 war axe "Zelics" {freeze, Will+
                  | Int+4}.
 17480 | Lair:5   | Reached skill level 12 in Shields
 17513 | Lair:5   | 17513 ||| INVOKING Heroism.
 17518 | Lair:5   | Reached skill level 3 in Dodging
 17553 | Lair:5   | 17553 ||| FLEEEEING.
 17555 | Lair:5   | 17555 ||| FLEEEEING.
 17576 | Lair:5   | 17576 ||| INVOKING Heroism.
 17657 | Lair:5   | 17657 ||| INVOKING Heroism.
 17827 | Lair:5   | 17827 ||| Stepping ~*~*~tactically~*~*~ (stealth).
 17877 | Lair:5   | Found a viscous altar of Jiyva.
 17880 | Lair:5   | Found a staircase to the Slime Pits.
 17970 | Lair:5   | 17970 ||| FLEEEEING.
 17971 | Lair:5   | 17971 ||| FLEEEEING.
 17972 | Lair:5   | 17972 ||| FLEEEEING.
 17973 | Lair:5   | 17973 ||| FLEEEEING.
 18014 | Lair:5   | 18014 ||| Stepping ~*~*~tactically~*~*~ (stealth).
 18055 | Lair:5   | 18055 ||| INVOKING Heroism.
 18197 | Lair:5   | Identified the +5 ring mail of Muphopsi {rElec rF+++ Regen+
                  | Int-4}
 18217 | Lair:5   | Reached skill level 15 in Axes
 18281 | Lair:5   | Identified the +2 ring mail of Hedirro {Harm rF+++ Int-5}
 18376 | Lair:5   | 18376 ||| DROPPING +5 ring mail "Xocs" {Str+5}.
 18377 | Lair:5   | 18377 ||| UPGRADING to +5 ring mail of Muphopsi {rElec
                  | rF+++ Regen+ Int-4}.
 18378 | Lair:5   | 18378 ||| UPGRADING to +5 ring mail of Muphopsi {rElec
                  | rF+++ Regen+ Int-4}.
 18390 | Lair:5   | 18390 ||| INVOKING Heroism.
 18473 | Lair:5   | 18473 ||| UPGRADING to +5 ring mail of Muphopsi {rElec
                  | rF+++ Regen+ Int-4}.
 18483 | Lair:5   | Found the +4 skin of Zhor {*Englaciate rC+++ SInv}
 18531 | Lair:5   | 18531 ||| PLANNING D:1-11
 18531 | Lair:5   | 18531 ||| DROPPING amulet of magic regeneration.
 18532 | Lair:5   | 18532 ||| DROPPING ring of magical power.
 18533 | Lair:5   | 18533 ||| UPGRADING to ring "Cumennor" {Ice SInv}.
 18765 | D:11     | 18765 ||| INVOKING Heroism.
 18783 | D:11     | 18783 ||| Stepping ~*~*~tactically~*~*~ (stealth).
 18784 | D:11     | 18784 ||| Stepping ~*~*~tactically~*~*~ (stealth).
 18809 | D:11     | 18809 ||| Stepping ~*~*~tactically~*~*~ (stealth).
 18810 | D:11     | 18810 ||| Stepping ~*~*~tactically~*~*~ (stealth).
 18818 | D:11     | 18818 ||| Stepping ~*~*~tactically~*~*~ (stealth).
 18822 | D:11     | 18822 ||| Stepping ~*~*~tactically~*~*~ (stealth).
 18825 | D:11     | 18825 ||| Stepping ~*~*~tactically~*~*~ (stealth).
 18834 | D:11     | 18834 ||| Stepping ~*~*~tactically~*~*~ (stealth).
 18842 | D:11     | 18842 ||| Stepping ~*~*~tactically~*~*~ (stealth).
 18852 | D:11     | 18852 ||| Stepping ~*~*~tactically~*~*~ (stealth).
 18855 | D:11     | 18855 ||| Stepping ~*~*~tactically~*~*~ (stealth).
 18856 | D:11     | 18856 ||| Stepping ~*~*~tactically~*~*~ (stealth).
 18857 | D:11     | 18857 ||| Stepping ~*~*~tactically~*~*~ (stealth).
 18858 | D:11     | 18858 ||| Stepping ~*~*~tactically~*~*~ (stealth).
 18864 | D:11     | 18864 ||| Stepping ~*~*~tactically~*~*~ (stealth).
 18866 | D:11     | 18866 ||| Stepping ~*~*~tactically~*~*~ (stealth).
 18867 | D:11     | 18867 ||| Stepping ~*~*~tactically~*~*~ (stealth).
 18875 | D:11     | 18875 ||| Stepping ~*~*~tactically~*~*~ (stealth).
 18884 | D:11     | Found a staircase to the Orcish Mines.
 18887 | D:11     | 18887 ||| Stepping ~*~*~tactically~*~*~ (stealth).
 18898 | D:11     | 18898 ||| Stepping ~*~*~tactically~*~*~ (stealth).
 18906 | D:11     | 18906 ||| Stepping ~*~*~tactically~*~*~ (stealth).
 18916 | D:11     | 18916 ||| Stepping ~*~*~tactically~*~*~ (stealth).
 18994 | D:11     | 18994 ||| Stepping ~*~*~tactically~*~*~ (stealth).
 18999 | D:11     | 18999 ||| Stepping ~*~*~tactically~*~*~ (stealth).
 19005 | D:11     | Reached XP level 15. HP: 96/96 MP: 22/22
 19005 | D:11     | 19005 ||| Stepping ~*~*~tactically~*~*~ (stealth).
 19006 | D:11     | 19006 ||| Stepping ~*~*~tactically~*~*~ (stealth).
 19008 | D:11     | 19008 ||| Stepping ~*~*~tactically~*~*~ (stealth).
 19011 | D:11     | 19011 ||| Stepping ~*~*~tactically~*~*~ (stealth).
 19012 | D:11     | 19012 ||| Stepping ~*~*~tactically~*~*~ (stealth).
 19013 | D:11     | 19013 ||| Stepping ~*~*~tactically~*~*~ (stealth).
 19016 | D:11     | 19016 ||| INVOKING Heroism.
 19160 | D:11     | Reached skill level 12 in Fighting
 19169 | D:11     | 19169 ||| Stepping ~*~*~tactically~*~*~ (hiding).
 19438 | D:11     | 19438 ||| PLANNING D
 19538 | D:12     | 19538 ||| INVOKING Heroism.
 19605 | D:12     | 19605 ||| Stepping ~*~*~tactically~*~*~ (hiding).
 19647 | D:12     | 19647 ||| Stepping ~*~*~tactically~*~*~ (hiding).
 19648 | D:12     | 19648 ||| Stepping ~*~*~tactically~*~*~ (hiding).
 19654 | D:12     | 19654 ||| INVOKING Heroism.
 19816 | D:12     | 19816 ||| INVOKING Heroism.
 19964 | D:12     | Found Dybonn's Jewellery Boutique.
 19978 | D:12     | 19978 ||| BUYING +4 ring of protection (432 gold).
 19978 | D:12     | Bought a +4 ring of protection for 432 gold pieces
 19978 | D:12     | 19978 ||| BUYING ring of fire (300 gold).
 19978 | D:12     | Bought a ring of fire for 300 gold pieces
 19978 | D:12     | 19978 ||| BUYING ring of protection from cold (300 gold).
 19978 | D:12     | Bought a ring of protection from cold for 300 gold pieces
 19978 | D:12     | 19978 ||| SHOPLISTING ring of protection from fire (300
                  | gold, have 27).
 20097 | D:12     | 20097 ||| DROPPING ring of ice.
 20098 | D:12     | 20098 ||| DROPPING +6 ring of strength.
 20344 | D:13     | 20344 ||| Stepping ~*~*~tactically~*~*~ (stealth).
 20345 | D:13     | Noticed Rupert
 20346 | D:13     | 20346 ||| INVOKING Heroism.
 20347 | D:13     | 20347 ||| INVOKING Finesse.
 20351 | D:13     | Noticed Azrael
 20357 | D:13     | Killed Rupert
 20374 | D:13     | Killed Azrael
 20374 | D:13     | Received a gift from Okawaru
 20423 | D:13     | 20423 ||| INVOKING Finesse.
 20430 | D:13     | 20430 ||| Stepping randomly (cloudy).
 20431 | D:13     | 20431 ||| Stepping ~*~*~tactically~*~*~ (cloud).
 20454 | D:13     | 20454 ||| INVOKING Heroism.
 20455 | D:13     | 20455 ||| INVOKING Finesse.
 20499 | D:13     | Identified the ring of Vuroil {+Blink rElec rC- rN+ Dex+8}
 20503 | D:13     | Identified the +7 flail "Killer Klown's Peril" {venom,
                  | Dex+4}
 20505 | D:13     | 20505 ||| DROPPING +7 flail "Killer Klown's Peril" {venom,
                  | Dex+4}.
 20506 | D:13     | Identified the +2 leather armour of Ofameck {SInv}
 20592 | D:13     | 20592 ||| Stepping ~*~*~tactically~*~*~ (hiding).
 20872 | D:13     | Found a portal to a secret trove of treasure.
 21128 | D:13     | 21128 ||| DROPPING ring of Vuroil {+Blink rElec rC- rN+
                  | Dex+8}.
 21272 | D:14     | 21272 ||| INVOKING Heroism.
 21284 | D:14     | 21284 ||| FLEEEEING.
 21285 | D:14     | 21285 ||| FLEEEEING.
 21460 | D:14     | 21460 ||| INVOKING Heroism.
 21504 | D:14     | 21504 ||| DROPPING +0 flail of holy wrath.
 21516 | D:14     | 21516 ||| INVOKING Heroism.
 21541 | D:14     | Found a gate to the Vaults.
 21542 | D:14     | 21542 ||| INVOKING Heroism.
 21674 | D:14     | Found a runed translucent gate.
 21674 | D:14     | Found a runed translucent gate.
 21674 | D:14     | Found a runed translucent gate.
 21680 | D:14     | Noticed qw's ghost (journeyman GrFi)
 21785 | D:14     | 21785 ||| Stepping ~*~*~tactically~*~*~ (stealth).
 21794 | D:14     | 21794 ||| INVOKING Heroism.
 22065 | D:14     | 22065 ||| UPGRADING to +0 pair of boots.
 22070 | D:14     | 22070 ||| READING scroll of enchant armour.
 22070 | D:14     | 22070 ||| ENCHANTING +0 pair of boots.
 22071 | D:14     | 22071 ||| DROPPING ring of wizardry.
 22097 | D:15     | Entered Level 15 of the Dungeon
 22107 | D:15     | Noticed Roxanne
 22108 | D:15     | 22108 ||| INVOKING Heroism.
 22109 | D:15     | 22109 ||| INVOKING Finesse.
 22135 | D:15     | Killed Roxanne
 22287 | D:15     | 22287 ||| FLEEEEING.
 22304 | D:15     | 22304 ||| FLEEEEING.
 22305 | D:15     | 22305 ||| INVOKING Heroism.
 22306 | D:15     | 22306 ||| SWAPPING to +0 morningstar.
 22313 | D:15     | 22313 ||| SWAPPING to +5 war axe "Zelics" {freeze, Will+
                  | Int+4}.
 22352 | D:15     | 22352 ||| Stepping ~*~*~tactically~*~*~ (stealth).
 22365 | D:15     | 22365 ||| Stepping ~*~*~tactically~*~*~ (stealth).
 22380 | D:15     | 22380 ||| Stepping ~*~*~tactically~*~*~ (stealth).
 22381 | D:15     | 22381 ||| Stepping ~*~*~tactically~*~*~ (stealth).
 22382 | D:15     | 22382 ||| INVOKING Heroism.
 22395 | D:15     | Reached skill level 3 in Throwing
 22432 | D:15     | 22432 ||| INVOKING Heroism.
 22601 | D:15     | 22601 ||| Stepping ~*~*~tactically~*~*~ (stealth).
 22603 | D:15     | 22603 ||| Stepping ~*~*~tactically~*~*~ (hiding).
 22605 | D:15     | 22605 ||| Stepping ~*~*~tactically~*~*~ (hiding).
 22759 | D:15     | 22759 ||| INVOKING Heroism.
 22945 | D:15     | Found a staircase to the Depths.
 23007 | D:15     | 23007 ||| PLANNING ORC
 23007 | D:15     | 23007 ||| READING scroll labelled HOQOSULYWEN.
 23007 | D:15     | Identified a scroll of acquirement
 23007 | D:15     | 23007 ||| ACQUIRING +1 crystal plate armour
 23007 | D:15     | Acquired a +1 crystal plate armour
 23009 | D:15     | 23009 ||| DROPPING +4 skin of Zhor {*Englaciate rC+++
                  | SInv}.
 23010 | D:15     | 23010 ||| UPGRADING to +1 crystal plate armour.
 23020 | D:15     | 23020 ||| DROPPING +0 chain mail of cold resistance.
 23021 | D:15     | 23021 ||| DROPPING +8 scale mail of the Tundras {Harm Int-5
                  | SInv}.
 23022 | D:15     | 23022 ||| DROPPING +0 plate armour.
 23023 | D:15     | 23023 ||| UPGRADING to +4 ring of protection.
 23132 | Orc:1    | Entered Level 1 of the Orcish Mines
 23134 | Orc:1    | 23134 ||| Stepping ~*~*~tactically~*~*~ (stealth).
 23136 | Orc:1    | 23136 ||| Stepping ~*~*~tactically~*~*~ (hiding).
 23138 | Orc:1    | 23138 ||| INVOKING Heroism.
 23144 | Orc:1    | Reached skill level 9 in Armour
 23160 | Orc:1    | Reached XP level 16. HP: 87/104 MP: 23/23
 23238 | Orc:1    | 23238 ||| INVOKING Heroism.
 23291 | Orc:1    | 23291 ||| Stepping ~*~*~tactically~*~*~ (stealth).
 23293 | Orc:1    | 23293 ||| INVOKING Heroism.
 23587 | Orc:2    | Entered Level 2 of the Orcish Mines
 23587 | Orc:2    | Noticed Nessos
 23588 | Orc:2    | 23588 ||| INVOKING Finesse.
 23598 | Orc:2    | 23598 ||| Stepping ~*~*~tactically~*~*~ (hiding).
 23599 | Orc:2    | Killed Nessos
 23738 | Orc:2    | Found Goizxiv's Armour Emporium.
 23781 | Orc:2    | Identified the +1 plate armour of Valour {rPois rC+ rN+}
                  | (Okawaru gifted it to you on level 2 of the Orcish Mines)
 23781 | Orc:2    | Received a gift from Okawaru
 23846 | Orc:2    | 23846 ||| INVOKING Heroism.
 23936 | Orc:2    | 23936 ||| Stepping ~*~*~tactically~*~*~ (stealth).
 24071 | Orc:2    | Found Xidelen's Book Emporium.
 24110 | Orc:2    | Noticed Erolcha
 24113 | Orc:2    | 24113 ||| INVOKING Heroism.
 24126 | Orc:2    | Killed Erolcha
 24188 | Orc:2    | 24188 ||| INVOKING Heroism.
 24246 | Orc:2    | Found a staircase to the Elven Halls.
 24303 | Orc:2    | 24303 ||| Stepping ~*~*~tactically~*~*~ (stealth).
 24304 | Orc:2    | 24304 ||| Stepping ~*~*~tactically~*~*~ (stealth).
 24305 | Orc:2    | 24305 ||| INVOKING Heroism.
 24306 | Orc:2    | 24306 ||| Stepping ~*~*~tactically~*~*~ (stealth).
 24307 | Orc:2    | 24307 ||| Stepping ~*~*~tactically~*~*~ (stealth).
 24363 | Orc:2    | 24363 ||| INVOKING Heroism.
 24364 | Orc:2    | 24364 ||| INVOKING Finesse.
 24365 | Orc:2    | 24365 ||| INVOKING Finesse.
 24467 | Orc:2    | 24467 ||| INVOKING Heroism.
 24468 | Orc:2    | 24468 ||| Stepping ~*~*~tactically~*~*~ (stealth).
 24469 | Orc:2    | 24469 ||| INVOKING Finesse.
 24474 | Orc:2    | 24474 ||| Stepping ~*~*~tactically~*~*~ (hiding).
 24505 | Orc:2    | Reached skill level 12 in Armour
 24518 | Orc:2    | Found Maefebun's Magic Scroll Shoppe.
 24760 | Orc:2    | Found Kuav's Weapon Shoppe.
 24766 | Orc:2    | 24766 ||| BUYING scroll of teleportation (51 gold).
 24766 | Orc:2    | Bought a scroll of teleportation for 51 gold pieces
 24766 | Orc:2    | 24766 ||| BUYING scroll of teleportation (51 gold).
 24766 | Orc:2    | Bought a scroll of teleportation for 51 gold pieces
 24780 | Orc:2    | 24780 ||| INVOKING Heroism.
 24800 | Orc:2    | Found Aschej's Armour Shop.
 24802 | Orc:2    | 24802 ||| INVOKING Heroism.
 25074 | Orc:2    | Found Vylecez's Magic Scroll Shoppe.
 25075 | Orc:2    | 25075 ||| INVOKING Heroism.
 25091 | Orc:2    | 25091 ||| BUYING scroll of brand weapon (142 gold).
 25091 | Orc:2    | Bought a scroll of brand weapon for 142 gold pieces
 25091 | Orc:2    | 25091 ||| BUYING scroll of enchant weapon (112 gold).
 25091 | Orc:2    | Bought a scroll of enchant weapon for 112 gold pieces
 25091 | Orc:2    | 25091 ||| BUYING scroll of enchant weapon (112 gold).
 25091 | Orc:2    | Bought a scroll of enchant weapon for 112 gold pieces
 25091 | Orc:2    | 25091 ||| BUYING scroll of teleportation (45 gold).
 25091 | Orc:2    | Bought a scroll of teleportation for 45 gold pieces
 25142 | Orc:2    | 25142 ||| PLANNING SNAKE:1-3
 25296 | Snake:1  | Entered Level 1 of the Snake Pit
 25547 | Snake:1  | Found Suockimi's Antique Armour Shop.
 25557 | Snake:1  | 25557 ||| BUYING pair of ichor-stained boots (332 gold).
 25557 | Snake:1  | Bought a pair of ichor-stained boots for 332 gold pieces
 25557 | Snake:1  | Identified the +1 pair of boots of Modesty {Regen+} (You
                  | bought it in a shop on level 1 of the Snake Pit)
 25579 | Snake:1  | Found Deyvvih's Antique Weapon Shop.
 25637 | Snake:1  | Found Reoj's General Store.
 25639 | Snake:1  | Found Rylagese's Antique Weapon Shop.
 25657 | Snake:1  | 25657 ||| BUYING brightly glowing morningstar (198 gold).
 25657 | Snake:1  | Bought a brightly glowing morningstar for 198 gold pieces
 25657 | Snake:1  | Identified the +9 morningstar of Punix {vorpal, rC+ Int+2}
                  | (You bought it in a shop on level 1 of the Snake Pit)
 25657 | Snake:1  | 25657 ||| SHOPLISTING runed morningstar (154 gold, have
                  | 58).
 25657 | Snake:1  | 25657 ||| DROPPING +0 morningstar.
 25663 | Snake:1  | 25663 ||| SHOPLISTING potion of resistance (140 gold, have
                  | 58).
 25681 | Snake:1  | 25681 ||| Stepping ~*~*~tactically~*~*~ (hiding).
 25682 | Snake:1  | 25682 ||| Stepping ~*~*~tactically~*~*~ (hiding).
 25901 | Snake:1  | 25901 ||| Stepping ~*~*~tactically~*~*~ (hiding).
 25902 | Snake:1  | 25902 ||| Stepping ~*~*~tactically~*~*~ (hiding).
 25970 | Snake:1  | 25970 ||| Stepping ~*~*~tactically~*~*~ (hiding).
 26004 | Snake:1  | 26004 ||| Stepping ~*~*~tactically~*~*~ (hiding).
 26035 | Snake:1  | 26035 ||| Stepping ~*~*~tactically~*~*~ (stealth).
 26037 | Snake:1  | 26037 ||| Stepping ~*~*~tactically~*~*~ (hiding).
 26039 | Snake:1  | 26039 ||| Stepping ~*~*~tactically~*~*~ (hiding).
 26200 | Snake:1  | Received a gift from Okawaru
 26271 | Snake:1  | 26271 ||| READING scroll of enchant armour.
 26271 | Snake:1  | 26271 ||| ENCHANTING +1 crystal plate armour.
 26661 | Snake:1  | Received a gift from Okawaru
 26684 | Snake:1  | 26684 ||| DROPPING +2 war axe of electrocution.
 26968 | Snake:1  | 26968 ||| DROPPING scarf of shadows.
 26969 | Snake:1  | 26969 ||| DROPPING +1 plate armour of Valour {rPois rC+
                  | rN+}.
 26970 | Snake:1  | 26970 ||| UPGRADING to +0 kite shield of protection.
 26980 | Snake:1  | 26980 ||| DROPPING +0 kite shield.
 26981 | Snake:1  | 26981 ||| UPGRADING to +2 hat.
 26986 | Snake:1  | 26986 ||| DROPPING +0 ice dragon scales.
 26987 | Snake:1  | 26987 ||| DROPPING scarf of harm.
 26988 | Snake:1  | 26988 ||| UPGRADING to +1 pair of boots of Modesty
                  | {Regen+}.
 26998 | Snake:1  | 26998 ||| DROPPING +1 pair of boots.
 27109 | Snake:2  | 27109 ||| Stepping ~*~*~tactically~*~*~ (hiding).
 27161 | Snake:2  | 27161 ||| Stepping ~*~*~tactically~*~*~ (stealth).
 27272 | Snake:2  | 27272 ||| Stepping ~*~*~tactically~*~*~ (hiding).
 27274 | Snake:2  | 27274 ||| Stepping ~*~*~tactically~*~*~ (hiding).
 27321 | Snake:2  | 27321 ||| Stepping ~*~*~tactically~*~*~ (stealth).
 27323 | Snake:2  | 27323 ||| Stepping ~*~*~tactically~*~*~ (hiding).
 27410 | Snake:2  | Reached skill level 15 in Armour
 27510 | Snake:2  | 27510 ||| Stepping ~*~*~tactically~*~*~ (hiding).
 27518 | Snake:2  | 27518 ||| INVOKING Heroism.
 27638 | Snake:2  | 27638 ||| Stepping ~*~*~tactically~*~*~ (stealth).
 27672 | Snake:2  | Found Kiduetzi's Book Boutique.
 27676 | Snake:2  | Found Retaf's Weapon Shop.
 27677 | Snake:2  | Found Suubleiz's Distillery.
 27684 | Snake:2  | 27684 ||| BUYING potion of curing (51 gold).
 27684 | Snake:2  | Bought a potion of curing for 51 gold pieces
 27684 | Snake:2  | 27684 ||| BUYING potion of curing (51 gold).
 27684 | Snake:2  | Bought a potion of curing for 51 gold pieces
 27684 | Snake:2  | 27684 ||| BUYING potion of curing (51 gold).
 27684 | Snake:2  | Bought a potion of curing for 51 gold pieces
 27684 | Snake:2  | 27684 ||| SHOPLISTING potion of curing (51 gold, have 18).
 27684 | Snake:2  | 27684 ||| SHOPLISTING potion of lignification (51 gold,
                  | have 18).
 27684 | Snake:2  | 27684 ||| SHOPLISTING potion of magic (136 gold, have 18).
 27684 | Snake:2  | 27684 ||| SHOPLISTING potion of might (68 gold, have 18).
 27742 | Snake:2  | Found Eghoas's Self-Improvement Boutique.
 27750 | Snake:2  | 27750 ||| INVOKING Heroism.
 27803 | Snake:2  | Reached XP level 17. HP: 109/109 MP: 24/24
 27826 | Snake:2  | 27826 ||| INVOKING Heroism.
 27892 | Snake:2  | 27892 ||| Stepping ~*~*~tactically~*~*~ (hiding).
 27893 | Snake:2  | 27893 ||| Stepping ~*~*~tactically~*~*~ (hiding).
 27894 | Snake:2  | 27894 ||| Stepping ~*~*~tactically~*~*~ (hiding).
 27900 | Snake:2  | 27900 ||| INVOKING Heroism.
 28176 | Snake:3  | Found Juzoalon's General Store.
 28180 | Snake:3  | 28180 ||| SHOPLISTING scroll of brand weapon (161 gold,
                  | have 18).
 28233 | Snake:3  | 28233 ||| INVOKING Heroism.
 28326 | Snake:3  | 28326 ||| INVOKING Heroism.
 28488 | Snake:3  | 28488 ||| Stepping ~*~*~tactically~*~*~ (hiding).
 28489 | Snake:3  | 28489 ||| Stepping ~*~*~tactically~*~*~ (hiding).
 28491 | Snake:3  | 28491 ||| Stepping ~*~*~tactically~*~*~ (hiding).
 28493 | Snake:3  | 28493 ||| Stepping ~*~*~tactically~*~*~ (hiding).
 28495 | Snake:3  | 28495 ||| INVOKING Heroism.
 28639 | Snake:3  | 28639 ||| Stepping ~*~*~tactically~*~*~ (hiding).
 28641 | Snake:3  | 28641 ||| INVOKING Heroism.
 28648 | Snake:3  | Identified the -2 hat of the Trombone {rElec} (Okawaru
                  | gifted it to you on level 3 of the Snake Pit)
 28648 | Snake:3  | Received a gift from Okawaru
 28781 | Snake:3  | 28781 ||| Stepping ~*~*~tactically~*~*~ (stealth).
 28783 | Snake:3  | 28783 ||| Stepping ~*~*~tactically~*~*~ (hiding).
 28842 | Snake:3  | 28842 ||| Stepping ~*~*~tactically~*~*~ (hiding).
 28846 | Snake:3  | 28846 ||| Stepping ~*~*~tactically~*~*~ (hiding).
 28860 | Snake:3  | 28860 ||| Stepping ~*~*~tactically~*~*~ (stealth).
 28862 | Snake:3  | 28862 ||| INVOKING Heroism.
 28897 | Snake:3  | 28897 ||| Stepping ~*~*~tactically~*~*~ (stealth).
 28899 | Snake:3  | 28899 ||| Stepping ~*~*~tactically~*~*~ (stealth).
 28900 | Snake:3  | 28900 ||| Stepping ~*~*~tactically~*~*~ (stealth).
 28910 | Snake:3  | 28910 ||| Stepping ~*~*~tactically~*~*~ (hiding).
 28942 | Snake:3  | 28942 ||| Stepping ~*~*~tactically~*~*~ (hiding).
 29023 | Snake:3  | 29023 ||| INVOKING Heroism.
 29069 | Snake:3  | 29069 ||| INVOKING Heroism.
 29273 | Snake:3  | Noticed Mara
 29274 | Snake:3  | 29274 ||| Stepping ~*~*~tactically~*~*~ (hiding).
 29277 | Snake:3  | 29277 ||| INVOKING Heroism.
 29278 | Snake:3  | 29278 ||| INVOKING Finesse.
 29290 | Snake:3  | Noticed qw's illusion
 29310 | Snake:3  | Noticed qw's illusion
 29330 | Snake:3  | Killed Mara
 29443 | Snake:3  | 29443 ||| Stepping ~*~*~tactically~*~*~ (hiding).
 29449 | Snake:3  | 29449 ||| INVOKING Heroism.
 29482 | Snake:3  | 29482 ||| PLANNING SWAMP:1-3
 29482 | Snake:3  | 29482 ||| UPGRADING to +1 kite shield of protection.
 29492 | Snake:3  | 29492 ||| DROPPING -2 hat of the Trombone {rElec}.
 29493 | Snake:3  | 29493 ||| UPGRADING to +2 tower shield of protection.
 29503 | Snake:3  | 29503 ||| DROPPING +1 kite shield of protection.
 29504 | Snake:3  | 29504 ||| DROPPING +0 kite shield of protection.
 29618 | Swamp:1  | Entered Level 1 of the Swamp
 29631 | Swamp:1  | 29631 ||| Stepping ~*~*~tactically~*~*~ (hiding).
 29633 | Swamp:1  | 29633 ||| INVOKING Heroism.
 29797 | Swamp:1  | 29797 ||| INVOKING Heroism.
 29812 | Swamp:1  | 29812 ||| Stepping ~*~*~tactically~*~*~ (cloud).
 29842 | Swamp:1  | 29842 ||| INVOKING Heroism.
 29911 | Swamp:1  | 29911 ||| INVOKING Heroism.
 30102 | Swamp:2  | 30102 ||| INVOKING Heroism.
 30108 | Swamp:2  | Reached skill level 15 in Shields
 30113 | Swamp:2  | 30113 ||| SWAPPING to +9 morningstar of Punix {vorpal, rC+
                  | Int+2}.
 30114 | Swamp:2  | 30114 ||| Stepping ~*~*~tactically~*~*~ (outnumbered).
 30115 | Swamp:2  | 30115 ||| Stepping ~*~*~tactically~*~*~ (outnumbered).
 30116 | Swamp:2  | 30116 ||| Stepping ~*~*~tactically~*~*~ (outnumbered).
 30121 | Swamp:2  | 30121 ||| Stepping ~*~*~tactically~*~*~ (outnumbered).
 30122 | Swamp:2  | 30122 ||| Stepping ~*~*~tactically~*~*~ (outnumbered).
 30123 | Swamp:2  | 30123 ||| Stepping ~*~*~tactically~*~*~ (outnumbered).
 30124 | Swamp:2  | 30124 ||| INVOKING Heroism.
 30125 | Swamp:2  | 30125 ||| SWAPPING to +5 war axe "Zelics" {freeze, Will+
                  | Int+4}.
 30185 | Swamp:2  | 30185 ||| Stepping ~*~*~tactically~*~*~ (hiding).
 30293 | Swamp:2  | 30293 ||| Stepping ~*~*~tactically~*~*~ (stealth).
 30328 | Swamp:2  | Identified the +0 robe of Kuhud {rF+} (Okawaru gifted it to
                  | you on level 2 of the Swamp)
 30328 | Swamp:2  | Received a gift from Okawaru
 30562 | Swamp:2  | Noticed a tentacled monstrosity
 30563 | Swamp:2  | 30563 ||| INVOKING Heroism.
 30564 | Swamp:2  | 30564 ||| INVOKING Finesse.
 30577 | Swamp:2  | Killed a tentacled monstrosity
 30616 | Swamp:2  | 30616 ||| Stepping ~*~*~tactically~*~*~ (hiding).
 30837 | Swamp:3  | 30837 ||| INVOKING Heroism.
 30893 | Swamp:3  | 30893 ||| INVOKING Heroism.
 30903 | Swamp:3  | Reached XP level 18. HP: 73/117 MP: 23/25
 30943 | Swamp:3  | 30943 ||| DROPPING +9 morningstar of Punix {vorpal, rC+
                  | Int+2}.
 30982 | Swamp:3  | 30982 ||| INVOKING Heroism.
 31020 | Swamp:3  | 31020 ||| Stepping ~*~*~tactically~*~*~ (hiding).
 31023 | Swamp:3  | 31023 ||| Stepping ~*~*~tactically~*~*~ (hiding).
 31132 | Swamp:3  | 31132 ||| INVOKING Heroism.
 31162 | Swamp:3  | Noticed a tentacled monstrosity
 31163 | Swamp:3  | 31163 ||| Stepping ~*~*~tactically~*~*~ (stealth).
 31164 | Swamp:3  | 31164 ||| Stepping ~*~*~tactically~*~*~ (stealth).
 31165 | Swamp:3  | 31165 ||| INVOKING Finesse.
 31170 | Swamp:3  | 31170 ||| INVOKING Heroism.
 31180 | Swamp:3  | Killed a tentacled monstrosity
 31268 | Swamp:3  | 31268 ||| READING scroll of enchant armour.
 31268 | Swamp:3  | 31268 ||| ENCHANTING +2 crystal plate armour.
 31270 | Swamp:3  | 31270 ||| INVOKING Heroism.
 31464 | Swamp:3  | 31464 ||| READING scroll of enchant armour.
 31464 | Swamp:3  | 31464 ||| ENCHANTING +3 crystal plate armour.
 31575 | Swamp:3  | 31575 ||| PLANNING SNAKE:4
 31696 | Snake:4  | Entered Level 4 of the Snake Pit
 31696 | Snake:4  | Found Axzutt's Antique Armour Shop.
 31703 | Snake:4  | 31703 ||| INVOKING Heroism.
 31762 | Snake:4  | 31762 ||| INVOKING Heroism.
 31784 | Snake:4  | 31784 ||| SWAPPING to +2 vorpal broad axe.
 31785 | Snake:4  | 31785 ||| DROPPING +5 war axe "Zelics" {freeze, Will+
                  | Int+4}.
 31786 | Snake:4  | 31786 ||| DROPPING +0 broad axe.
 31787 | Snake:4  | 31787 ||| READING scroll of brand weapon.
 31787 | Snake:4  | 31787 ||| BRANDING +2 vorpal broad axe.
 31788 | Snake:4  | 31788 ||| READING 4 scrolls of enchant weapon.
 31788 | Snake:4  | 31788 ||| ENCHANTING +2 broad axe of flaming.
 31789 | Snake:4  | 31789 ||| READING 3 scrolls of enchant weapon.
 31789 | Snake:4  | 31789 ||| ENCHANTING +3 broad axe of flaming.
 31790 | Snake:4  | 31790 ||| READING 2 scrolls of enchant weapon.
 31790 | Snake:4  | 31790 ||| ENCHANTING +4 broad axe of flaming.
 31791 | Snake:4  | 31791 ||| READING scroll of enchant weapon.
 31791 | Snake:4  | 31791 ||| ENCHANTING +5 broad axe of flaming.
 31840 | Snake:4  | 31840 ||| INVOKING Heroism.
 31881 | Snake:4  | 31881 ||| Stepping ~*~*~tactically~*~*~ (stealth).
 31928 | Snake:4  | 31928 ||| Stepping ~*~*~tactically~*~*~ (hiding).
 31938 | Snake:4  | 31938 ||| Stepping ~*~*~tactically~*~*~ (stealth).
 31948 | Snake:4  | 31948 ||| INVOKING Heroism.
 32128 | Snake:4  | 32128 ||| Stepping ~*~*~tactically~*~*~ (hiding).
 32133 | Snake:4  | 32133 ||| INVOKING Heroism.
 32213 | Snake:4  | Found a sacrificial altar of Ru.
 32296 | Snake:4  | 32296 ||| Stepping ~*~*~tactically~*~*~ (stealth).
 32298 | Snake:4  | 32298 ||| INVOKING Heroism.
 32318 | Snake:4  | Received a gift from Okawaru
 32452 | Snake:4  | 32452 ||| Stepping ~*~*~tactically~*~*~ (hiding).
 32456 | Snake:4  | 32456 ||| INVOKING Heroism.
 32462 | Snake:4  | 32462 ||| Stepping ~*~*~tactically~*~*~ (hiding).
 32548 | Snake:4  | 32548 ||| INVOKING Heroism.
 32590 | Snake:4  | 32590 ||| INVOKING Heroism.
 32690 | Snake:4  | 32690 ||| Stepping ~*~*~tactically~*~*~ (hiding).
 32691 | Snake:4  | 32691 ||| Stepping ~*~*~tactically~*~*~ (hiding).
 32799 | Snake:4  | 32799 ||| Stepping ~*~*~tactically~*~*~ (hiding).
 32800 | Snake:4  | 32800 ||| Stepping ~*~*~tactically~*~*~ (hiding).
 32801 | Snake:4  | 32801 ||| Stepping ~*~*~tactically~*~*~ (hiding).
 32803 | Snake:4  | 32803 ||| INVOKING Heroism.
 32947 | Snake:4  | 32947 ||| INVOKING Heroism.
 32985 | Snake:4  | 32985 ||| INVOKING Heroism.
 32997 | Snake:4  | Received a gift from Okawaru
 33142 | Snake:4  | 33142 ||| INVOKING Heroism.
 33146 | Snake:4  | Received a gift from Okawaru
 33201 | Snake:4  | Got a serpentine rune of Zot
 33342 | Snake:4  | 33342 ||| PLANNING VAULTS:1-4
 33617 | Vaults:1 | Entered Level 1 of the Vaults
 33618 | Vaults:1 | 33618 ||| INVOKING Heroism.
 33631 | Vaults:1 | Reached skill level 18 in Axes
 33631 | Vaults:1 | Reached XP level 19. HP: 82/122 MP: 26/26
 33631 | Vaults:1 | 33631 ||| Stepping ~*~*~tactically~*~*~ (hiding).
 33866 | Vaults:1 | 33866 ||| INVOKING Heroism.
 33890 | Vaults:1 | 33890 ||| Stepping ~*~*~tactically~*~*~ (hiding).
 33891 | Vaults:1 | 33891 ||| Stepping ~*~*~tactically~*~*~ (hiding).
 33897 | Vaults:1 | 33897 ||| INVOKING Heroism.
 33899 | Vaults:1 | 33899 ||| Stepping ~*~*~tactically~*~*~ (stealth).
 33937 | Vaults:1 | 33937 ||| Stepping ~*~*~tactically~*~*~ (stealth).
 33939 | Vaults:1 | 33939 ||| Stepping ~*~*~tactically~*~*~ (stealth).
 33952 | Vaults:1 | Reached skill level 18 in Shields
 34052 | Vaults:1 | 34052 ||| Stepping ~*~*~tactically~*~*~ (stealth).
 34058 | Vaults:1 | Reached skill level 15 in Fighting
 34082 | Vaults:1 | 34082 ||| INVOKING Heroism.
 34153 | Vaults:1 | 34153 ||| INVOKING Heroism.
 34154 | Vaults:1 | 34154 ||| INVOKING Finesse.
 34178 | Vaults:1 | 34178 ||| Stepping ~*~*~tactically~*~*~ (hiding).
 34189 | Vaults:1 | Identified the +11 crystal plate armour of Gehenna {Regen+}
                  | (Okawaru gifted it to you on level 1 of the Vaults)
 34189 | Vaults:1 | Received a gift from Okawaru
 34213 | Vaults:1 | Reached skill level 18 in Armour
 34229 | Vaults:1 | Noticed Saint Roka
 34230 | Vaults:1 | 34230 ||| Stepping ~*~*~tactically~*~*~ (hiding).
 34236 | Vaults:1 | 34236 ||| INVOKING Heroism.
 34237 | Vaults:1 | 34237 ||| INVOKING Finesse.
 34255 | Vaults:1 | Killed Saint Roka
 34447 | Vaults:1 | 34447 ||| Stepping ~*~*~tactically~*~*~ (hiding).
 34459 | Vaults:1 | 34459 ||| Stepping ~*~*~tactically~*~*~ (stealth).
 34464 | Vaults:1 | 34464 ||| INVOKING Heroism.
 34563 | Vaults:1 | 34563 ||| INVOKING Heroism.
 34564 | Vaults:1 | 34564 ||| INVOKING Finesse.
 35024 | Vaults:1 | 35024 ||| INVOKING Heroism.
 35238 | Vaults:1 | 35238 ||| Stepping ~*~*~tactically~*~*~ (stealth).
 35244 | Vaults:1 | 35244 ||| Stepping ~*~*~tactically~*~*~ (stealth).
 35245 | Vaults:1 | 35245 ||| Stepping ~*~*~tactically~*~*~ (stealth).
 35381 | Vaults:1 | 35381 ||| Stepping ~*~*~tactically~*~*~ (stealth).
 35409 | Vaults:1 | 35409 ||| UPGRADING to +11 crystal plate armour of Gehenna
                  | {Regen+}.
 35419 | Vaults:1 | 35419 ||| DROPPING +4 crystal plate armour.
 35420 | Vaults:1 | 35420 ||| DROPPING +5 ring mail of Muphopsi {rElec rF+++
                  | Regen+ Int-4}.
 35468 | Vaults:2 | 35468 ||| INVOKING Heroism.
 35533 | Vaults:2 | 35533 ||| FLEEEEING.
 35534 | Vaults:2 | 35534 ||| FLEEEEING.
 35535 | Vaults:2 | 35535 ||| FLEEEEING.
 35536 | Vaults:2 | 35536 ||| FLEEEEING.
 35547 | Vaults:2 | 35547 ||| FLEEEEING.
 35548 | Vaults:2 | 35548 ||| FLEEEEING.
 35549 | Vaults:2 | 35549 ||| FLEEEEING.
 35550 | Vaults:2 | 35550 ||| FLEEEEING.
 35564 | Vaults:2 | 35564 ||| FLEEEEING.
 35565 | Vaults:2 | 35565 ||| FLEEEEING.
 35566 | Vaults:2 | 35566 ||| FLEEEEING.
 35567 | Vaults:2 | 35567 ||| FLEEEEING.
 35574 | Vaults:2 | 35574 ||| STAIRDANCE
 35778 | Vaults:2 | 35778 ||| STAIRDANCE
 36114 | Vaults:2 | 36114 ||| INVOKING Heroism.
 36450 | Vaults:2 | 36450 ||| Stepping ~*~*~tactically~*~*~ (hiding).
 36481 | Vaults:2 | Reached XP level 20. HP: 131/131 MP: 27/27
 36529 | Vaults:2 | 36529 ||| Stepping ~*~*~tactically~*~*~ (stealth).
 36530 | Vaults:2 | 36530 ||| Stepping ~*~*~tactically~*~*~ (stealth).
 36533 | Vaults:2 | 36533 ||| INVOKING Heroism.
 36775 | Vaults:2 | 36775 ||| INVOKING Heroism.
 36826 | Vaults:2 | 36826 ||| INVOKING Heroism.
 36827 | Vaults:2 | 36827 ||| INVOKING Finesse.
 36840 | Vaults:2 | 36840 ||| Stepping ~*~*~tactically~*~*~ (hiding).
 36858 | Vaults:2 | Received a gift from Okawaru
 37068 | Vaults:2 | Found a staircase to the Crypt.
 37230 | Vaults:3 | 37230 ||| READING scroll of enchant weapon.
 37230 | Vaults:3 | 37230 ||| ENCHANTING +6 broad axe of flaming.
 37249 | Vaults:3 | 37249 ||| INVOKING Heroism.
 37423 | Vaults:3 | 37423 ||| Stepping ~*~*~tactically~*~*~ (hiding).
 37455 | Vaults:3 | 37455 ||| Stepping ~*~*~tactically~*~*~ (stealth).
 37457 | Vaults:3 | 37457 ||| Stepping ~*~*~tactically~*~*~ (hiding).
 37507 | Vaults:3 | 37507 ||| FLEEEEING.
 37508 | Vaults:3 | 37508 ||| FLEEEEING.
 37513 | Vaults:3 | 37513 ||| FLEEEEING.
 37514 | Vaults:3 | 37514 ||| FLEEEEING.
 37515 | Vaults:3 | 37515 ||| FLEEEEING.
 37516 | Vaults:3 | 37516 ||| FLEEEEING.
 37523 | Vaults:3 | 37523 ||| FLEEEEING.
 37524 | Vaults:3 | 37524 ||| FLEEEEING.
 37525 | Vaults:3 | 37525 ||| FLEEEEING.
 37526 | Vaults:3 | 37526 ||| FLEEEEING.
 37527 | Vaults:3 | 37527 ||| FLEEEEING.
 37528 | Vaults:3 | 37528 ||| FLEEEEING.
 37529 | Vaults:3 | 37529 ||| FLEEEEING.
 37530 | Vaults:3 | 37530 ||| FLEEEEING.
 37536 | Vaults:3 | 37536 ||| FLEEEEING.
 37537 | Vaults:3 | 37537 ||| FLEEEEING.
 37540 | Vaults:3 | 37540 ||| STAIRDANCE
 37645 | Vaults:3 | 37645 ||| STAIRDANCE
 37749 | Vaults:3 | 37749 ||| STAIRDANCE
 37757 | Vaults:2 | Reached skill level 6 in Throwing
 37861 | Vaults:3 | 37861 ||| STAIRDANCE
 37879 | Vaults:3 | 37879 ||| STAIRDANCE
 37885 | Vaults:3 | 37885 ||| Stepping randomly (disturbance).
 37886 | Vaults:3 | 37886 ||| Stepping randomly (disturbance).
 37887 | Vaults:3 | 37887 ||| Stepping randomly (disturbance).
 37888 | Vaults:3 | 37888 ||| Stepping randomly (disturbance).
 37970 | Vaults:3 | Found Dierph's Magic Scroll Boutique.
 37973 | Vaults:3 | 37973 ||| BUYING scroll of brand weapon (171 gold).
 37973 | Vaults:3 | Bought a scroll of brand weapon for 171 gold pieces
 37973 | Vaults:3 | 37973 ||| BUYING scroll of enchant armour (135 gold).
 37973 | Vaults:3 | Bought a scroll of enchant armour for 135 gold pieces
 37973 | Vaults:3 | 37973 ||| BUYING scroll of teleportation (54 gold).
 37973 | Vaults:3 | Bought a scroll of teleportation for 54 gold pieces
 37973 | Vaults:3 | 37973 ||| BUYING scroll of teleportation (54 gold).
 37973 | Vaults:3 | Bought a scroll of teleportation for 54 gold pieces
 37973 | Vaults:3 | 37973 ||| READING scroll of brand weapon.
 37973 | Vaults:3 | 37973 ||| BRANDING +7 broad axe of flaming.
 37976 | Vaults:3 | 37976 ||| Stepping ~*~*~tactically~*~*~ (hiding).
 38143 | Vaults:3 | 38143 ||| INVOKING Heroism.
 38257 | Vaults:3 | 38257 ||| Stepping ~*~*~tactically~*~*~ (hiding).
 38258 | Vaults:3 | 38258 ||| Stepping ~*~*~tactically~*~*~ (hiding).
 38450 | Vaults:3 | 38450 ||| Stepping ~*~*~tactically~*~*~ (hiding).
 38672 | Vaults:3 | 38672 ||| Stepping ~*~*~tactically~*~*~ (hiding).
 38674 | Vaults:3 | 38674 ||| Stepping ~*~*~tactically~*~*~ (hiding).
 38687 | Vaults:3 | 38687 ||| FLEEEEING.
 38693 | Vaults:3 | 38693 ||| INVOKING Heroism.
 38964 | Vaults:3 | 38964 ||| DROPPING amulet of the acrobat.
 39035 | Vaults:4 | Identified the +1 pair of boots "Zyxu" {Rampage rElec Will+
                  | Int-2} (Okawaru gifted it to you on level 4 of the Vaults)
 39035 | Vaults:4 | Received a gift from Okawaru
 39053 | Vaults:4 | 39053 ||| INVOKING Heroism.
 39054 | Vaults:4 | 39054 ||| INVOKING Finesse.
 39064 | Vaults:4 | Paralysed by a great orb of eyes for 2 turns
 39125 | Vaults:4 | 39125 ||| INVOKING Heroism.
 39145 | Vaults:4 | 39145 ||| DRINKING 13 potions of curing.
 39145 | Vaults:4 | 39145 ||| (to cure confusion)
 39147 | Vaults:4 | 39147 ||| DRINKING 12 potions of curing.
 39147 | Vaults:4 | 39147 ||| (to cure confusion)
 39494 | Vaults:4 | 39494 ||| INVOKING Heroism.
 39531 | Vaults:4 | 39531 ||| Stepping ~*~*~tactically~*~*~ (hiding).
 39532 | Vaults:4 | 39532 ||| Stepping ~*~*~tactically~*~*~ (hiding).
 39544 | Vaults:4 | Reached XP level 21. HP: 139/139 MP: 28/28
 39633 | Vaults:4 | 39633 ||| INVOKING Heroism.
 39681 | Vaults:4 | 39681 ||| INVOKING Heroism.
 39712 | Vaults:4 | 39712 ||| INVOKING Finesse.
 39713 | Vaults:4 | 39713 ||| INVOKING Heroism.
 39714 | Vaults:4 | 39714 ||| Stepping ~*~*~tactically~*~*~ (hiding).
 39715 | Vaults:4 | 39715 ||| Stepping ~*~*~tactically~*~*~ (hiding).
 39731 | Vaults:4 | Received a gift from Okawaru
 39759 | Vaults:4 | Paralysed by a sphinx for 5 turns
 39817 | Vaults:4 | 39817 ||| Stepping ~*~*~tactically~*~*~ (hiding).
 39820 | Vaults:4 | 39820 ||| Stepping ~*~*~tactically~*~*~ (hiding).
 39828 | Vaults:4 | 39828 ||| INVOKING Heroism.
 39906 | Vaults:4 | 39906 ||| INVOKING Heroism.
 40021 | Vaults:4 | 40021 ||| Stepping ~*~*~tactically~*~*~ (stealth).
 40023 | Vaults:4 | 40023 ||| Stepping ~*~*~tactically~*~*~ (hiding).
 40027 | Vaults:4 | 40027 ||| INVOKING Heroism.
 40032 | Vaults:4 | Received a gift from Okawaru
 40046 | Vaults:4 | Reached skill level 18 in Fighting
 40049 | Vaults:4 | Identified the +6 broad axe "Hesaeste" {protect, rPois
                  | Str+6 Dex-3} (Okawaru gifted it to you on level 4 of the
                  | Vaults)
 40049 | Vaults:4 | Received a gift from Okawaru
 40083 | Vaults:4 | 40083 ||| INVOKING Heroism.
 40340 | Vaults:4 | 40340 ||| SWAPPING to +6 broad axe "Hesaeste" {protect,
                  | rPois Str+6 Dex-3}.
 40341 | Vaults:4 | 40341 ||| DROPPING +7 broad axe of chaos.
 40493 | Vaults:4 | 40493 ||| Stepping ~*~*~tactically~*~*~ (hiding).
 40494 | Vaults:4 | 40494 ||| Stepping ~*~*~tactically~*~*~ (hiding).
 40864 | Vaults:4 | 40864 ||| PLANNING SWAMP:4
 40864 | Vaults:4 | 40864 ||| DROPPING +1 pair of boots "Zyxu" {Rampage rElec
                  | Will+ Int-2}.
 41172 | Swamp:4  | Entered Level 4 of the Swamp
 41176 | Swamp:4  | 41176 ||| Stepping ~*~*~tactically~*~*~ (hiding).
 41177 | Swamp:4  | 41177 ||| Stepping ~*~*~tactically~*~*~ (hiding).
 41371 | Swamp:4  | 41371 ||| Stepping ~*~*~tactically~*~*~ (stealth).
 41441 | Swamp:4  | Received a gift from Okawaru
 41464 | Swamp:4  | 41464 ||| INVOKING Heroism.
 41522 | Swamp:4  | 41522 ||| Stepping ~*~*~tactically~*~*~ (stealth).
 41523 | Swamp:4  | 41523 ||| Stepping ~*~*~tactically~*~*~ (stealth).
 41530 | Swamp:4  | 41530 ||| Stepping ~*~*~tactically~*~*~ (hiding).
 41535 | Swamp:4  | Paralysed by something for 4 turns
 41542 | Swamp:4  | 41542 ||| INVOKING Heroism.
 41547 | Swamp:4  | Reached skill level 21 in Armour
 41571 | Swamp:4  | 41571 ||| Stepping ~*~*~tactically~*~*~ (stealth).
 41724 | Swamp:4  | 41724 ||| Stepping ~*~*~tactically~*~*~ (hiding).
 41727 | Swamp:4  | 41727 ||| INVOKING Heroism.
 41792 | Swamp:4  | Found a runed translucent door.
 41800 | Swamp:4  | 41800 ||| INVOKING Heroism.
 42065 | Swamp:4  | 42065 ||| Stepping ~*~*~tactically~*~*~ (stealth).
 42066 | Swamp:4  | 42066 ||| Stepping ~*~*~tactically~*~*~ (stealth).
 42067 | Swamp:4  | 42067 ||| Stepping ~*~*~tactically~*~*~ (stealth).
 42068 | Swamp:4  | 42068 ||| Stepping ~*~*~tactically~*~*~ (stealth).
 42069 | Swamp:4  | 42069 ||| Stepping ~*~*~tactically~*~*~ (stealth).
 42103 | Swamp:4  | 42103 ||| FLEEEEING.
 42147 | Swamp:4  | 42147 ||| Stepping ~*~*~tactically~*~*~ (stealth).
 42211 | Swamp:4  | Found a basalt altar of Yredelemnul.
 42246 | Swamp:4  | 42246 ||| Stepping ~*~*~tactically~*~*~ (hiding).
 42247 | Swamp:4  | 42247 ||| Stepping ~*~*~tactically~*~*~ (hiding).
 42249 | Swamp:4  | 42249 ||| Stepping ~*~*~tactically~*~*~ (stealth).
 42261 | Swamp:4  | 42261 ||| Stepping ~*~*~tactically~*~*~ (stealth).
 42262 | Swamp:4  | Found a blossoming altar of Fedhas.
 42264 | Swamp:4  | 42264 ||| INVOKING Heroism.
 42265 | Swamp:4  | 42265 ||| INVOKING Finesse.
 42284 | Swamp:4  | Reached skill level 9 in Throwing
 42289 | Swamp:4  | 42289 ||| DRINKING 5 potions of cancellation.
 42335 | Swamp:4  | 42335 ||| INVOKING Heroism.
 42336 | Swamp:4  | 42336 ||| INVOKING Finesse.
 42374 | Swamp:4  | Got a decaying rune of Zot
 42375 | Swamp:4  | 42375 ||| PLANNING DEPTHS
 42375 | Swamp:4  | 42375 ||| READING 18 scrolls of teleportation.
 42684 | Depths:1 | Entered Level 1 of the Depths
 42687 | Depths:1 | 42687 ||| INVOKING Heroism.
 42688 | Depths:1 | 42688 ||| INVOKING Finesse.
 42718 | Depths:1 | 42718 ||| INVOKING Finesse.
 42729 | Depths:1 | Received a gift from Okawaru
 42730 | Depths:1 | Reached XP level 22. HP: 148/148 MP: 21/29
 42803 | Depths:1 | 42803 ||| Stepping ~*~*~tactically~*~*~ (stealth).
 42805 | Depths:1 | 42805 ||| INVOKING Heroism.
 42881 | Depths:1 | 42881 ||| Stepping ~*~*~tactically~*~*~ (hiding).
 43048 | Depths:1 | 43048 ||| Stepping ~*~*~tactically~*~*~ (hiding).
 43049 | Depths:1 | 43049 ||| Stepping ~*~*~tactically~*~*~ (hiding).
 43172 | Depths:1 | 43172 ||| Stepping ~*~*~tactically~*~*~ (hiding).
 43173 | Depths:1 | 43173 ||| Stepping ~*~*~tactically~*~*~ (hiding).
 43199 | Depths:1 | 43199 ||| Stepping ~*~*~tactically~*~*~ (stealth).
 43202 | Depths:1 | 43202 ||| INVOKING Heroism.
 43205 | Depths:1 | 43205 ||| INVOKING Finesse.
 43209 | Depths:1 | Identified the +2 pair of gloves "Qefoesa" {Int+2} (Okawaru
                  | gifted it to you on level 1 of the Depths)
 43209 | Depths:1 | Received a gift from Okawaru
 43210 | Depths:1 | 43210 ||| Stepping ~*~*~tactically~*~*~ (hiding).
 43221 | Depths:1 | Paralysed by a floating eye for 3 turns
 43242 | Depths:1 | 43242 ||| Stepping ~*~*~tactically~*~*~ (hiding).
 43278 | Depths:1 | 43278 ||| Stepping ~*~*~tactically~*~*~ (stealth).
 43290 | Depths:1 | 43290 ||| Stepping ~*~*~tactically~*~*~ (hiding).
 43294 | Depths:1 | 43294 ||| INVOKING Heroism.
 43300 | Depths:1 | 43300 ||| INVOKING Finesse.
 43323 | Depths:1 | Found a gateway to Hell.
 43365 | Depths:1 | 43365 ||| INVOKING Finesse.
 43380 | Depths:1 | HP: 36/149 [hell knight/bolt of fire (8)]
 43381 | Depths:1 | 43381 ||| READING 17 scrolls of teleportation.
 43382 | Depths:1 | 43382 ||| DRINKING 10 potions of heal wounds.
 43386 | Depths:1 | Found Juorgh's Magic Scroll Emporium.
 43442 | Depths:1 | 43442 ||| BUYING scroll of enchant weapon (150 gold).
 43442 | Depths:1 | Bought a scroll of enchant weapon for 150 gold pieces
 43442 | Depths:1 | 43442 ||| BUYING scroll of teleportation (60 gold).
 43442 | Depths:1 | Bought a scroll of teleportation for 60 gold pieces
 43463 | Depths:1 | 43463 ||| INVOKING Heroism.
 43464 | Depths:1 | 43464 ||| INVOKING Finesse.
 43465 | Depths:1 | Found Nupn's Mass Market.
 43566 | Depths:1 | Identified the +2 leather armour of the Hanged Man {rF+++
                  | rC- Dex+4 SInv}
 43629 | Depths:1 | 43629 ||| INVOKING Heroism.
 43630 | Depths:1 | 43630 ||| INVOKING Finesse.
 43903 | Depths:1 | Found a one-way gate leading to the halls of Pandemonium.
 43905 | Depths:1 | 43905 ||| DROPPING +2 pair of gloves "Qefoesa" {Int+2}.
 43912 | Depths:1 | 43912 ||| Stepping ~*~*~tactically~*~*~ (stealth).
 43964 | Depths:1 | 43964 ||| Stepping ~*~*~tactically~*~*~ (hiding).
 43993 | Depths:2 | Found a corrupted altar of Lugonu.
 43993 | Depths:2 | Found a one-way gate to the infinite horrors of the Abyss.
 43996 | Depths:2 | 43996 ||| Stepping ~*~*~tactically~*~*~ (hiding).
 44100 | Depths:2 | 44100 ||| INVOKING Heroism.
 44101 | Depths:2 | 44101 ||| INVOKING Finesse.
 44110 | Depths:2 | Noticed Sojobo
 44141 | Depths:2 | Paralysed by an air elemental for 1 turns
 44154 | Depths:2 | Killed Sojobo
 44203 | Depths:2 | 44203 ||| INVOKING Heroism.
 44584 | Depths:2 | Found Quxo Vaowuo's Antique Weapon Emporium.
 44585 | Depths:2 | 44585 ||| FLEEEEING.
 44586 | Depths:2 | 44586 ||| FLEEEEING.
 44596 | Depths:2 | 44596 ||| INVOKING Heroism.
 44623 | Depths:2 | 44623 ||| Stepping ~*~*~tactically~*~*~ (hiding).
 44625 | Depths:2 | 44625 ||| Stepping ~*~*~tactically~*~*~ (hiding).
 44637 | Depths:2 | 44637 ||| INVOKING Heroism.
 44678 | Depths:2 | 44678 ||| DRINKING 15 potions of curing.
 44678 | Depths:2 | 44678 ||| (to cure confusion)
 44728 | Depths:2 | Found Umarchaicw's Armour Shoppe.
 44806 | Depths:2 | 44806 ||| READING 18 scrolls of teleportation.
 44843 | Depths:2 | 44843 ||| READING 17 scrolls of teleportation.
 44855 | Depths:3 | 44855 ||| INVOKING Heroism.
 44884 | Depths:3 | Found Weco's General Store.
 44888 | Depths:3 | Found Hiurymim's Specific Store.
 44890 | Depths:3 | 44890 ||| Stepping ~*~*~tactically~*~*~ (hiding).
 44891 | Depths:3 | 44891 ||| Stepping ~*~*~tactically~*~*~ (hiding).
 44892 | Depths:3 | 44892 ||| INVOKING Heroism.
 44901 | Depths:3 | Received a gift from Okawaru
 44921 | Depths:3 | 44921 ||| BUYING potion of mutation (104 gold).
 44921 | Depths:3 | Bought a potion of mutation for 104 gold pieces
 44921 | Depths:3 | 44921 ||| BUYING scroll of teleportation (39 gold).
 44921 | Depths:3 | Bought a scroll of teleportation for 39 gold pieces
 45042 | Depths:3 | 45042 ||| INVOKING Heroism.
 45077 | Depths:3 | Received a gift from Okawaru
 45148 | Depths:3 | 45148 ||| INVOKING Heroism.
 45151 | Depths:3 | 45151 ||| INVOKING Finesse.
 45271 | Depths:3 | 45271 ||| Stepping ~*~*~tactically~*~*~ (stealth).
 45274 | Depths:3 | 45274 ||| INVOKING Heroism.
 45276 | Depths:3 | 45276 ||| INVOKING Finesse.
 45340 | Depths:3 | Found a one-way gateway to a ziggurat.
 45350 | Depths:3 | Noticed Frederick
 45351 | Depths:3 | 45351 ||| INVOKING Heroism.
 45353 | Depths:3 | 45353 ||| INVOKING Finesse.
 45362 | Depths:3 | Reached XP level 23. HP: 154/156 MP: 23/30
 45385 | Depths:3 | Received a gift from Okawaru
 45400 | Depths:3 | 45400 ||| INVOKING Heroism.
 45432 | Depths:3 | Killed Frederick
 45454 | Depths:3 | 45454 ||| Stepping ~*~*~tactically~*~*~ (stealth).
 45457 | Depths:3 | 45457 ||| INVOKING Heroism.
 45461 | Depths:3 | 45461 ||| INVOKING Finesse.
 45461 | Depths:3 | Noticed a golden dragon
 45462 | Depths:3 | Noticed a caustic shrike
 45467 | Depths:3 | Reached skill level 21 in Shields
 45471 | Depths:3 | Noticed a caustic shrike
 45474 | Depths:3 | Noticed a caustic shrike
 45476 | Depths:3 | Noticed a caustic shrike
 45484 | Depths:3 | Killed a golden dragon
 45490 | Depths:3 | Killed a caustic shrike
 45491 | Depths:3 | Killed a caustic shrike
 45492 | Depths:3 | Noticed a caustic shrike
 45503 | Depths:3 | Killed a caustic shrike
 45504 | Depths:3 | Killed a caustic shrike
 45504 | Depths:3 | Noticed a caustic shrike
 45513 | Depths:3 | Noticed a juggernaut
 45518 | Depths:3 | Killed a caustic shrike
 45527 | Depths:3 | Killed a caustic shrike
 45536 | Depths:3 | Killed a juggernaut
 45537 | Depths:3 | Reached skill level 21 in Fighting
 45563 | Depths:3 | Identified the +0 robe of Marbles {Rampage Will+ Str+2
                  | Stlth-}
 45573 | Depths:3 | Received a gift from Okawaru
 45574 | Depths:3 | 45574 ||| INVOKING Finesse.
 45582 | Depths:3 | HP: 32/160 [living spell/divine providence[a walking divine
                  | tome] (13)]
 45583 | Depths:3 | 45583 ||| READING 17 scrolls of teleportation.
 45583 | Depths:3 | HP: 10/160 [living spell/divine providence[a walking divine
                  | tome] (11)]
 45584 | Depths:3 | 45584 ||| DRINKING 9 potions of heal wounds.
 45650 | Depths:3 | 45650 ||| INVOKING Heroism.
 45651 | Depths:3 | 45651 ||| INVOKING Finesse.
 45690 | Depths:3 | Reached skill level 12 in Throwing
 45698 | Depths:3 | 45698 ||| Stepping ~*~*~tactically~*~*~ (hiding).
 45701 | Depths:3 | 45701 ||| INVOKING Heroism.
 45842 | Depths:3 | 45842 ||| INVOKING Heroism.
 45843 | Depths:3 | 45843 ||| INVOKING Finesse.
 45918 | Depths:3 | 45918 ||| INVOKING Finesse.
 45932 | Depths:3 | 45932 ||| INVOKING Heroism.
 46238 | Depths:4 | Entered Level 4 of the Depths
 46238 | Depths:4 | Noticed a juggernaut
 46239 | Depths:4 | 46239 ||| INVOKING Heroism.
 46240 | Depths:4 | 46240 ||| INVOKING Finesse.
 46241 | Depths:4 | 46241 ||| STAIRDANCE
 46253 | Depths:3 | Killed a juggernaut
 46339 | Depths:4 | 46339 ||| INVOKING Heroism.
 46517 | Depths:4 | 46517 ||| INVOKING Heroism.
 46879 | Depths:4 | 46879 ||| INVOKING Heroism.
 46880 | Depths:4 | 46880 ||| INVOKING Finesse.
 46899 | Depths:4 | Noticed a juggernaut
 46918 | Depths:4 | Killed a juggernaut
 46937 | Depths:4 | 46937 ||| INVOKING Heroism.
 46956 | Depths:4 | Received a gift from Okawaru
 46957 | Depths:4 | 46957 ||| Stepping ~*~*~tactically~*~*~ (hiding).
 47020 | Depths:4 | 47020 ||| Stepping ~*~*~tactically~*~*~ (hiding).
 47044 | Depths:4 | 47044 ||| INVOKING Heroism.
 47045 | Depths:4 | 47045 ||| INVOKING Finesse.
 47130 | Depths:4 | 47130 ||| INVOKING Heroism.
 47132 | Depths:4 | 47132 ||| INVOKING Finesse.
 47145 | Depths:4 | Reached XP level 24. HP: 139/168 MP: 24/30
 47154 | Depths:4 | Received a gift from Okawaru
 47159 | Depths:4 | 47159 ||| DRINKING 4 potions of cancellation.
 47300 | Depths:4 | Found a gate to the Realm of Zot.
 47301 | Depths:4 | 47301 ||| INVOKING Heroism.
 47401 | Depths:4 | 47401 ||| INVOKING Heroism.
 47406 | Depths:4 | Received a gift from Okawaru
 47462 | Depths:4 | 47462 ||| Stepping ~*~*~tactically~*~*~ (hiding).
 47555 | Depths:4 | Found a stormy altar of Qazlal.
 47631 | Depths:4 | 47631 ||| PLANNING VAULTS:5
 47631 | Depths:4 | 47631 ||| DROPPING ring of fire.
 47927 | Vaults:5 | Entered Level 5 of the Vaults
 47928 | Vaults:5 | 47928 ||| INVOKING Heroism.
 47929 | Vaults:5 | 47929 ||| STAIRDANCE
 47960 | Vaults:5 | Received a gift from Okawaru
 47965 | Vaults:5 | 47965 ||| STAIRDANCE
 47967 | Vaults:4 | 47967 ||| INVOKING Heroism.
 47994 | Vaults:5 | 47994 ||| STAIRDANCE
 48002 | Vaults:4 | Received a gift from Okawaru
 48016 | Vaults:5 | 48016 ||| STAIRDANCE
 48018 | Vaults:4 | 48018 ||| INVOKING Heroism.
 48047 | Vaults:5 | 48047 ||| STAIRDANCE
 48060 | Vaults:4 | Received a gift from Okawaru
 48074 | Vaults:5 | 48074 ||| INVOKING Heroism.
 48080 | Vaults:5 | 48080 ||| STAIRDANCE
 48095 | Vaults:5 | 48095 ||| STAIRDANCE
 48134 | Vaults:5 | 48134 ||| STAIRDANCE
 48153 | Vaults:5 | 48153 ||| INVOKING Heroism.
 48213 | Vaults:5 | Received a gift from Okawaru
 48234 | Vaults:5 | 48234 ||| INVOKING Heroism.
 48290 | Vaults:5 | 48290 ||| Stepping ~*~*~tactically~*~*~ (stealth).
 48291 | Vaults:5 | 48291 ||| Stepping ~*~*~tactically~*~*~ (stealth).
 48353 | Vaults:5 | 48353 ||| Stepping ~*~*~tactically~*~*~ (hiding).
 48379 | Vaults:5 | Noticed Jory
 48415 | Vaults:5 | Killed Jory
 48430 | Vaults:5 | Identified the ring of the Augurer {Wiz rElec rF+ Str+4}
 48442 | Vaults:5 | 48442 ||| INVOKING Heroism.
 48505 | Vaults:5 | 48505 ||| INVOKING Heroism.
 48529 | Vaults:5 | 48529 ||| Stepping ~*~*~tactically~*~*~ (stealth).
 48530 | Vaults:5 | 48530 ||| Stepping ~*~*~tactically~*~*~ (stealth).
 48533 | Vaults:5 | 48533 ||| INVOKING Heroism.
 48566 | Vaults:5 | 48566 ||| Stepping ~*~*~tactically~*~*~ (hiding).
 48608 | Vaults:5 | 48608 ||| INVOKING Heroism.
 48615 | Vaults:5 | 48615 ||| Stepping ~*~*~tactically~*~*~ (hiding).
 48652 | Vaults:5 | 48652 ||| INVOKING Finesse.
 48660 | Vaults:5 | Noticed a dread lich
 48662 | Vaults:5 | Received a gift from Okawaru
 48663 | Vaults:5 | Identified the +12 shortbow of Inquiry {venom, Int+4}
 48668 | Vaults:5 | 48668 ||| INVOKING Heroism.
 48690 | Vaults:5 | Noticed a dread lich
 48701 | Vaults:5 | Paralysed by something for 3 turns
 48724 | Vaults:5 | Paralysed by something for 3 turns
 48732 | Vaults:5 | Killed a dread lich
 48732 | Vaults:5 | Received a gift from Okawaru
 48742 | Vaults:5 | 48742 ||| Stepping ~*~*~tactically~*~*~ (hiding).
 48742 | Vaults:5 | Killed a dread lich
 48756 | Vaults:5 | 48756 ||| INVOKING Heroism.
 48758 | Vaults:5 | Reached skill level 24 in Fighting
 48794 | Vaults:5 | 48794 ||| INVOKING Heroism.
 48964 | Vaults:5 | Identified the +1 bardiche of qw's Extinguishment {flame,
                  | *Slow rElec SInv}
 48967 | Vaults:5 | Identified the ring "Atielaqu" {Will+ Int+6}
 49095 | Vaults:5 | 49095 ||| INVOKING Heroism.
 49101 | Vaults:5 | Received a gift from Okawaru
 49216 | Vaults:5 | 49216 ||| Stepping ~*~*~tactically~*~*~ (stealth).
 49217 | Vaults:5 | 49217 ||| Stepping ~*~*~tactically~*~*~ (stealth).
 49219 | Vaults:5 | 49219 ||| Stepping ~*~*~tactically~*~*~ (hiding).
 49285 | Vaults:5 | Reached XP level 25. HP: 178/178 MP: 30/30
 49333 | Vaults:5 | Got a silver rune of Zot
 49586 | Vaults:5 | 49586 ||| PLANNING SHOPPING SPREE
 49586 | Vaults:5 | 49586 ||| DROPPING +1 pair of gloves of infusion.
 49587 | Vaults:5 | 49587 ||| DROPPING ring of Untruth {rPois rF+}.
 49588 | Vaults:5 | 49588 ||| UPGRADING to ring of the Augurer {Wiz rElec rF+
                  | Str+4}.
 49590 | Vaults:5 | 49590 ||| DROPPING ring "Atielaqu" {Will+ Int+6}.
 49961 | Snake:2  | 49961 ||| BUYING potion of curing (51 gold).
 49961 | Snake:2  | Bought a potion of curing for 51 gold pieces
 49961 | Snake:2  | 49961 ||| BUYING potion of lignification (51 gold).
 49961 | Snake:2  | Bought a potion of lignification for 51 gold pieces
 49961 | Snake:2  | 49961 ||| BUYING potion of magic (136 gold).
 49961 | Snake:2  | Bought a potion of magic for 136 gold pieces
 49961 | Snake:2  | 49961 ||| BUYING potion of might (68 gold).
 49961 | Snake:2  | Bought a potion of might for 68 gold pieces
 50003 | Snake:1  | 50003 ||| BUYING potion of resistance (140 gold).
 50003 | Snake:1  | Bought a potion of resistance for 140 gold pieces
 50065 | Snake:3  | 50065 ||| BUYING scroll of brand weapon (161 gold).
 50065 | Snake:3  | Bought a scroll of brand weapon for 161 gold pieces
 50264 | D:12     | 50264 ||| PLANNING ZOT:1-4
 50530 | Zot:1    | Entered Level 1 of the Realm of Zot
 50603 | Zot:1    | 50603 ||| Stepping ~*~*~tactically~*~*~ (hiding).
 50707 | Zot:1    | 50707 ||| INVOKING Heroism.
 50793 | Zot:1    | 50793 ||| Stepping ~*~*~tactically~*~*~ (hiding).
 50954 | Zot:1    | 50954 ||| INVOKING Heroism.
 50987 | Zot:1    | 50987 ||| Stepping ~*~*~tactically~*~*~ (hiding).
 50988 | Zot:1    | 50988 ||| Stepping ~*~*~tactically~*~*~ (stealth).
 51003 | Zot:1    | 51003 ||| INVOKING Heroism.
 51041 | Zot:1    | 51041 ||| Stepping ~*~*~tactically~*~*~ (hiding).
 51383 | Zot:2    | 51383 ||| INVOKING Heroism.
 51401 | Zot:2    | Received a gift from Okawaru
 51506 | Zot:2    | 51506 ||| INVOKING Heroism.
 51614 | Zot:2    | 51614 ||| Stepping ~*~*~tactically~*~*~ (hiding).
 51618 | Zot:2    | 51618 ||| INVOKING Heroism.
 51652 | Zot:2    | You are sucked into a shaft and drop 1 floor!
 51653 | Zot:3    | 51653 ||| Stepping ~*~*~tactically~*~*~ (hiding).
 51663 | Zot:3    | 51663 ||| INVOKING Heroism.
 51692 | Zot:3    | Identified the +2 hat of Complete Protection {rF+ Regen+
                  | Str+4} (Okawaru gifted it to you on level 3 of the Realm of
                  | Zot)
 51692 | Zot:3    | Received a gift from Okawaru
 51693 | Zot:3    | HP: 44/181 [green draconian/+0 flail (4)]
 51694 | Zot:3    | 51694 ||| DRINKING 15 potions of heal wounds.
 51700 | Zot:3    | HP: 43/181 [white draconian/+0 long sword (8)]
 51701 | Zot:3    | 51701 ||| DRINKING 14 potions of heal wounds.
 51703 | Zot:3    | Reached skill level 15 in Throwing
 51711 | Zot:3    | HP: 44/181 [purple draconian shifter/bolt of dispelling
                  | energy[a purple draconian shifter] (12)]
 51712 | Zot:3    | 51712 ||| READING 22 scrolls of teleportation.
 51713 | Zot:3    | 51713 ||| Stepping ~*~*~tactically~*~*~ (hiding).
 51716 | Zot:3    | 51716 ||| Stepping ~*~*~tactically~*~*~ (hiding).
 51721 | Zot:3    | HP: 44/181 [electric golem/bolt of lightning (8)]
 51722 | Zot:3    | 51722 ||| READING 21 scrolls of teleportation.
 51723 | Zot:3    | 51723 ||| DRINKING 13 potions of heal wounds.
 51728 | Zot:3    | 51728 ||| INVOKING Heroism.
 52073 | Zot:2    | 52073 ||| INVOKING Heroism.
 52087 | Zot:2    | 52087 ||| Stepping ~*~*~tactically~*~*~ (hiding).
 52100 | Zot:2    | 52100 ||| Stepping ~*~*~tactically~*~*~ (hiding).
 52117 | Zot:2    | Found the +4 dragonskin cloak
 52117 | Zot:2    | Noticed Tiamat
 52118 | Zot:2    | 52118 ||| INVOKING Finesse.
 52139 | Zot:2    | 52139 ||| INVOKING Heroism.
 52141 | Zot:2    | 52141 ||| Stepping ~*~*~tactically~*~*~ (hiding).
 52184 | Zot:2    | Killed Tiamat
 52315 | Zot:2    | 52315 ||| Stepping ~*~*~tactically~*~*~ (stealth).
 52320 | Zot:2    | Identified the ring "Xuokyuh" {Ice rPois rCorr Int+2}
 52320 | Zot:2    | Noticed Josephina
 52320 | Zot:2    | 52320 ||| Stepping ~*~*~tactically~*~*~ (hiding).
 52323 | Zot:2    | 52323 ||| INVOKING Heroism.
 52342 | Zot:2    | Killed Josephina
 52453 | Zot:2    | 52453 ||| UPGRADING to +4 dragonskin cloak.
 52463 | Zot:2    | 52463 ||| DROPPING +2 cloak.
 52493 | Zot:3    | 52493 ||| Stepping ~*~*~tactically~*~*~ (stealth).
 52495 | Zot:3    | 52495 ||| Stepping ~*~*~tactically~*~*~ (hiding).
 52510 | Zot:3    | Noticed a Killer Klown
 52511 | Zot:3    | 52511 ||| Stepping ~*~*~tactically~*~*~ (stealth).
 52519 | Zot:3    | 52519 ||| INVOKING Heroism.
 52520 | Zot:3    | 52520 ||| INVOKING Finesse.
 52535 | Zot:3    | Killed a Killer Klown
 52537 | Zot:3    | 52537 ||| Stepping ~*~*~tactically~*~*~ (hiding).
 52541 | Zot:3    | 52541 ||| Stepping ~*~*~tactically~*~*~ (hiding).
 52542 | Zot:3    | 52542 ||| Stepping ~*~*~tactically~*~*~ (hiding).
 52546 | Zot:3    | 52546 ||| Stepping ~*~*~tactically~*~*~ (hiding).
 52845 | Zot:3    | 52845 ||| UPGRADING to +2 hat of Complete Protection {rF+
                  | Regen+ Str+4}.
 52855 | Zot:3    | 52855 ||| DROPPING +2 hat.
 52856 | Zot:3    | 52856 ||| DROPPING ring of willpower.
 52857 | Zot:3    | 52857 ||| DROPPING ring of see invisible.
 52926 | Zot:3    | 52926 ||| INVOKING Heroism.
 52933 | Zot:3    | Reached skill level 6 in Dodging
 52940 | Zot:4    | 52940 ||| Stepping ~*~*~tactically~*~*~ (hiding).
 52941 | Zot:4    | 52941 ||| Stepping ~*~*~tactically~*~*~ (hiding).
 53204 | Zot:4    | 53204 ||| Stepping ~*~*~tactically~*~*~ (stealth).
 53206 | Zot:4    | 53206 ||| INVOKING Heroism.
 53209 | Zot:4    | 53209 ||| Stepping ~*~*~tactically~*~*~ (hiding).
 53229 | Zot:4    | Reached XP level 26. HP: 156/190 MP: 30/30
 53276 | Zot:4    | 53276 ||| INVOKING Heroism.
 53371 | Zot:4    | 53371 ||| INVOKING Heroism.
 53420 | Zot:4    | 53420 ||| Stepping ~*~*~tactically~*~*~ (hiding).
 53422 | Zot:4    | 53422 ||| INVOKING Heroism.
 53446 | Zot:4    | Identified the +7 sling of Profit {flame, rElec}
 53509 | Zot:4    | 53509 ||| INVOKING Heroism.
 53576 | Zot:4    | 53576 ||| FLEEEEING.
 53577 | Zot:4    | 53577 ||| FLEEEEING.
 53578 | Zot:4    | 53578 ||| FLEEEEING.
 53586 | Zot:4    | 53586 ||| INVOKING Heroism.
 53991 | Zot:4    | 53991 ||| PLANNING THE SHINING ONE WORSHIP
 53991 | Zot:4    | 53991 ||| UPGRADING to ring "Cumennor" {Ice SInv}.
 53993 | Zot:4    | 53993 ||| UPGRADING to ring of the Augurer {Wiz rElec rF+
                  | Str+4}.
 54495 | Temple   | Fell from the grace of Okawaru
 54495 | Temple   | Became a worshipper of the Shining One
 54496 | Temple   | 54496 ||| PLANNING CRYPT
 54811 | Crypt:1  | Entered Level 1 of the Crypt
 54942 | Crypt:1  | Noticed Bai Suzhen
 54948 | Crypt:1  | 54948 ||| Stepping ~*~*~tactically~*~*~ (hiding).
 54955 | Crypt:1  | Killed Bai Suzhen
 54973 | Crypt:1  | Reached * piety under the Shining One
 54975 | Crypt:1  | 54975 ||| Stepping ~*~*~tactically~*~*~ (hiding).
 54976 | Crypt:1  | 54976 ||| Stepping ~*~*~tactically~*~*~ (stealth).
 54977 | Crypt:1  | 54977 ||| Stepping ~*~*~tactically~*~*~ (stealth).
 54994 | Crypt:1  | 54994 ||| Stepping ~*~*~tactically~*~*~ (hiding).
 54995 | Crypt:1  | 54995 ||| Stepping ~*~*~tactically~*~*~ (hiding).
 55115 | Crypt:1  | 55115 ||| Stepping ~*~*~tactically~*~*~ (stealth).
 55386 | Crypt:1  | Reached ** piety under the Shining One
 55397 | Crypt:1  | Found the +3 giant club "Skullcrusher" {speed, Str+7}
 55399 | Crypt:1  | 55399 ||| UPGRADING to ring of protection from cold.
 55401 | Crypt:1  | 55401 ||| UPGRADING to +4 ring of evasion.
 55403 | Crypt:1  | 55403 ||| DROPPING ring "Cumennor" {Ice SInv}.
 55404 | Crypt:1  | 55404 ||| UPGRADING to +4 ring of protection.
 55406 | Crypt:1  | 55406 ||| READING 21 scrolls of teleportation.
 55530 | Crypt:1  | 55530 ||| Stepping ~*~*~tactically~*~*~ (stealth).
 55593 | Crypt:1  | 55593 ||| Stepping ~*~*~tactically~*~*~ (stealth).
 55607 | Crypt:1  | 55607 ||| Stepping ~*~*~tactically~*~*~ (stealth).
 55608 | Crypt:1  | 55608 ||| Stepping ~*~*~tactically~*~*~ (stealth).
 55611 | Crypt:1  | 55611 ||| Stepping ~*~*~tactically~*~*~ (stealth).
 55614 | Crypt:1  | Reached *** piety under the Shining One
 55638 | Crypt:1  | 55638 ||| Stepping ~*~*~tactically~*~*~ (stealth).
 55639 | Crypt:1  | 55639 ||| Stepping ~*~*~tactically~*~*~ (stealth).
 55641 | Crypt:1  | 55641 ||| Stepping ~*~*~tactically~*~*~ (stealth).
 55644 | Crypt:1  | 55644 ||| Stepping ~*~*~tactically~*~*~ (stealth).
 55646 | Crypt:1  | 55646 ||| Stepping ~*~*~tactically~*~*~ (stealth).
 55654 | Crypt:1  | 55654 ||| INVOKING Cleansing Flame.
 55655 | Crypt:1  | 55655 ||| INVOKING Cleansing Flame.
 55656 | Crypt:1  | 55656 ||| INVOKING Cleansing Flame.
 55657 | Crypt:1  | 55657 ||| INVOKING Cleansing Flame.
 55672 | Crypt:1  | Reached skill level 12 in Invocations
 55695 | Crypt:1  | 55695 ||| Stepping ~*~*~tactically~*~*~ (stealth).
 55718 | Crypt:1  | Identified the +0 buckler "Naoqeddo" {rF+ Int+5}
 55922 | Crypt:2  | 55922 ||| Stepping ~*~*~tactically~*~*~ (hiding).
 55923 | Crypt:2  | 55923 ||| Stepping ~*~*~tactically~*~*~ (hiding).
 55924 | Crypt:2  | Reached **** piety under the Shining One
 55973 | Crypt:2  | 55973 ||| Stepping ~*~*~tactically~*~*~ (hiding).
 55974 | Crypt:2  | 55974 ||| Stepping ~*~*~tactically~*~*~ (stealth).
 55975 | Crypt:2  | 55975 ||| Stepping ~*~*~tactically~*~*~ (hiding).
 55988 | Crypt:2  | Reached ***** piety under the Shining One
 56177 | Crypt:2  | 56177 ||| Stepping ~*~*~tactically~*~*~ (hiding).
 56488 | Crypt:2  | 56488 ||| Stepping ~*~*~tactically~*~*~ (stealth).
 56491 | Crypt:2  | 56491 ||| INVOKING Cleansing Flame.
 56648 | Crypt:2  | 56648 ||| DROPPING +0 war axe.
 56895 | Crypt:2  | 56895 ||| Stepping ~*~*~tactically~*~*~ (hiding).
 56896 | Crypt:2  | 56896 ||| Stepping ~*~*~tactically~*~*~ (hiding).
 57052 | Crypt:1  | Found a basalt altar of Yredelemnul.
 57090 | Crypt:3  | Entered Level 3 of the Crypt
 57098 | Crypt:3  | Reached ****** piety under the Shining One
 57123 | Crypt:3  | 57123 ||| INVOKING Brand Weapon With Holy Wrath.
 57123 | Crypt:3  | Identified a +5 war axe of holy wrath (a +3 war axe blessed
                  | by the Shining One)
 57123 | Crypt:3  | Received a gift from the Shining One
 57124 | Crypt:3  | 57124 ||| DROPPING +5 war axe of holy wrath.
 57146 | Crypt:3  | Found a basalt altar of Yredelemnul.
 57150 | Crypt:3  | 57150 ||| INVOKING Summon Divine Warrior.
 57154 | Crypt:3  | 57154 ||| INVOKING Cleansing Flame.
 57269 | Crypt:3  | 57269 ||| Stepping ~*~*~tactically~*~*~ (stealth).
 57391 | Crypt:3  | 57391 ||| Stepping ~*~*~tactically~*~*~ (stealth).
 57451 | Crypt:3  | Found a staircase to the Tomb.
 57565 | Crypt:3  | 57565 ||| Stepping ~*~*~tactically~*~*~ (hiding).
 57569 | Crypt:3  | Reached skill level 15 in Invocations
 57602 | Crypt:3  | 57602 ||| INVOKING Cleansing Flame.
 57603 | Crypt:3  | 57603 ||| INVOKING Cleansing Flame.
 57612 | Crypt:3  | 57612 ||| Stepping ~*~*~tactically~*~*~ (hiding).
 57630 | Crypt:3  | Found the +9 sword of Zonguldrok {reap}
 57631 | Crypt:3  | Noticed a dread lich
 57632 | Crypt:3  | 57632 ||| INVOKING Summon Divine Warrior.
 57641 | Crypt:3  | 57641 ||| INVOKING Cleansing Flame.
 57642 | Crypt:3  | 57642 ||| INVOKING Summon Divine Warrior.
 57661 | Crypt:3  | 57661 ||| INVOKING Cleansing Flame.
 57662 | Crypt:3  | 57662 ||| INVOKING Cleansing Flame.
 57676 | Crypt:3  | 57676 ||| INVOKING Cleansing Flame.
 57686 | Crypt:3  | Noticed Zenata
 57694 | Crypt:3  | 57694 ||| INVOKING Cleansing Flame.
 57704 | Crypt:3  | Killed a dread lich
 57711 | Crypt:3  | Killed Zenata
 57735 | Crypt:3  | Identified the ring of Yendor {Fly rN+ Will++ Int-3 Dex+3}
 57735 | Crypt:3  | Identified the ring of Erchu Roi {rPois rN+}
 57735 | Crypt:3  | Noticed an ancient lich
 57735 | Crypt:3  | Noticed a dread lich
 57736 | Crypt:3  | 57736 ||| INVOKING Summon Divine Warrior.
 57738 | Crypt:3  | 57738 ||| Stepping ~*~*~tactically~*~*~ (hiding).
 57743 | Crypt:3  | Killed an ancient lich
 57747 | Crypt:3  | 57747 ||| INVOKING Cleansing Flame.
 57747 | Crypt:3  | Killed a dread lich
 57797 | Crypt:3  | Identified the +6 glaive "Dehenim" {flame, rElec}
 58178 | Crypt:3  | 58178 ||| PLANNING TOMB
 58178 | Crypt:3  | 58178 ||| UPGRADING to ring of Yendor {Fly rN+ Will++ Int-3
                  | Dex+3}.
 58180 | Crypt:3  | 58180 ||| DROPPING ring of Erchu Roi {rPois rN+}.
 58247 | Tomb:1   | Entered Level 1 of the Tomb of the Ancients
 58460 | Tomb:1   | Reached XP level 27. HP: 197/197 MP: 34/34
 58621 | Tomb:1   | Noticed a royal mummy
 58622 | Tomb:1   | 58622 ||| INVOKING Summon Divine Warrior.
 58626 | Tomb:1   | 58626 ||| INVOKING Cleansing Flame.
 58627 | Tomb:1   | 58627 ||| INVOKING Cleansing Flame.
 58627 | Tomb:1   | Killed a royal mummy
 58641 | Tomb:1   | Noticed a royal mummy
 58642 | Tomb:1   | Noticed a royal mummy
 58644 | Tomb:1   | 58644 ||| INVOKING Cleansing Flame.
 58646 | Tomb:1   | 58646 ||| INVOKING Cleansing Flame.
 58647 | Tomb:1   | 58647 ||| INVOKING Cleansing Flame.
 58648 | Tomb:1   | 58648 ||| INVOKING Summon Divine Warrior.
 58649 | Tomb:1   | Killed a royal mummy
 58650 | Tomb:1   | 58650 ||| DRINKING 6 potions of magic.
 58651 | Tomb:1   | 58651 ||| INVOKING Cleansing Flame.
 58652 | Tomb:1   | 58652 ||| INVOKING Cleansing Flame.
 58652 | Tomb:1   | Killed a royal mummy
 58677 | Tomb:1   | 58677 ||| INVOKING Cleansing Flame.
 58752 | Tomb:1   | 58752 ||| INVOKING Cleansing Flame.
 58753 | Tomb:1   | 58753 ||| INVOKING Cleansing Flame.
 58840 | Tomb:1   | Was forgiven by Okawaru
 58862 | Tomb:1   | 58862 ||| INVOKING Cleansing Flame.
 59260 | Tomb:2   | 59260 ||| DRINKING 6 potions of haste.
 59261 | Tomb:2   | 59261 ||| DRINKING 4 potions of attraction.
 59262 | Tomb:2   | Noticed a royal mummy
 59262 | Tomb:2   | Noticed a royal mummy
 59262 | Tomb:2   | Noticed a royal mummy
 59263 | Tomb:2   | 59263 ||| INVOKING Summon Divine Warrior.
 59264 | Tomb:2   | Noticed a royal mummy
 59265 | Tomb:2   | 59265 ||| INVOKING Cleansing Flame.
 59271 | Tomb:2   | 59271 ||| INVOKING Summon Divine Warrior.
 59272 | Tomb:2   | 59272 ||| INVOKING Cleansing Flame.
 59273 | Tomb:2   | 59273 ||| INVOKING Cleansing Flame.
 59273 | Tomb:2   | Killed a royal mummy
 59274 | Tomb:2   | Killed a royal mummy
 59275 | Tomb:2   | 59275 ||| INVOKING Cleansing Flame.
 59275 | Tomb:2   | Killed a royal mummy
 59275 | Tomb:2   | Killed a royal mummy
 59275 | Tomb:2   | HP: 49/197 [something (26)]
 59280 | Tomb:2   | Reached skill level 18 in Invocations
 59381 | Tomb:2   | 59381 ||| INVOKING Cleansing Flame.
 59615 | Tomb:1   | Noticed a royal mummy
 59615 | Tomb:1   | Noticed a royal mummy
 59616 | Tomb:1   | 59616 ||| INVOKING Summon Divine Warrior.
 59618 | Tomb:1   | Noticed a royal mummy
 59620 | Tomb:1   | 59620 ||| INVOKING Summon Divine Warrior.
 59620 | Tomb:1   | Noticed a royal mummy
 59624 | Tomb:1   | 59624 ||| INVOKING Summon Divine Warrior.
 59627 | Tomb:1   | 59627 ||| INVOKING Summon Divine Warrior.
 59628 | Tomb:1   | 59628 ||| DRINKING 5 potions of magic.
 59629 | Tomb:1   | 59629 ||| INVOKING Summon Divine Warrior.
 59630 | Tomb:1   | 59630 ||| INVOKING Summon Divine Warrior.
 59630 | Tomb:1   | HP: 47/197 [mummy priest/divine providence (17)]
 59631 | Tomb:1   | 59631 ||| READING 21 scrolls of teleportation.
 59632 | Tomb:1   | 59632 ||| DRINKING 12 potions of heal wounds.
 59766 | Tomb:1   | Noticed a royal mummy
 59767 | Tomb:1   | 59767 ||| INVOKING Summon Divine Warrior.
 59775 | Tomb:1   | 59775 ||| INVOKING Summon Divine Warrior.
 59780 | Tomb:1   | 59780 ||| INVOKING Summon Divine Warrior.
 59782 | Tomb:1   | Killed a royal mummy
 59782 | Tomb:1   | HP: 42/197 [something (11)]
 59783 | Tomb:1   | 59783 ||| READING 20 scrolls of teleportation.
 59784 | Tomb:1   | 59784 ||| DRINKING 11 potions of heal wounds.
 59926 | Tomb:1   | 59926 ||| INVOKING Summon Divine Warrior.
 59934 | Tomb:1   | 59934 ||| INVOKING Cleansing Flame.
 59935 | Tomb:1   | 59935 ||| INVOKING Cleansing Flame.
 59936 | Tomb:1   | 59936 ||| INVOKING Cleansing Flame.
 59945 | Tomb:1   | Killed a royal mummy
 59952 | Tomb:1   | Killed a royal mummy
 59953 | Tomb:1   | 59953 ||| INVOKING Cleansing Flame.
 59954 | Tomb:1   | Noticed a royal mummy
 59963 | Tomb:1   | Killed a royal mummy
 59967 | Tomb:1   | Killed a royal mummy
 59977 | Tomb:1   | 59977 ||| INVOKING Cleansing Flame.
 59978 | Tomb:1   | 59978 ||| INVOKING Cleansing Flame.
 59989 | Tomb:1   | Killed a royal mummy
 59989 | Tomb:1   | HP: 44/197 [something (21)]
 59990 | Tomb:1   | 59990 ||| READING 19 scrolls of teleportation.
 60186 | Tomb:1   | Noticed a royal mummy
 60198 | Tomb:1   | 60198 ||| INVOKING Summon Divine Warrior.
 60200 | Tomb:1   | Killed a royal mummy
 60248 | Tomb:1   | Noticed a royal mummy
 60253 | Tomb:1   | 60253 ||| INVOKING Cleansing Flame.
 60259 | Tomb:1   | Noticed a royal mummy
 60261 | Tomb:1   | Noticed a royal mummy
 60262 | Tomb:1   | Killed a royal mummy
 60264 | Tomb:1   | 60264 ||| INVOKING Cleansing Flame.
 60265 | Tomb:1   | 60265 ||| INVOKING Cleansing Flame.
 60266 | Tomb:1   | 60266 ||| INVOKING Cleansing Flame.
 60267 | Tomb:1   | 60267 ||| INVOKING Cleansing Flame.
 60267 | Tomb:1   | Killed a royal mummy
 60268 | Tomb:1   | 60268 ||| INVOKING Cleansing Flame.
 60268 | Tomb:1   | Killed a royal mummy
 60654 | Tomb:2   | 60654 ||| INVOKING Cleansing Flame.
 60666 | Tomb:2   | 60666 ||| INVOKING Cleansing Flame.
 60667 | Tomb:2   | 60667 ||| INVOKING Cleansing Flame.
 60775 | Tomb:3   | Entered Level 3 of the Tomb of the Ancients
 60776 | Tomb:3   | 60776 ||| DRINKING 5 potions of haste.
 60777 | Tomb:3   | 60777 ||| DRINKING 3 potions of attraction.
 60782 | Tomb:3   | 60782 ||| INVOKING Cleansing Flame.
 60786 | Tomb:3   | Noticed a royal mummy
 60789 | Tomb:3   | 60789 ||| INVOKING Cleansing Flame.
 60793 | Tomb:3   | 60793 ||| INVOKING Summon Divine Warrior.
 60802 | Tomb:3   | 60802 ||| INVOKING Cleansing Flame.
 60806 | Tomb:3   | Noticed a royal mummy
 60807 | Tomb:3   | Killed a royal mummy
 60808 | Tomb:3   | Reached skill level 21 in Invocations
 60809 | Tomb:3   | 60809 ||| INVOKING Cleansing Flame.
 60813 | Tomb:3   | 60813 ||| INVOKING Summon Divine Warrior.
 60818 | Tomb:3   | Killed a royal mummy
 60826 | Tomb:3   | 60826 ||| INVOKING Cleansing Flame.
 60827 | Tomb:3   | Noticed a royal mummy
 60830 | Tomb:3   | 60830 ||| INVOKING Cleansing Flame.
 60831 | Tomb:3   | 60831 ||| INVOKING Cleansing Flame.
 60832 | Tomb:3   | 60832 ||| INVOKING Cleansing Flame.
 60833 | Tomb:3   | 60833 ||| INVOKING Cleansing Flame.
 60833 | Tomb:3   | Killed a royal mummy
 60841 | Tomb:3   | Noticed a royal mummy
 60841 | Tomb:3   | Noticed a royal mummy
 60841 | Tomb:3   | Noticed a royal mummy
 60848 | Tomb:3   | 60848 ||| INVOKING Cleansing Flame.
 60849 | Tomb:3   | 60849 ||| INVOKING Cleansing Flame.
 60867 | Tomb:3   | 60867 ||| INVOKING Summon Divine Warrior.
 60869 | Tomb:3   | 60869 ||| INVOKING Cleansing Flame.
 60872 | Tomb:3   | 60872 ||| INVOKING Summon Divine Warrior.
 60874 | Tomb:3   | 60874 ||| INVOKING Cleansing Flame.
 60875 | Tomb:3   | 60875 ||| INVOKING Cleansing Flame.
 60875 | Tomb:3   | Killed a royal mummy
 60880 | Tomb:3   | 60880 ||| INVOKING Cleansing Flame.
 60881 | Tomb:3   | Killed a royal mummy
 60892 | Tomb:3   | 60892 ||| INVOKING Cleansing Flame.
 60897 | Tomb:3   | Noticed a royal mummy
 60901 | Tomb:3   | Killed a royal mummy
 60902 | Tomb:3   | 60902 ||| INVOKING Cleansing Flame.
 60905 | Tomb:3   | 60905 ||| INVOKING Cleansing Flame.
 60906 | Tomb:3   | 60906 ||| INVOKING Cleansing Flame.
 60907 | Tomb:3   | 60907 ||| INVOKING Cleansing Flame.
 60908 | Tomb:3   | 60908 ||| INVOKING Cleansing Flame.
 60908 | Tomb:3   | Killed a royal mummy
 60908 | Tomb:3   | Noticed a royal mummy
 60909 | Tomb:3   | Noticed a royal mummy
 60912 | Tomb:3   | 60912 ||| INVOKING Cleansing Flame.
 60916 | Tomb:3   | 60916 ||| INVOKING Cleansing Flame.
 60916 | Tomb:3   | Killed a royal mummy
 60920 | Tomb:3   | Killed a royal mummy
 61223 | Tomb:3   | Got a golden rune of Zot
 61285 | Tomb:3   | Identified the +4 chain mail of Idealism {rF+ Str+5 Stlth+}
 61334 | Tomb:3   | Identified the ring of Enearoes {rElec rF+ rC++ rN+ Int-2}
 61340 | Tomb:3   | Identified the +8 sling of a wizard's laboratory {freeze,
                  | *Slow rC+ rN+ Dex+4}
 61348 | Tomb:3   | Identified the amulet "Kiloadd" {Spirit Fragile Will+
                  | Str+7}
 61374 | Tomb:3   | 61374 ||| PLANNING PAN
 61374 | Tomb:3   | 61374 ||| DROPPING ring of protection from cold.
 61375 | Tomb:3   | 61375 ||| DROPPING ring of protection from fire.
 61376 | Tomb:3   | 61376 ||| UPGRADING to ring of Enearoes {rElec rF+ rC++ rN+
                  | Int-2}.
 61861 | Pan      | Entered Pandemonium
 61931 | Pan      | 61931 ||| DRINKING 7 potions of resistance.
 61932 | Pan      | 61932 ||| INVOKING Summon Divine Warrior.
 62036 | Pan      | Noticed Nicke the pandemonium lord
 62040 | Pan      | 62040 ||| INVOKING Cleansing Flame.
 62041 | Pan      | 62041 ||| INVOKING Cleansing Flame.
 62042 | Pan      | 62042 ||| INVOKING Cleansing Flame.
 62042 | Pan      | Killed Nicke the pandemonium lord
 62046 | Pan      | 62046 ||| INVOKING Cleansing Flame.
 62092 | Pan      | Got a demonic rune of Zot
 62100 | Pan      | Noticed Mennas
 62101 | Pan      | 62101 ||| INVOKING Summon Divine Warrior.
 62130 | Pan      | Killed Mennas
 62241 | Pan      | 62241 ||| Stepping ~*~*~tactically~*~*~ (stealth).
 62279 | Pan      | 62279 ||| READING 18 scrolls of teleportation.
 62308 | Pan      | Reached skill level 24 in Invocations
 62565 | Pan      | Noticed Ycide the pandemonium lord
 62566 | Pan      | 62566 ||| INVOKING Summon Divine Warrior.
 62575 | Pan      | 62575 ||| INVOKING Cleansing Flame.
 62576 | Pan      | 62576 ||| INVOKING Cleansing Flame.
 62577 | Pan      | 62577 ||| INVOKING Cleansing Flame.
 62577 | Pan      | Killed Ycide the pandemonium lord
 62615 | Pan      | Gained mutation: You are frail. (-10% HP) [a neqoxec]
 62619 | Pan      | Lost mutation: You have a pair of small antennae on your
                  | head. [a neqoxec]
 62622 | Pan      | 62622 ||| DRINKING 13 potions of mutation.
 62622 | Pan      | Lost mutation: You are frail. (-10% HP) [potion of
                  | mutation]
 62622 | Pan      | Lost mutation: You expend magic power (3 MP) to strengthen
                  | your wands. [potion of mutation]
 62622 | Pan      | Gained mutation: You are vulnerable to heat. (rF-) [potion
                  | of mutation]
 62622 | Pan      | Gained mutation: Your muscles are strong. (Str +4, Int/Dex
                  | -1) [potion of mutation]
 62622 | Pan      | Gained mutation: You occasionally lose the ability to drink
                  | potions when taking damage. [potion of mutation]
 62623 | Pan      | 62623 ||| DRINKING 12 potions of mutation.
 62623 | Pan      | Lost mutation: You occasionally lose the ability to drink
                  | potions when taking damage. [potion of mutation]
 62623 | Pan      | Lost mutation: Your muscles are strong. (Str +4, Int/Dex
                  | -1) [potion of mutation]
 62623 | Pan      | Gained mutation: You are occasionally teleported next to
                  | monsters. [potion of mutation]
 62623 | Pan      | Gained mutation: You have large cloven feet. [potion of
                  | mutation]
 62624 | Pan      | 62624 ||| DRINKING 11 potions of mutation.
 62624 | Pan      | Lost mutation: You have large cloven feet. [potion of
                  | mutation]
 62624 | Pan      | Lost mutation: You are occasionally teleported next to
                  | monsters. [potion of mutation]
 62624 | Pan      | Lost mutation: You are vulnerable to heat. (rF-) [potion of
                  | mutation]
 62624 | Pan      | Gained mutation: Your body sometimes deteriorates upon
                  | taking damage. [potion of mutation]
 62624 | Pan      | Gained mutation: You have hidden genetic potential. [potion
                  | of mutation]
 62624 | Pan      | Gained mutation: Your spells are a little harder to cast,
                  | but a little more powerful. [potion of mutation]
 62697 | Pan      | 62697 ||| Stepping ~*~*~tactically~*~*~ (hiding).
 63153 | Pan      | Identified the +1 chain mail of Inference {Regen+ Str+4
                  | Int+3 Dex+2}
 63164 | Pan      | Found a white marble altar of Elyvilon.
 63297 | Pan      | Gained mutation: You have a pair of small antennae on your
                  | head. [a cacodemon]
 63324 | Pan      | 63324 ||| INVOKING Summon Divine Warrior.
 63329 | Pan      | 63329 ||| INVOKING Cleansing Flame.
 63443 | Pan      | Gained mutation: Your spells are harder to cast, but more
                  | powerful. [a neqoxec]
 63459 | Pan      | 63459 ||| INVOKING Cleansing Flame.
 63460 | Pan      | 63460 ||| INVOKING Cleansing Flame.
 63461 | Pan      | 63461 ||| INVOKING Cleansing Flame.
 63462 | Pan      | 63462 ||| INVOKING Cleansing Flame.
 63463 | Pan      | 63463 ||| INVOKING Cleansing Flame.
 63560 | Pan      | Identified the +6 trident of Beffuhocs {vorpal, rF+}
 63569 | Pan      | 63569 ||| INVOKING Cleansing Flame.
 63613 | Pan      | Identified the +3 chain mail of the Gusle {rElec rC+ Will-
                  | SInv}
 63839 | Pan      | 63839 ||| Stepping ~*~*~tactically~*~*~ (hiding).
 63841 | Pan      | 63841 ||| Stepping ~*~*~tactically~*~*~ (hiding).
 63899 | Pan      | 63899 ||| DRINKING 6 potions of resistance.
 63900 | Pan      | 63900 ||| INVOKING Cleansing Flame.
 63901 | Pan      | 63901 ||| INVOKING Summon Divine Warrior.
 64056 | Pan      | Noticed Uwkefale the pandemonium lord
 64085 | Pan      | Killed Uwkefale the pandemonium lord
 64086 | Pan      | 64086 ||| Stepping ~*~*~tactically~*~*~ (cloud).
 64109 | Pan      | Found an exit through the horrors of the Abyss.
 64123 | Pan      | Entered the realm of Gloorx Vloq.
 64250 | Pan      | Reached skill level 3 in Short Blades
 64252 | Pan      | 64252 ||| INVOKING Cleansing Flame.
 64253 | Pan      | 64253 ||| INVOKING Cleansing Flame.
 64262 | Pan      | 64262 ||| Stepping ~*~*~tactically~*~*~ (stealth).
 64273 | Pan      | 64273 ||| Stepping ~*~*~tactically~*~*~ (stealth).
 64275 | Pan      | 64275 ||| Stepping ~*~*~tactically~*~*~ (stealth).
 64285 | Pan      | 64285 ||| Stepping ~*~*~tactically~*~*~ (stealth).
 64325 | Pan      | Noticed Gloorx Vloq
 64326 | Pan      | 64326 ||| Stepping ~*~*~tactically~*~*~ (hiding).
 64328 | Pan      | 64328 ||| INVOKING Cleansing Flame.
 64329 | Pan      | 64329 ||| INVOKING Summon Divine Warrior.
 64339 | Pan      | Killed Gloorx Vloq
 64389 | Pan      | Got a dark rune of Zot
 64409 | Pan      | Reached skill level 27 in Invocations
 64414 | Pan      | 64414 ||| INVOKING Cleansing Flame.
 64655 | Pan      | Entered the realm of Mnoleg.
 64679 | Pan      | 64679 ||| Stepping ~*~*~tactically~*~*~ (hiding).
 64691 | Pan      | 64691 ||| Stepping ~*~*~tactically~*~*~ (hiding).
 64763 | Pan      | 64763 ||| Stepping ~*~*~tactically~*~*~ (stealth).
 64766 | Pan      | 64766 ||| Stepping ~*~*~tactically~*~*~ (stealth).
 64773 | Pan      | 64773 ||| Stepping ~*~*~tactically~*~*~ (stealth).
 64775 | Pan      | 64775 ||| Stepping ~*~*~tactically~*~*~ (stealth).
 64942 | Pan      | Gained mutation: Armour fits poorly on your strangely
                  | shaped body. [a cacodemon]
 64948 | Pan      | 64948 ||| DRINKING 10 potions of mutation.
 64948 | Pan      | Lost mutation: Your body sometimes deteriorates upon taking
                  | damage. [potion of mutation]
 64948 | Pan      | Lost mutation: You have hidden genetic potential. [potion
                  | of mutation]
 64948 | Pan      | Lost mutation: You have a pair of small antennae on your
                  | head. [potion of mutation]
 64948 | Pan      | Gained mutation: You are weak. (Str -2) [potion of
                  | mutation]
 64948 | Pan      | Gained mutation: You are partially covered in iridescent
                  | scales. (AC +2) [potion of mutation]
 64949 | Pan      | 64949 ||| DRINKING 9 potions of mutation.
 64949 | Pan      | Lost mutation: Your spells are harder to cast, but more
                  | powerful. [potion of mutation]
 64949 | Pan      | Lost mutation: Your spells are a little harder to cast, but
                  | a little more powerful. [potion of mutation]
 64949 | Pan      | Gained mutation: You are agile. (Dex +4, Str/Int -1)
                  | [potion of mutation]
 64949 | Pan      | Gained mutation: You expend magic power (3 MP) to
                  | strengthen your wands. [potion of mutation]
 64949 | Pan      | Gained mutation: You are mostly covered in iridescent
                  | scales. (AC +4) [potion of mutation]
 64950 | Pan      | 64950 ||| DRINKING 8 potions of mutation.
 64950 | Pan      | Lost mutation: You are weak. (Str -2) [potion of mutation]
 64950 | Pan      | Lost mutation: You are agile. (Dex +4, Str/Int -1) [potion
                  | of mutation]
 64950 | Pan      | Gained mutation: You have sharp toenails. [potion of
                  | mutation]
 64951 | Pan      | 64951 ||| DRINKING 7 potions of mutation.
 64951 | Pan      | Lost mutation: You expend magic power (3 MP) to strengthen
                  | your wands. [potion of mutation]
 64951 | Pan      | Lost mutation: You are mostly covered in iridescent scales.
                  | (AC +4) [potion of mutation]
 64951 | Pan      | Lost mutation: You have sharp toenails. [potion of
                  | mutation]
 64951 | Pan      | Lost mutation: Armour fits poorly on your strangely shaped
                  | body. [potion of mutation]
 65048 | Pan      | 65048 ||| Stepping ~*~*~tactically~*~*~ (hiding).
 65059 | Pan      | Gained mutation: Your magical capacity is low. (-10% MP) [a
                  | neqoxec]
 65063 | Pan      | Lost intelligence.
 65065 | Pan      | Gained mutation: You sometimes lose your temper in combat.
                  | [a neqoxec]
 65067 | Pan      | 65067 ||| REMOVING ring of Yendor {Fly rN+ Will++ Int-3
                  | Dex+3}.
 65069 | Pan      | 65069 ||| SWAPPING to +5 hand axe of the Usurping Big Fish
                  | {venom, rCorr Str+4 Int+3 Dex+2}.
 65073 | Pan      | 65073 ||| REMOVING ring of Enearoes {rElec rF+ rC++ rN+
                  | Int-2}.
 65083 | Pan      | 65083 ||| DRINKING 6 potions of mutation.
 65083 | Pan      | Lost mutation: Your magical capacity is low. (-10% MP)
                  | [potion of mutation]
 65083 | Pan      | Lost mutation: You are partially covered in iridescent
                  | scales. (AC +2) [potion of mutation]
 65083 | Pan      | Lost mutation: You sometimes lose your temper in combat.
                  | [potion of mutation]
 65083 | Pan      | Gained mutation: Your flesh is heat resistant. (rF+)
                  | [potion of mutation]
 65083 | Pan      | Gained mutation: Your muscles are strong. (Str +4, Int/Dex
                  | -1) [potion of mutation]
 65084 | Pan      | 65084 ||| SWAPPING to +6 broad axe "Hesaeste" {protect,
                  | rPois Str+6 Dex-3}.
 65133 | Pan      | 65133 ||| SWAPPING to +5 hand axe of the Usurping Big Fish
                  | {venom, rCorr Str+4 Int+3 Dex+2}.
 65167 | Pan      | 65167 ||| Stepping ~*~*~tactically~*~*~ (hiding).
 65168 | Pan      | 65168 ||| Stepping ~*~*~tactically~*~*~ (hiding).
 65173 | Pan      | Lost intelligence.
 65177 | Pan      | 65177 ||| SWAPPING to +6 broad axe "Hesaeste" {protect,
                  | rPois Str+6 Dex-3}.
 65188 | Pan      | 65188 ||| Stepping ~*~*~tactically~*~*~ (stealth).
 65190 | Pan      | Gained mutation: You occasionally lose the ability to drink
                  | potions when taking damage. [a neqoxec]
 65195 | Pan      | Gained mutation: Your body sometimes deteriorates upon
                  | taking damage. [a neqoxec]
 65199 | Pan      | Gained mutation: You are frail. (-10% HP) [a neqoxec]
 65208 | Pan      | 65208 ||| Stepping ~*~*~tactically~*~*~ (hiding).
 65212 | Pan      | 65212 ||| SWAPPING to +5 hand axe of the Usurping Big Fish
                  | {venom, rCorr Str+4 Int+3 Dex+2}.
 65230 | Pan      | 65230 ||| INVOKING Cleansing Flame.
 65236 | Pan      | Lost intelligence.
 65236 | Pan      | Gained mutation: You are dopey. (Int -2) [a neqoxec]
 65239 | Pan      | Gained mutation: You are very frail. (-20% HP) [a neqoxec]
 65240 | Pan      | 65240 ||| SWAPPING to +6 broad axe "Hesaeste" {protect,
                  | rPois Str+6 Dex-3}.
 65256 | Pan      | 65256 ||| DRINKING 5 potions of mutation.
 65256 | Pan      | Lost mutation: You are very frail. (-20% HP) [potion of
                  | mutation]
 65256 | Pan      | Lost mutation: Your flesh is heat resistant. (rF+) [potion
                  | of mutation]
 65256 | Pan      | Lost mutation: You occasionally lose the ability to drink
                  | potions when taking damage. [potion of mutation]
 65256 | Pan      | Lost mutation: You are frail. (-10% HP) [potion of
                  | mutation]
 65256 | Pan      | Gained mutation: Your magical capacity is low. (-10% MP)
                  | [potion of mutation]
 65261 | Pan      | Noticed Mnoleg
 65262 | Pan      | 65262 ||| INVOKING Summon Divine Warrior.
 65270 | Pan      | 65270 ||| INVOKING Summon Divine Warrior.
 65276 | Pan      | 65276 ||| INVOKING Summon Divine Warrior.
 65279 | Pan      | Killed Mnoleg
 65280 | Pan      | Reached skill level 24 in Armour
 65329 | Pan      | Gained mutation: You occasionally shout uncontrollably at
                  | your foes. [a cacodemon]
 65332 | Pan      | 65332 ||| INVOKING Cleansing Flame.
 65451 | Pan      | Got a glowing rune of Zot
 65486 | Pan      | 65486 ||| SWAPPING to +5 hand axe of the Usurping Big Fish
                  | {venom, rCorr Str+4 Int+3 Dex+2}.
 65495 | Pan      | Gained mutation: Your magical capacity is very low. (-20%
                  | MP) [a cacodemon]
 65497 | Pan      | Lost mutation: You are dopey. (Int -2) [a cacodemon]
 65561 | Pan      | Found an exit through the horrors of the Abyss.
 65595 | Pan      | 65595 ||| SWAPPING to +6 broad axe "Hesaeste" {protect,
                  | rPois Str+6 Dex-3}.
 65694 | Pan      | 65694 ||| INVOKING Summon Divine Warrior.
 65696 | Pan      | 65696 ||| INVOKING Cleansing Flame.
 65700 | Pan      | Noticed Dyixkeji the pandemonium lord
 65701 | Pan      | 65701 ||| INVOKING Cleansing Flame.
 65702 | Pan      | 65702 ||| INVOKING Cleansing Flame.
 65703 | Pan      | 65703 ||| INVOKING Summon Divine Warrior.
 65707 | Pan      | Killed Dyixkeji the pandemonium lord
 65716 | Pan      | 65716 ||| INVOKING Cleansing Flame.
 65756 | Pan      | 65756 ||| DRINKING 27 potions of curing.
 65756 | Pan      | 65756 ||| (to cure confusion)
 65802 | Pan      | Entered the realm of Cerebov.
 65805 | Pan      | Found an exit through the horrors of the Abyss.
 65823 | Pan      | 65823 ||| Stepping ~*~*~tactically~*~*~ (hiding).
 66058 | Pan      | 66058 ||| Stepping ~*~*~tactically~*~*~ (stealth).
 66183 | Pan      | 66183 ||| Stepping ~*~*~tactically~*~*~ (hiding).
 66186 | Pan      | 66186 ||| Stepping ~*~*~tactically~*~*~ (hiding).
 66235 | Pan      | 66235 ||| Stepping ~*~*~tactically~*~*~ (hiding).
 66412 | Pan      | 66412 ||| Stepping ~*~*~tactically~*~*~ (stealth).
 66485 | Pan      | 66485 ||| INVOKING Cleansing Flame.
 66486 | Pan      | 66486 ||| INVOKING Cleansing Flame.
 66562 | Pan      | 66562 ||| INVOKING Summon Divine Warrior.
 66562 | Pan      | Identified the +8 tower shield of the Accordion {+Inv Will+
                  | Str-3 Int+2}
 66563 | Pan      | 66563 ||| INVOKING Cleansing Flame.
 66640 | Pan      | Identified the +3 mace of Drought {drain, Str+6 Int+2}
 66652 | Pan      | Identified the ring "Busmotus" {rCorr Str+9 Dex+4}
 66664 | Pan      | Found the +6 sword of Cerebov {flame}
 66664 | Pan      | Noticed Cerebov
 66665 | Pan      | 66665 ||| DRINKING 6 potions of haste.
 66666 | Pan      | 66666 ||| DRINKING 5 potions of resistance.
 66667 | Pan      | 66667 ||| DRINKING 16 potions of might.
 66669 | Pan      | 66669 ||| UPGRADING to ring "Busmotus" {rCorr Str+9 Dex+4}.
 66670 | Pan      | 66670 ||| DROPPING ring of resist corrosion.
 66671 | Pan      | 66671 ||| UPGRADING to ring of Yendor {Fly rN+ Will++ Int-3
                  | Dex+3}.
 66676 | Pan      | 66676 ||| INVOKING Summon Divine Warrior.
 66683 | Pan      | Identified the +7 battleaxe of the Traitor {vorpal, rN+
                  | Int+5 SInv}
 66683 | Pan      | Identified the ring "Goliy" {rElec rPois rC+ Int+6 Dex-3}
 66695 | Pan      | 66695 ||| INVOKING Summon Divine Warrior.
 66697 | Pan      | 66697 ||| INVOKING Summon Divine Warrior.
 66701 | Pan      | Killed Cerebov
 66702 | Pan      | 66702 ||| Stepping ~*~*~tactically~*~*~ (cloud).
 66711 | Pan      | Identified the +11 quarterstaff of Pestilence {vorpal,
                  | Will+ rCorr Int+3 SInv}
 66712 | Pan      | 66712 ||| Stepping ~*~*~tactically~*~*~ (hiding).
 66822 | Pan      | Identified the +3 quarterstaff "Vacuikha" {speed, *Rage
                  | *Corrode Int+9}
 66842 | Pan      | Got a fiery rune of Zot
 66920 | Pan      | 66920 ||| Stepping ~*~*~tactically~*~*~ (hiding).
 66922 | Pan      | 66922 ||| Stepping ~*~*~tactically~*~*~ (hiding).
 67018 | Pan      | Entered the realm of Lom Lobon.
 67142 | Pan      | Reached skill level 9 in Dodging
 67244 | Pan      | Noticed Lom Lobon
 67245 | Pan      | 67245 ||| DRINKING 5 potions of haste.
 67246 | Pan      | 67246 ||| INVOKING Summon Divine Warrior.
 67247 | Pan      | 67247 ||| DRINKING 15 potions of might.
 67251 | Pan      | 67251 ||| DROPPING +4 ring of evasion.
 67252 | Pan      | 67252 ||| DROPPING ring of protection from cold.
 67253 | Pan      | 67253 ||| INVOKING Cleansing Flame.
 67254 | Pan      | 67254 ||| INVOKING Summon Divine Warrior.
 67261 | Pan      | 67261 ||| Stepping ~*~*~tactically~*~*~ (cloud).
 67262 | Pan      | 67262 ||| INVOKING Summon Divine Warrior.
 67270 | Pan      | 67270 ||| Stepping ~*~*~tactically~*~*~ (cloud).
 67271 | Pan      | 67271 ||| INVOKING Cleansing Flame.
 67272 | Pan      | 67272 ||| INVOKING Cleansing Flame.
 67286 | Pan      | 67286 ||| Stepping ~*~*~tactically~*~*~ (cloud).
 67298 | Pan      | 67298 ||| DRINKING 4 potions of magic.
 67299 | Pan      | 67299 ||| INVOKING Summon Divine Warrior.
 67300 | Pan      | 67300 ||| UPGRADING to ring of Enearoes {rElec rF+ rC++ rN+
                  | Int-2}.
 67302 | Pan      | 67302 ||| INVOKING Cleansing Flame.
 67303 | Pan      | 67303 ||| INVOKING Cleansing Flame.
 67304 | Pan      | 67304 ||| INVOKING Cleansing Flame.
 67305 | Pan      | 67305 ||| DRINKING 3 potions of magic.
 67306 | Pan      | 67306 ||| INVOKING Cleansing Flame.
 67306 | Pan      | Killed Lom Lobon
 67343 | Pan      | Got a magical rune of Zot
 67394 | Pan      | 67394 ||| Stepping ~*~*~tactically~*~*~ (stealth).
 67436 | Pan      | 67436 ||| Stepping randomly (cloudy).
 67540 | Pan      | 67540 ||| Stepping ~*~*~tactically~*~*~ (stealth).
 67540 | Pan      | Found an exit through the horrors of the Abyss.
 67551 | Pan      | 67551 ||| Stepping ~*~*~tactically~*~*~ (hiding).
 67655 | Pan      | 67655 ||| Stepping ~*~*~tactically~*~*~ (hiding).
 67776 | Pan      | 67776 ||| Stepping ~*~*~tactically~*~*~ (stealth).
 67920 | Pan      | 67920 ||| Stepping ~*~*~tactically~*~*~ (hiding).
 68090 | Pan      | 68090 ||| PLANNING SLIME:5
 68090 | Pan      | 68090 ||| DROPPING +2 pair of boots.
 68215 | Pan      | Gained mutation: You occasionally lose the ability to read
                  | scrolls when taking damage. [a cacodemon]
 68221 | Pan      | Gained mutation: You frequently scream uncontrollably at
                  | your foes. [a cacodemon]
 68226 | Pan      | 68226 ||| DRINKING 4 potions of mutation.
 68226 | Pan      | Lost mutation: You frequently scream uncontrollably at your
                  | foes. [potion of mutation]
 68226 | Pan      | Lost mutation: Your body sometimes deteriorates upon taking
                  | damage. [potion of mutation]
 68226 | Pan      | Lost mutation: Your magical capacity is very low. (-20% MP)
                  | [potion of mutation]
 68226 | Pan      | Gained mutation: You have hidden genetic defects. [potion
                  | of mutation]
 68226 | Pan      | Lost mutation: Your magical capacity is low. (-10% MP)
                  | [potion of mutation]
 68227 | Pan      | 68227 ||| DRINKING 3 potions of mutation.
 68227 | Pan      | Lost mutation: Your muscles are strong. (Str +4, Int/Dex
                  | -1) [potion of mutation]
 68227 | Pan      | Lost mutation: You occasionally lose the ability to read
                  | scrolls when taking damage. [potion of mutation]
 68227 | Pan      | Gained mutation: Your spells are a little easier to cast,
                  | but a little less powerful. [potion of mutation]
 68284 | Pan      | Identified the +1 cloak of the Spider Nest {rC+}
 68314 | Pan      | 68314 ||| Stepping ~*~*~tactically~*~*~ (stealth).
 68336 | Pan      | 68336 ||| DRINKING 4 potions of resistance.
 68337 | Pan      | 68337 ||| INVOKING Summon Divine Warrior.
 68381 | Pan      | Noticed Heusey the pandemonium lord
 68386 | Pan      | 68386 ||| INVOKING Cleansing Flame.
 68390 | Pan      | Killed Heusey the pandemonium lord
 68535 | Pan      | Reached skill level 6 in Short Blades
 68680 | Pan      | Found an exit through the horrors of the Abyss.
 68840 | Pan      | Gained mutation: Potions are less effective at restoring
                  | your health. [a cacodemon]
 68848 | Pan      | 68848 ||| DRINKING 2 potions of mutation.
 68848 | Pan      | Lost mutation: You occasionally shout uncontrollably at
                  | your foes. [potion of mutation]
 68848 | Pan      | Lost mutation: You have hidden genetic defects. [potion of
                  | mutation]
 68848 | Pan      | Lost mutation: Your spells are a little easier to cast, but
                  | a little less powerful. [potion of mutation]
 68848 | Pan      | Gained mutation: You occasionally lose the ability to drink
                  | potions when taking damage. [potion of mutation]
 68848 | Pan      | Gained mutation: You passively map a small area around you.
                  | [potion of mutation]
 68849 | Pan      | 68849 ||| DRINKING potion of mutation.
 68849 | Pan      | Lost mutation: Potions are less effective at restoring your
                  | health. [potion of mutation]
 68849 | Pan      | Lost mutation: You occasionally lose the ability to drink
                  | potions when taking damage. [potion of mutation]
 68849 | Pan      | Lost mutation: You passively map a small area around you.
                  | [potion of mutation]
 68849 | Pan      | Gained mutation: Armour fits poorly on your strangely
                  | shaped body. [potion of mutation]
 68849 | Pan      | Gained mutation: You expend magic power (3 MP) to
                  | strengthen your wands. [potion of mutation]
 69009 | Depths:1 | Escaped Pandemonium
 69295 | Slime:1  | Entered Level 1 of the Pits of Slime
 69301 | Slime:1  | 69301 ||| DRINKING 27 potions of curing.
 69301 | Slime:1  | 69301 ||| (to cure confusion)
 69309 | Slime:1  | 69309 ||| DRINKING 26 potions of curing.
 69309 | Slime:1  | 69309 ||| (to cure confusion)
 69321 | Slime:1  | Paralysed by a great orb of eyes for 5 turns
 69347 | Slime:1  | Reached skill level 27 in Armour
 69383 | Slime:2  | Gained mutation: You are dopey. (Int -2) [a shining eye]
 69385 | Slime:2  | 69385 ||| READING 23 scrolls of teleportation.
 69386 | Slime:2  | 69386 ||| Stepping randomly (stuck).
 69390 | Slime:2  | 69390 ||| READING 22 scrolls of teleportation.
 69391 | Slime:2  | 69391 ||| Stepping randomly (stuck).
 69425 | Slime:2  | 69425 ||| READING 21 scrolls of teleportation.
 69426 | Slime:2  | 69426 ||| Stepping randomly (stuck).
 69430 | Slime:2  | 69430 ||| READING 20 scrolls of teleportation.
 69431 | Slime:2  | 69431 ||| Stepping randomly (stuck).
 69432 | Slime:2  | 69432 ||| Stepping randomly (stuck).
 69568 | Slime:3  | Gained mutation: You are clumsy. (Dex -2) [a shining eye]
 69581 | Slime:3  | 69581 ||| READING 19 scrolls of teleportation.
 69582 | Slime:3  | 69582 ||| Stepping randomly (stuck).
 69598 | Slime:3  | Paralysed by a great orb of eyes for 4 turns
 69602 | Slime:3  | 69602 ||| INVOKING Summon Divine Warrior.
 69612 | Slime:3  | HP: 48/197 [acid (7)]
 69614 | Slime:3  | 69614 ||| READING 18 scrolls of teleportation.
 69615 | Slime:3  | 69615 ||| DRINKING 17 potions of heal wounds.
 69618 | Slime:3  | HP: 48/197 [acid (6)]
 69725 | Slime:3  | 69725 ||| READING 17 scrolls of teleportation.
 69742 | Slime:3  | 69742 ||| READING 16 scrolls of teleportation.
 69743 | Slime:3  | 69743 ||| Stepping randomly (stuck).
 69744 | Slime:3  | 69744 ||| Stepping randomly (stuck).
 69745 | Slime:3  | 69745 ||| Stepping randomly (stuck).
 69747 | Slime:3  | 69747 ||| READING 15 scrolls of teleportation.
 69748 | Slime:3  | 69748 ||| Stepping randomly (stuck).
 69749 | Slime:3  | 69749 ||| Stepping randomly (stuck).
 69750 | Slime:3  | 69750 ||| Stepping randomly (stuck).
 69751 | Slime:3  | 69751 ||| READING 14 scrolls of teleportation.
 69752 | Slime:3  | 69752 ||| Stepping randomly (stuck).
 69753 | Slime:3  | 69753 ||| Stepping randomly (stuck).
 69754 | Slime:3  | 69754 ||| Stepping randomly (stuck).
 69754 | Slime:3  | Gained mutation: Your body sometimes deteriorates upon
                  | taking damage. [a shining eye]
 69801 | Slime:3  | Gained mutation: You are frail. (-10% HP) [a shining eye]
 69805 | Slime:3  | 69805 ||| READING 13 scrolls of teleportation.
 69806 | Slime:3  | 69806 ||| Stepping randomly (stuck).
 69807 | Slime:3  | 69807 ||| Stepping randomly (stuck).
 69823 | Slime:4  | 69823 ||| STAIRDANCE
 69963 | Slime:5  | Entered Level 5 of the Pits of Slime
 69996 | Slime:5  | Noticed the Royal Jelly
 69997 | Slime:5  | 69997 ||| INVOKING Summon Divine Warrior.
 69999 | Slime:5  | Gained mutation: You are very frail. (-20% HP) [a shining
                  | eye]
 70001 | Slime:5  | Gained mutation: Your magical capacity is low. (-10% MP) [a
                  | shining eye]
 70008 | Slime:5  | 70008 ||| INVOKING Summon Divine Warrior.
 70008 | Slime:5  | Gained mutation: You occasionally lose the ability to drink
                  | potions when taking damage. [a shining eye]
 70016 | Slime:5  | Killed the Royal Jelly
 70025 | Slime:5  | 70025 ||| DRINKING 4 potions of cancellation.
 70027 | Slime:5  | 70027 ||| INVOKING Summon Divine Warrior.
 70029 | Slime:5  | Gained mutation: You occasionally shout uncontrollably at
                  | your foes. [a shining eye]
 70030 | Slime:5  | Gained mutation: You do not regenerate when monsters are
                  | visible. [a shining eye]
 70034 | Slime:5  | Gained mutation: Your magical capacity is very low. (-20%
                  | MP) [a shining eye]
 70035 | Slime:5  | Gained mutation: You frequently scream uncontrollably at
                  | your foes. [a shining eye]
 70037 | Slime:5  | Reached skill level 27 in Fighting
 70042 | Slime:5  | Gained mutation: Your spells are a little easier to cast,
                  | but a little less powerful. [a shining eye]
 70168 | Slime:5  | Got a slimy rune of Zot
 70179 | Slime:5  | Identified the ring "Quhoosun" {+Blink rF+ Int+3}
 70201 | Slime:5  | Identified the +5 double sword "Rasaolog" {vorpal, rElec
                  | rCorr SInv Stlth-}
 70285 | Slime:5  | 70285 ||| DRINKING 27 potions of curing.
 70285 | Slime:5  | 70285 ||| (to cure confusion)
 70286 | Slime:5  | 70286 ||| DRINKING 26 potions of curing.
 70286 | Slime:5  | 70286 ||| (to cure confusion)
 70728 | Slime:5  | 70728 ||| PLANNING RUNE:GEH RUNE
 70728 | Slime:5  | 70728 ||| DROPPING +5 hand axe of the Usurping Big Fish
                  | {venom, rCorr Str+4 Int+3 Dex+2}.
 70729 | Slime:5  | 70729 ||| DROPPING ring "Quhoosun" {+Blink rF+ Int+3}.
 70730 | Slime:5  | 70730 ||| DROPPING ring of resist corrosion.
 71098 | Hell     | Entered the Vestibule of Hell
 71098 | Hell     | Noticed Geryon
 71147 | Hell     | Killed Geryon
 71208 | Hell     | 71208 ||| INVOKING Cleansing Flame.
 71213 | Hell     | 71213 ||| INVOKING Cleansing Flame.
 71226 | Hell     | Found a gateway to the decaying netherworld of Tartarus.
 71228 | Hell     | 71228 ||| Stepping ~*~*~tactically~*~*~ (hiding).
 71229 | Hell     | 71229 ||| Stepping ~*~*~tactically~*~*~ (hiding).
 71230 | Abyss:3  | Cast into level 3 of the Abyss (reaper)
 71247 | Abyss:3  | Found a corrupted altar of Lugonu.
 71248 | Abyss:3  | 71248 ||| Stepping ~*~*~tactically~*~*~ (hiding).
 71251 | Abyss:3  | 71251 ||| Stepping ~*~*~tactically~*~*~ (hiding).
 71253 | Abyss:3  | 71253 ||| Stepping ~*~*~tactically~*~*~ (hiding).
 71272 | Abyss:3  | 71272 ||| Stepping ~*~*~tactically~*~*~ (hiding).
 71277 | Abyss:3  | Found a corrupted altar of Lugonu.
 71365 | Abyss:3  | Found a corrupted altar of Lugonu.
 71404 | Abyss:3  | 71404 ||| Stepping ~*~*~tactically~*~*~ (stealth).
 71567 | Abyss:3  | Found a corrupted altar of Lugonu.
 71575 | Abyss:3  | Identified the +6 mace of Byb Onur {pain, Str+2}
 71643 | Abyss:3  | 71643 ||| Stepping ~*~*~tactically~*~*~ (stealth).
 71691 | Abyss:3  | Gained mutation: You are very clumsy. (Dex -4) [a neqoxec]
 71716 | Abyss:3  | 71716 ||| Stepping ~*~*~tactically~*~*~ (stealth).
 71718 | Abyss:3  | 71718 ||| Stepping ~*~*~tactically~*~*~ (hiding).
 71724 | Abyss:3  | 71724 ||| Stepping ~*~*~tactically~*~*~ (hiding).
 71725 | Abyss:3  | 71725 ||| Stepping ~*~*~tactically~*~*~ (hiding).
 71731 | Abyss:3  | Reached skill level 24 in Shields
 71818 | Abyss:3  | 71818 ||| Stepping ~*~*~tactically~*~*~ (hiding).
 71842 | Abyss:3  | 71842 ||| Stepping ~*~*~tactically~*~*~ (hiding).
 71843 | Abyss:3  | 71843 ||| Stepping ~*~*~tactically~*~*~ (hiding).
 71856 | Abyss:3  | 71856 ||| Stepping ~*~*~tactically~*~*~ (stealth).
 71912 | Abyss:3  | 71912 ||| Stepping ~*~*~tactically~*~*~ (stealth).
 71966 | Abyss:3  | 71966 ||| Stepping ~*~*~tactically~*~*~ (stealth).
 71967 | Abyss:3  | 71967 ||| Stepping ~*~*~tactically~*~*~ (stealth).
 71968 | Abyss:3  | 71968 ||| Stepping ~*~*~tactically~*~*~ (hiding).
 71969 | Abyss:3  | 71969 ||| Stepping ~*~*~tactically~*~*~ (hiding).
 71970 | Abyss:3  | 71970 ||| INVOKING Summon Divine Warrior.
 71971 | Abyss:3  | 71971 ||| INVOKING Cleansing Flame.
 71972 | Abyss:3  | 71972 ||| INVOKING Cleansing Flame.
 71975 | Hell     | Escaped the Abyss
 71981 | Hell     | 71981 ||| Stepping ~*~*~tactically~*~*~ (cloud).
 71988 | Hell     | 71988 ||| Stepping ~*~*~tactically~*~*~ (hiding).
 71993 | Hell     | 71993 ||| Stepping ~*~*~tactically~*~*~ (hiding).
 72051 | Hell     | Found a gateway to the freezing wastes of Cocytus.
 72107 | Hell     | Found a gateway to the Iron City of Dis.
 72110 | Hell     | 72110 ||| INVOKING Cleansing Flame.
 72115 | Hell     | 72115 ||| INVOKING Cleansing Flame.
 72127 | Hell     | 72127 ||| INVOKING Cleansing Flame.
 72371 | Hell     | 72371 ||| Stepping ~*~*~tactically~*~*~ (hiding).
 72482 | Hell     | Found a gateway to the ashen valley of Gehenna.
 72484 | Hell     | 72484 ||| INVOKING Cleansing Flame.
 72507 | Geh:1    | Entered Level 1 of Gehenna
 72508 | Geh:1    | 72508 ||| INVOKING Cleansing Flame.
 72580 | Geh:1    | You are sucked into a shaft and drop 1 floor!
 72755 | Geh:3    | 72755 ||| INVOKING Cleansing Flame.
 72918 | Geh:4    | 72918 ||| Stepping randomly (cloudy).
 72919 | Geh:4    | 72919 ||| Stepping randomly (cloudy).
 72928 | Geh:4    | 72928 ||| INVOKING Cleansing Flame.
 73012 | Geh:4    | 73012 ||| Stepping ~*~*~tactically~*~*~ (hiding).
 73013 | Geh:4    | 73013 ||| Stepping ~*~*~tactically~*~*~ (hiding).
 73082 | Geh:5    | 73082 ||| INVOKING Summon Divine Warrior.
 73087 | Geh:5    | 73087 ||| INVOKING Cleansing Flame.
 73088 | Geh:5    | 73088 ||| INVOKING Cleansing Flame.
 73092 | Geh:5    | 73092 ||| INVOKING Cleansing Flame.
 73096 | Geh:5    | 73096 ||| INVOKING Cleansing Flame.
 73108 | Geh:5    | 73108 ||| INVOKING Cleansing Flame.
 73192 | Geh:6    | Noticed an ancient lich
 73192 | Geh:6    | Noticed a dread lich
 73192 | Geh:6    | Noticed a dread lich
 73192 | Geh:6    | Noticed a dread lich
 73193 | Geh:6    | 73193 ||| INVOKING Summon Divine Warrior.
 73194 | Geh:6    | 73194 ||| INVOKING Cleansing Flame.
 73195 | Geh:6    | 73195 ||| INVOKING Cleansing Flame.
 73195 | Geh:6    | Killed an ancient lich
 73196 | Geh:6    | 73196 ||| INVOKING Cleansing Flame.
 73196 | Geh:6    | Killed a dread lich
 73197 | Geh:6    | 73197 ||| INVOKING Summon Divine Warrior.
 73198 | Geh:6    | Killed a dread lich
 73201 | Geh:6    | 73201 ||| INVOKING Cleansing Flame.
 73202 | Geh:6    | Killed a dread lich
 73203 | Geh:6    | 73203 ||| INVOKING Cleansing Flame.
 73333 | Geh:6    | 73333 ||| INVOKING Cleansing Flame.
 73338 | Geh:6    | 73338 ||| INVOKING Cleansing Flame.
 73347 | Geh:7    | Entered Level 7 of Gehenna
 73444 | Geh:7    | Reached skill level 21 in Axes
 73484 | Geh:7    | 73484 ||| INVOKING Summon Divine Warrior.
 73487 | Geh:7    | 73487 ||| INVOKING Cleansing Flame.
 73574 | Geh:7    | 73574 ||| Stepping ~*~*~tactically~*~*~ (hiding).
 73658 | Geh:7    | 73658 ||| Stepping ~*~*~tactically~*~*~ (stealth).
 73692 | Geh:7    | 73692 ||| Stepping ~*~*~tactically~*~*~ (cloud).
 73710 | Geh:7    | 73710 ||| Stepping ~*~*~tactically~*~*~ (cloud).
 73926 | Geh:7    | 73926 ||| INVOKING Summon Divine Warrior.
 73928 | Geh:7    | 73928 ||| INVOKING Cleansing Flame.
 73979 | Geh:7    | Identified the +9 trident of Vugoxui {vorpal, Will+ Str+2
                  | Dex-3}
 73980 | Geh:7    | Identified the +6 shortbow "Wuskiuke" {vorpal, rElec rN+++
                  | rCorr Int-5}
 74130 | Geh:7    | 74130 ||| INVOKING Summon Divine Warrior.
 74326 | Geh:7    | 74326 ||| INVOKING Summon Divine Warrior.
 74327 | Geh:7    | 74327 ||| INVOKING Cleansing Flame.
 74328 | Geh:7    | 74328 ||| INVOKING Cleansing Flame.
 74806 | Geh:7    | 74806 ||| Stepping ~*~*~tactically~*~*~ (hiding).
 74807 | Geh:7    | 74807 ||| Stepping ~*~*~tactically~*~*~ (hiding).
 74818 | Geh:7    | 74818 ||| Stepping ~*~*~tactically~*~*~ (hiding).
 74819 | Geh:7    | 74819 ||| Stepping ~*~*~tactically~*~*~ (hiding).
 74820 | Geh:7    | 74820 ||| Stepping ~*~*~tactically~*~*~ (hiding).
 74823 | Geh:7    | 74823 ||| INVOKING Cleansing Flame.
 74834 | Geh:7    | 74834 ||| INVOKING Summon Divine Warrior.
 74902 | Geh:7    | 74902 ||| INVOKING Cleansing Flame.
 74909 | Geh:7    | 74909 ||| INVOKING Cleansing Flame.
 74962 | Geh:7    | Found the +7 sceptre of Asmodeus
 74962 | Geh:7    | Noticed Asmodeus
 74963 | Geh:7    | 74963 ||| DRINKING 4 potions of haste.
 74964 | Geh:7    | 74964 ||| DRINKING 15 potions of might.
 74967 | Geh:7    | 74967 ||| INVOKING Cleansing Flame.
 74968 | Geh:7    | 74968 ||| INVOKING Summon Divine Warrior.
 74979 | Geh:7    | 74979 ||| INVOKING Summon Divine Warrior.
 74981 | Geh:7    | HP: 29/159 [Brimstone Fiend/damnation (22)]
 74987 | Geh:7    | HP: 28/159 [Asmodeus] (1)]
 74991 | Geh:7    | Killed from afar by Asmodeus

Levels and vault maps discovered:
D:1:      minmay_arrival_hallway, layout_rooms, nicolae_ecumenical_lake_church
D:2:      layout_rooms, minmay_misc_feat_plants, uniq_crazy_yiuf_cottage
D:3:      layout_basic, dancing_weapons_uskayaw, kiku_gazebo_pond_becter,
          lemuel_tele_altar, uniq_terence, uniq_grinder, uniq_ijyb
D:4:      layout_basic, minmay_temple_entry_offerings, serial_shops, shop, shop,
          uniq_sigmund
D:5:      layout_basic, overflow_temple_1_default, solitary_fountain,
          minmay_misc_feat_encased, serial_park_tiny_2, uniq_prince_ribbit1
D:6:      layout_basic, cheibrodos_sewer_entry_drain, lexackson_kobold_supper,
          uniq_edmund, uniq_pikel, uniq_menkaure
D:7:      layout_loops_corners, serial_shops, shop, uniq_duvessa, uniq_joseph
D:8:      layout_basic, enter_ossuary_5, hangedman_abyss_or_decor_passed
D:9:      layout_gridville, mainiacjoe_overflow_brackets, nicolae_island_escapes
D:10:     layout_gridville, beargit_hepliaklqana_dungeon_heroes, minitemple,
          due_lair_maze_entry_diamond, gammafunk_ghost_grave
D:11:     layout_basic, zombieorc1_lemuel
D:12:     layout_roguey, serial_shops, shop, kennysheep_generic_room_15
D:13:     layout_loops_corners, nicolae_trove_entry_crossroad, minivault_15,
          chequers_mini_garden, uniq_azrael, uniq_rupert
D:14:     layout_irregular_city, grunt_vaults_entry_tiered, kennysheep_donut,
          maelrawn_ghost_gauntlet_escape, kennysheep_nondescript, minmay_holes,
          minmay_fractal_squares_diagonal_5
D:15:     grunt_enter_depths_hoard, layout_irregular_city,
          roderic_serpentine_path, portal_ice_cave_entry_pillars_1, uniq_roxanne
Temple:   nicolae_temple_ecumenical_triangle
Lair:1:   layout_roguey, minivault_19
Lair:2:   kb_forest_paths, layout_regular_city, gammafunk_ghost_grave,
          dreamdust_mushroom_princess
Lair:3:   layout_loops_ring, skrybe_swamp_entry_bodies,
          guppyfry_snake_entry_garden
Lair:4:   layout_regular_city, chequers_serial_rivers_large_b,
          chequers_serial_rivers_large_a, st_stairs_4, beast_lair_carwin_6,
          grunt_megastairs_2
Lair:5:   minmay_lair_end_frog_pond, layout_loops_ring, slime_entry_1,
          hellmonk_guarded_unrand_zhor
Swamp:1:  layout_basic_swamp, evilmike_swamp_ruin_house_3
Swamp:2:  layout_basic_swamp, evilmike_swamp_ruin_house_4
Swamp:3:  layout_basic_swamp, evilmike_swamp_ruin_house_5
Swamp:4:  byrel_swamp_growth_death_and_undeath, layout_basic_swamp,
          nzn_swamp_weyward_sisters
Snake:1:  layout_grid_maze, serial_shops,
          nicolae_shop_temple_entry_statues_fountains,
          nicolae_snake_yet_another_twisty_hallway, nicolae_wooded_promenade,
          minmay_snake_pond
Snake:2:  layout_concentric_octagons, nicolae_shop_self_help, minmay_shop_star
Snake:3:  layout_gridlike, serial_shops, nicolae_shop_hallway_stairs,
          st_stairs_14, nicolae_elevator_lobby_plus, uniq_mara
Snake:4:  snake_pit_salamanders_mu, layout_onion, basic_altar, serial_shops,
          nicolae_shop_trees
Slime:1:  layout_caves
Slime:2:  layout_caves
Slime:3:  layout_caves, nicolae_slime_round_cave
Slime:4:  layout_caves, basic_altar
Slime:5
Orc:1:    minmay_goldmine, layout_caves
Orc:2:    hellmonk_orc_salted, layout_caves, serial_shops, nicolae_shop_stone,
          nicolae_shop_stone, uniq_nessos, uniq_erolcha
Vaults:1: nicolae_vaults_little_squares_6, nicolae_vaults_network_periphery,
          v_rooms_1, vaults_dpeg_hooks, nicolae_vaults_stairing_the_circle,
          vaults_room_fours, v_alt_pattern_2, ontoclasm_vaults_fault,
          nicolae_vaults_theta, vaults_dpeg_encased_lava, vaults_room_corners,
          vaults_mumra_bighexcomb, layout_vaults_omnibox, uniq_saint_roka
Vaults:2: blue_anna_dwarven_crypt, vaults_room_guarded_vault,
          nicolae_vaults_little_squares_2, nicolae_vaults_twisting_passages,
          hangedman_vaults_restitches, vaults_dpeg_diagonal, vaults_dpeg_ring,
          nicolae_vaults_shelves_hall, v_alt_pattern_1, grunt_vaults_twisty,
          v_alt_pattern_4, hangedman_vaults_restitches, v_misc_12,
          layout_vaults_maze_snakey
Vaults:3: v_misc_30, v_pattern_3, vaults_room_grid,
          nicolae_vaults_ninety_degrees, nicolae_vaults_little_squares_4,
          v_misc_1, hangedman_vaults_unwind, v_misc_14, hangedman_vaults_slice,
          layout_vaults_ring, serial_shops, nicolae_shop_behind_doors
Vaults:4: nicolae_vaults_network_star, vaults_room_fours,
          dpeg_vaults_pockets_of_resistance, nicolae_vaults_shelves_hall,
          hangedman_vaults_capsules, ontoclasm_vaults_shuriken,
          nicolae_vaults_circle_grid_b, ontoclasm_vaults_eye, v_pattern_5,
          vaults_room_door_ring, grunt_vaults_swirl,
          ontoclasm_vaults_ring_small, vaults_room_hallway,
          layout_vaults_omnicross
Vaults:5: uniq_jory
Crypt:1:  layout_basic, minmay_guarded_unrand_skullcrusher,
          lemuel_upstairs_altar, grunt_crypt_arrival_webbed, uniq_bai_suzhen
Crypt:2:  layout_regular_city, library_closet, grunt_megastairs_4
Crypt:3:  david_glass_crypt, layout_chaotic_city, tomb_entry_sphere_bobbens,
          basic_altar, serial_sigils_hangedman_leer, uniq_zenata
Tomb:1
Tomb:2
Tomb:3
Depths:1: layout_gridlike, nicolae_benzene_ring, hellmouth_3,
          grunt_pan_entry_zigzag, serial_shops, shop, minmay_shop_mass,
          drop_trap, nrook_campfire, lemuel_old_faithful
Depths:2: kennysheep_windowed_halls, layout_cave_shapes, nrook_mini_vaults,
          abyss_entry_flame_altar, rand_demon_pan_entry_8, hell_entry,
          minmay_shoptagon, minmay_staircase_windowed_large, uniq_sojobo
Depths:3: grunt_crosshair, layout_basic, enter_ziggurat_e,
          abyss_entry_glasseish, pf_hell_entry_tar_river,
          nicolae_specific_store, uniq_frederick, uniq_parghit
Depths:4: grunt_bruiser_brothers, layout_cave_pools, minmay_misc_feat_cross,
          hell_entry, abyss_entry, minmay_misc_feat_iff,
          nicolae_qazlal_style_of_elements
Hell
Geh:1:    layout_gehenna_pools_basic
Geh:2:    layout_gehenna_pools_box
Geh:3:    layout_gehenna_pools_basic
Geh:4:    nicolae_geh_gridlava [nicolae_sub_geh_gridintersect,
          nicolae_sub_geh_gridintersect, nicolae_sub_geh_gridintersect,
          nicolae_sub_geh_gridintersect], layout_gehenna_pools_triple
Geh:5:    layout_gehenna_lava_caves
Geh:6:    layout_gehenna_pools_triple, nicolae_geh_liches_on_tour
Geh:7:    geh_grunt
Zot:1:    layout_gridlike
Zot:2:    layout_gridville, uniq_josephina, uniq_tiamat
Zot:3:    layout_onion_interference, st_stairs_14, lemuel_elevator
Zot:4:    layout_onion_interference

Skill      XL: |  1  2  3  4  5  6  7  8  9 10 11 12 13 14 15 16 17 18 19 20 21 22 23 24 25 26 27 |
---------------+----------------------------------------------------------------------------------+-----
Axes           | 2 3 5 6 7 8 10 11 12 14 15 16 18 21 | 21.8
Fighting       | 4 5 6 8 10 11 13 14 16 17 18 20 22 24 26 27 | 27.0
Dodging        | 1 2 3 4 5 6 10 | 10.0
Shields        | 5 7 8 9 10 11 12 13 15 17 19 20 21 22 25 | 25.0
Throwing       | 1 2 3 8 9 10 12 13 15 | 15.2
Invocations    | 1 4 9 10 15 27 | 27.0
Armour         | 4 6 7 8 9 15 17 18 20 21 22 23 27 | 27.0
Short Blades   | 8 |  8.0

Action                   |  1- 3 |  4- 6 |  7- 9 | 10-12 | 13-15 | 16-18 | 19-21 | 22-24 | 25-27 || total
-------------------------+-------+-------+-------+-------+-------+-------+-------+-------+-------++-------
Melee: War axe           |    63 |   106 |   325 |   775 |   841 |  1215 |       |       |       ||  3325
       Morningstar       |       |       |       |    12 |    19 |     4 |       |       |       ||    35
       Broad axe         |       |       |       |       |       |   283 |  1456 |  1661 |  4285 ||  7685
       Hand axe          |       |       |       |       |       |       |       |       |    86 ||    86
Throw: Boomerang         |       |       |    18 |    34 |    66 |    94 |    60 |    25 |    87 ||   384
       Javelin           |       |       |       |       |       |     2 |    24 |    37 |   284 ||   347
Invok: Heroism           |       |       |    18 |    30 |    30 |    51 |    33 |    44 |    19 ||   225
       Finesse           |       |       |       |     2 |     6 |     6 |    10 |    19 |     2 ||    45
       Cleansing Flame   |       |       |       |       |       |       |       |       |   135 ||   135
       Summon Divine War |       |       |       |       |       |       |       |       |    58 ||    58
       Brand Weapon With |       |       |       |       |       |       |       |       |     1 ||     1
  Use: Scroll            |     8 |       |    10 |    11 |     2 |     8 |     3 |     4 |    18 ||    64
       Potion            |       |     1 |     1 |     1 |     1 |       |     3 |     4 |    43 ||    54
 Stab: Petrifying        |       |       |       |       |       |       |     3 |       |       ||     3
       Petrified         |       |       |       |       |       |       |     1 |       |       ||     1
       Confused          |       |       |       |       |       |       |     3 |       |       ||     3
Armor: Scale mail        |    30 |    27 |       |       |       |       |       |       |       ||    57
       Chain mail        |       |    18 |   149 |   261 |    94 |       |       |       |       ||   522
       Ring mail         |       |       |       |       |    96 |       |       |       |       ||    96
       Crystal plate arm |       |       |       |       |     9 |   630 |   713 |   771 |  2741 ||  4864
Dodge: Dodged            |    33 |    25 |    85 |   231 |   191 |   297 |   323 |   363 |   982 ||  2530
Block: Buckler           |    19 |    14 |     7 |       |       |       |       |       |       ||    40
       Kite shield       |       |       |   221 |   563 |   497 |   516 |       |       |       ||  1797
       Reflection        |       |       |       |     9 |    29 |   111 |    34 |    39 |    84 ||   306
       Tower shield      |       |       |       |       |       |   755 |  1312 |  1514 |  5003 ||  8584

Table legend:
 A = Non-vault XP
 B = Vault XP
 C = Vault XP percentage of total XP
 D = Non-vault monster count
 E = Vault monster count
 F = Vault count percentage of total count
                 A         B        C        D         E       F
            +---------+---------+-------+---------+---------+-------
      Total | 1172471 | 1036319 |  46.9 |    1960 |    1241 |  38.8
            +---------+---------+-------+---------+---------+-------
        D:1 |      47 |       0 |   0.0 |      21 |       0 |   0.0
        D:2 |      61 |       0 |   0.0 |      11 |       0 |   0.0
        D:3 |       8 |     341 |  97.7 |       4 |       3 |  42.9
        D:4 |     165 |     223 |  57.5 |      18 |       1 |   5.3
        D:5 |    1158 |     284 |  19.7 |      30 |       2 |   6.2
        D:6 |    1416 |    1015 |  41.8 |      26 |      12 |  31.6
        D:7 |     404 |     689 |  63.0 |      13 |       3 |  18.8
        D:8 |    2069 |       0 |   0.0 |      37 |       0 |   0.0
        D:9 |    3215 |       0 |   0.0 |      26 |       0 |   0.0
       D:10 |    3617 |    1623 |  31.0 |      22 |      12 |  35.3
       D:11 |    4743 |     848 |  15.2 |      19 |      29 |  60.4
       D:12 |    3774 |       0 |   0.0 |      22 |       0 |   0.0
       D:13 |    2245 |    3878 |  63.3 |       7 |       7 |  50.0
       D:14 |    3656 |    9115 |  71.4 |       9 |      28 |  75.7
       D:15 |    9934 |    3167 |  24.2 |      18 |       3 |  14.3
     Lair:1 |    5675 |       0 |   0.0 |      22 |       0 |   0.0
     Lair:2 |    3841 |    4548 |  54.2 |      14 |      16 |  53.3
     Lair:3 |    4857 |    1892 |  28.0 |      22 |       5 |  18.5
     Lair:4 |    1417 |    4446 |  75.8 |       6 |      13 |  68.4
     Lair:5 |    2862 |   12658 |  81.6 |       9 |      43 |  82.7
    Swamp:1 |   11223 |       0 |   0.0 |      18 |       0 |   0.0
    Swamp:2 |   10750 |       0 |   0.0 |      18 |       0 |   0.0
    Swamp:3 |   10240 |       0 |   0.0 |      22 |       0 |   0.0
    Swamp:4 |   11218 |   27988 |  71.4 |      16 |      49 |  75.4
    Snake:1 |   14090 |    2104 |  13.0 |      31 |       3 |   8.8
    Snake:2 |   18927 |       0 |   0.0 |      38 |       0 |   0.0
    Snake:3 |   27737 |    5233 |  15.9 |      56 |       3 |   5.1
    Snake:4 |   22326 |   34461 |  60.7 |      48 |      51 |  51.5
    Slime:1 |   13497 |       0 |   0.0 |      32 |       0 |   0.0
    Slime:2 |   12356 |       0 |   0.0 |      26 |       0 |   0.0
    Slime:3 |   10870 |    7965 |  42.3 |      24 |      13 |  35.1
    Slime:4 |    6053 |       0 |   0.0 |       7 |       0 |   0.0
    Slime:5 |   20256 |   26958 |  57.1 |      31 |      17 |  35.4
      Orc:1 |    6959 |       0 |   0.0 |      17 |       0 |   0.0
      Orc:2 |    3934 |   16722 |  81.0 |      31 |      43 |  58.1
   Vaults:1 |   31259 |   29525 |  48.6 |      49 |      41 |  45.6
   Vaults:2 |   21897 |   24851 |  53.2 |      34 |      34 |  50.0
   Vaults:3 |   22480 |   16201 |  41.9 |      29 |      20 |  40.8
   Vaults:4 |   43510 |   76630 |  63.8 |      56 |      87 |  60.8
   Vaults:5 |   22221 |   67614 |  75.3 |      26 |      58 |  69.0
    Crypt:1 |   10560 |    8770 |  45.4 |      30 |      19 |  38.8
    Crypt:2 |   31760 |    6831 |  17.7 |      44 |       9 |  17.0
    Crypt:3 |   21613 |   32743 |  60.2 |      33 |      25 |  43.1
     Tomb:1 |   14591 |   72518 |  83.2 |      46 |      47 |  50.5
     Tomb:2 |   13023 |   35382 |  73.1 |      25 |      45 |  64.3
     Tomb:3 |    8658 |   94125 |  91.6 |      30 |     104 |  77.6
   Depths:1 |   41975 |   10699 |  20.3 |      56 |      15 |  21.1
   Depths:2 |   13576 |   17269 |  56.0 |      13 |      17 |  56.7
   Depths:3 |   52391 |   67730 |  56.4 |      58 |      56 |  49.1
   Depths:4 |   39304 |   15609 |  28.4 |      39 |      15 |  27.8
       Hell |    8311 |   28265 |  77.3 |      12 |      47 |  79.7
      Geh:1 |   22259 |       0 |   0.0 |      25 |       0 |   0.0
      Geh:2 |    8802 |       0 |   0.0 |       7 |       0 |   0.0
      Geh:3 |   13422 |       0 |   0.0 |      13 |       0 |   0.0
      Geh:4 |   21024 |       0 |   0.0 |      20 |       0 |   0.0
      Geh:5 |   15443 |       0 |   0.0 |      12 |       0 |   0.0
      Geh:6 |    5184 |   26307 |  83.5 |       6 |      11 |  64.7
      Geh:7 |   20200 |   42381 |  67.7 |      17 |      41 |  70.7
      Zot:1 |   29443 |       0 |   0.0 |      25 |       0 |   0.0
      Zot:2 |   32411 |   21546 |  39.9 |      28 |      18 |  39.1
      Zot:3 |   46435 |    4235 |   8.4 |      37 |       3 |   7.5
      Zot:4 |   39342 |       0 |   0.0 |      32 |       0 |   0.0
    Abyss:3 |   22818 |    9962 |  30.4 |      54 |      18 |  25.0
        Pan |  242959 |  160826 |  39.8 |     333 |     152 |  31.3
      Sewer |       0 |     142 | 100.0 |       0 |       3 | 100.0
            +---------+---------+-------+---------+---------+-------
